Workbook

Sheet Смета 12 гр. по ФЕР
I1: Приложение №2 к Техническому заданию
B7: Комплекс некапитальных строений лабороторно-складского назначения, расположенный по адресу: г. Москва, ул. Ферганская, вл. 25
B8: (наименование стройки)
B11: ЛОКАЛЬНАЯ СМЕТА № 9
B13: Устройство и пусконаладка системы кондиционирования
B14: (наименование работ и затрат, наименование объекта)
A17: Составлена в ФЕР в ценах Января 2000г. с индексацией во 2кв. 2013г. | AE17: =CONCATENATE("Основание: ", Source!J20) -> Основание:
A18: № п/п | B18: Шифр расценки и коды ресурсов | C18: Наименование работ и затрат | D18: Единица изме-рения | E18: Кол-во единиц | F18: Цена на ед. изм. руб. | G18: попра-вочные коэффиц. | H18: Стоимость в ценах 2000г. | I18: Пункт коэффиц. пересчета | J18: Коэфф. пересчета | K18: Стоимость в текущих ценах | L18: ЗТР всего чел.-час
A19: 1 | B19: 2 | C19: 3 | D19: 4 | E19: 5 | F19: 6 | G19: 7 | H19: 8 | I19: 9 | J19: 10 | K19: 11 | L19: 12
A21: =CONCATENATE("Раздел: ", Source!G24) -> Раздел: Устройство фунтамента под монтаж чиллерных установок | AE21: =CONCATENATE("Раздел: ", Source!G24) -> Раздел: Устройство фунтамента под монтаж чиллерных установок
A22: =Source!E28 -> 1 | B22: =Source!F28 -> 05-01-011-2 | C22: =Source!G28 -> Погружение дизель-молотом копровой установки на базе трактора стальных свай шпунтового ряда массой 1 м до 50 кг, длиной до 8 м в грунты группы 2 | D22: =Source!H28 -> 1 т свай | E22: =Source!I28 -> 2.2 | F22: =IF(Source!AK28<> 0, Source!AK28,Source!AL28 + Source!AM28 + Source!AO28) -> 8289.76 | I22: =Source!BO28 | S22: =ROUND((Source!FX28/100)*((ROUND(Source!CT28*Source!I28/IF(Source!BA28<> 0, Source!BA28, 1), 2)+ROUND(Source!CS28*Source!I28/IF(Source!BS28<> 0, Source!BS28, 1), 2))), 2) -> 707.54 | T22: =Source!X28 -> 604.13 | U22: =ROUND((Source!FY28/100)*((ROUND(Source!CT28*Source!I28/IF(Source!BA28<> 0, Source!BA28, 1), 2)+ROUND(Source!CS28*Source!I28/IF(Source!BS28<> 0, Source!BS28, 1), 2))), 2) -> 435.41 | V22: =Source!Y28 -> 348.33
C23: Зарплата | F23: =Source!AO28 -> 168.73 | G23: =Source!DG28 | H23: =ROUND(Source!CT28*Source!I28/IF(Source!BA28<> 0, Source!BA28, 1), 2) -> 371.21 | J23: =IF(Source!BA28<> 0, Source!BA28, 1) -> 1 | K23: =Source!S28 -> 371.21 | R23: =H23 -> 371.21
C24: Эксплуатация машин | F24: =Source!AM28 -> 1227.55 | G24: =Source!DE28 | H24: =ROUND(Source!CR28*Source!I28/IF(Source!BB28<> 0, Source!BB28, 1), 2) -> 2700.61 | J24: =IF(Source!BB28<> 0, Source!BB28, 1) -> 1 | K24: =Source!Q28 -> 2700.61
C25: в т.ч. зарплата машинистов | F25: =Source!AN28 -> 78.66 | G25: =Source!DF28 | H25: =ROUND(Source!CS28*Source!I28/IF(Source!BS28<> 0, Source!BS28, 1), 2) -> 173.05 | J25: =IF(Source!BS28<> 0, Source!BS28, 1) -> 1 | K25: =Source!R28 -> 173.05 | R25: =H25 -> 173.05
C26: Материальные ресурсы | F26: =Source!AL28 -> 6893.48 | G26: =Source!DD28 | H26: =ROUND(Source!CQ28*Source!I28/IF(Source!BC28<> 0, Source!BC28, 1), 2) -> 15165.66 | J26: =IF(Source!BC28<> 0, Source!BC28, 1) -> 1 | K26: =Source!P28 -> 15165.66
C27: НР от ФОТ | D27: % | E27: =Source!BZ28 -> 130 | H27: =SUM(S22:S32) -> 707.54 | I27: =CONCATENATE(Source!FX28, Source!FV28, "=") -> 130*0,85= | J27: =Source!AT28 -> 111 | K27: =SUM(T22:T32) -> 604.13
C28: СП от ФОТ | D28: % | E28: =Source!CA28 -> 80 | H28: =SUM(U22:U32) -> 435.41 | I28: =CONCATENATE(Source!FY28, Source!FW28, "=") -> 80*0,8= | J28: =Source!AU28 -> 64 | K28: =SUM(V22:V32) -> 348.33
C29: Затраты труда | D29: чел-ч | E29: =Source!AQ28 -> 17.95 | G29: =Source!DI28 | L29: =Source!U28 -> 39.49
A30: =Source!E29 -> 1,1 | B30: =Source!F29 -> Цена поставщика | C30: =Source!G29 -> Свая винтовая СВС-219 (Цена без НДС 8092,33/6,32) | D30: =Source!H29 -> шт. | E30: =Source!I29 -> 12 | F30: =Source!AK29 -> 1280.43 | H30: =ROUND(Source!CQ29*Source!I29/IF(Source!BC29<> 0, Source!BC29, 1), 2)+ROUND(Source!CR29*Source!I29/IF(Source!BB29<> 0, Source!BB29, 1), 2)+ROUND(Source!CT29*Source!I29/IF(Source!BA29<> 0, Source!BA29, 1), 2) -> 15365.16 | J30: =IF(Source!BC29<> 0, Source!BC29, 1) -> 1 | K30: =Source!O29 -> 15365.16 | S30: =ROUND((Source!FX29/100)*((ROUND(Source!CT29*Source!I29/IF(Source!BA29<> 0, Source!BA29, 1), 2)+ROUND(Source!CS29*Source!I29/IF(Source!BS29<> 0, Source!BS29, 1), 2))), 2) -> 0 | T30: =Source!X29 -> 0 | U30: =ROUND((Source!FY29/100)*((ROUND(Source!CT29*Source!I29/IF(Source!BA29<> 0, Source!BA29, 1), 2)+ROUND(Source!CS29*Source!I29/IF(Source!BS29<> 0, Source!BS29, 1), 2))), 2) -> 0 | V30: =Source!Y29 -> 0 | Y30: =IF(Source!BI29=3,H30, 0) -> 0
A31: =Source!E30 -> 1,2 | B31: =Source!F30 -> Цена поставщика | C31: =Source!G30 -> Оголовок сваи (Цена без НДС 211,86/6,32) | D31: =Source!H30 -> шт. | E31: =Source!I30 -> 12 | F31: =Source!AK30 -> 33.52 | H31: =ROUND(Source!CQ30*Source!I30/IF(Source!BC30<> 0, Source!BC30, 1), 2)+ROUND(Source!CR30*Source!I30/IF(Source!BB30<> 0, Source!BB30, 1), 2)+ROUND(Source!CT30*Source!I30/IF(Source!BA30<> 0, Source!BA30, 1), 2) -> 402.24 | J31: =IF(Source!BC30<> 0, Source!BC30, 1) -> 1 | K31: =Source!O30 -> 402.24 | S31: =ROUND((Source!FX30/100)*((ROUND(Source!CT30*Source!I30/IF(Source!BA30<> 0, Source!BA30, 1), 2)+ROUND(Source!CS30*Source!I30/IF(Source!BS30<> 0, Source!BS30, 1), 2))), 2) -> 0 | T31: =Source!X30 -> 0 | U31: =ROUND((Source!FY30/100)*((ROUND(Source!CT30*Source!I30/IF(Source!BA30<> 0, Source!BA30, 1), 2)+ROUND(Source!CS30*Source!I30/IF(Source!BS30<> 0, Source!BS30, 1), 2))), 2) -> 0 | V31: =Source!Y30 -> 0 | Y31: =IF(Source!BI30=3,H31, 0) -> 0
A32: =Source!E31 -> 1,3 | B32: =Source!F31 -> Цена поставщика | C32: =Source!G31 -> Балка двутавровая №20 (Цена без НДС 22881,36/6,32) | D32: =Source!H31 -> т | E32: =Source!I31 -> 0.714 | F32: =Source!AK31 -> 3620.47 | H32: =ROUND(Source!CQ31*Source!I31/IF(Source!BC31<> 0, Source!BC31, 1), 2)+ROUND(Source!CR31*Source!I31/IF(Source!BB31<> 0, Source!BB31, 1), 2)+ROUND(Source!CT31*Source!I31/IF(Source!BA31<> 0, Source!BA31, 1), 2) -> 2585.02 | J32: =IF(Source!BC31<> 0, Source!BC31, 1) -> 1 | K32: =Source!O31 -> 2585.02 | S32: =ROUND((Source!FX31/100)*((ROUND(Source!CT31*Source!I31/IF(Source!BA31<> 0, Source!BA31, 1), 2)+ROUND(Source!CS31*Source!I31/IF(Source!BS31<> 0, Source!BS31, 1), 2))), 2) -> 0 | T32: =Source!X31 -> 0 | U32: =ROUND((Source!FY31/100)*((ROUND(Source!CT31*Source!I31/IF(Source!BA31<> 0, Source!BA31, 1), 2)+ROUND(Source!CS31*Source!I31/IF(Source!BS31<> 0, Source!BS31, 1), 2))), 2) -> 0 | V32: =Source!Y31 -> 0 | Y32: =IF(Source!BI31=3,H32, 0) -> 0
G33: =ROUND(Source!CQ28*Source!I28/IF(Source!BC28<> 0, Source!BC28, 1), 2)+ROUND(Source!CT28*Source!I28/IF(Source!BA28<> 0, Source!BA28, 1), 2)+ROUND(Source!CR28*Source!I28/IF(Source!BB28<> 0, Source!BB28, 1), 2)+SUM(H27:H32) -> 37732.85 | J33: =Source!O28+SUM(K27:K32) -> 37542.36 | L33: =Source!U28 -> 39.49 | O33: =G33 -> 37732.85 | P33: =J33 -> 37542.36 | Q33: =L33 -> 39.49 | W33: =IF(Source!BI28<=1,G33, 0) -> 37732.85 | X33: =IF(Source!BI28=2,G33, 0) -> 0 | Y33: =IF(Source!BI28=3,G33, 0) -> 0 | Z33: =IF(Source!BI28=4,G33, 0) -> 0
A34: =Source!E32 -> 2 | B34: =Source!F32 -> 05-01-062-1 | C34: =Source!G32 -> Бетонирование свай | D34: =Source!H32 -> 1 м3 конструктивного объема свай | E34: =Source!I32 -> 1.4 | F34: =IF(Source!AK32<> 0, Source!AK32,Source!AL32 + Source!AM32 + Source!AO32) -> 203.42 | I34: =Source!BO32 | S34: =ROUND((Source!FX32/100)*((ROUND(Source!CT32*Source!I32/IF(Source!BA32<> 0, Source!BA32, 1), 2)+ROUND(Source!CS32*Source!I32/IF(Source!BS32<> 0, Source!BS32, 1), 2))), 2) -> 19.31 | T34: =Source!X32 -> 16.48 | U34: =ROUND((Source!FY32/100)*((ROUND(Source!CT32*Source!I32/IF(Source!BA32<> 0, Source!BA32, 1), 2)+ROUND(Source!CS32*Source!I32/IF(Source!BS32<> 0, Source!BS32, 1), 2))), 2) -> 11.88 | V34: =Source!Y32 -> 9.5
C35: Зарплата | F35: =Source!AO32 -> 5.88 | G35: =Source!DG32 | H35: =ROUND(Source!CT32*Source!I32/IF(Source!BA32<> 0, Source!BA32, 1), 2) -> 8.23 | J35: =IF(Source!BA32<> 0, Source!BA32, 1) -> 1 | K35: =Source!S32 -> 8.23 | R35: =H35 -> 8.23
C36: Эксплуатация машин | F36: =Source!AM32 -> 47.34 | G36: =Source!DE32 | H36: =ROUND(Source!CR32*Source!I32/IF(Source!BB32<> 0, Source!BB32, 1), 2) -> 66.28 | J36: =IF(Source!BB32<> 0, Source!BB32, 1) -> 1 | K36: =Source!Q32 -> 66.28
C37: в т.ч. зарплата машинистов | F37: =Source!AN32 -> 4.73 | G37: =Source!DF32 | H37: =ROUND(Source!CS32*Source!I32/IF(Source!BS32<> 0, Source!BS32, 1), 2) -> 6.62 | J37: =IF(Source!BS32<> 0, Source!BS32, 1) -> 1 | K37: =Source!R32 -> 6.62 | R37: =H37 -> 6.62
C38: Материальные ресурсы | F38: =Source!AL32 -> 150.2 | G38: =Source!DD32 | H38: =ROUND(Source!CQ32*Source!I32/IF(Source!BC32<> 0, Source!BC32, 1), 2) -> 210.28 | J38: =IF(Source!BC32<> 0, Source!BC32, 1) -> 1 | K38: =Source!P32 -> 210.28
C39: НР от ФОТ | D39: % | E39: =Source!BZ32 -> 130 | H39: =SUM(S34:S41) -> 19.31 | I39: =CONCATENATE(Source!FX32, Source!FV32, "=") -> 130*0,85= | J39: =Source!AT32 -> 111 | K39: =SUM(T34:T41) -> 16.48
C40: СП от ФОТ | D40: % | E40: =Source!CA32 -> 80 | H40: =SUM(U34:U41) -> 11.88 | I40: =CONCATENATE(Source!FY32, Source!FW32, "=") -> 80*0,8= | J40: =Source!AU32 -> 64 | K40: =SUM(V34:V41) -> 9.5
C41: Затраты труда | D41: чел-ч | E41: =Source!AQ32 -> 0.64 | G41: =Source!DI32 | L41: =Source!U32 -> 0.896
G42: =ROUND(Source!CQ32*Source!I32/IF(Source!BC32<> 0, Source!BC32, 1), 2)+ROUND(Source!CT32*Source!I32/IF(Source!BA32<> 0, Source!BA32, 1), 2)+ROUND(Source!CR32*Source!I32/IF(Source!BB32<> 0, Source!BB32, 1), 2)+SUM(H39:H41) -> 315.98 | J42: =Source!O32+SUM(K39:K41) -> 310.77 | L42: =Source!U32 -> 0.896 | O42: =G42 -> 315.98 | P42: =J42 -> 310.77 | Q42: =L42 -> 0.896 | W42: =IF(Source!BI32<=1,G42, 0) -> 315.98 | X42: =IF(Source!BI32=2,G42, 0) -> 0 | Y42: =IF(Source!BI32=3,G42, 0) -> 0 | Z42: =IF(Source!BI32=4,G42, 0) -> 0
A43: =Source!E33 -> 3 | B43: =Source!F33 -> Цена поставщика | C43: =Source!G33 -> Бетон М300 (Цена без НДС 3475/6,32) | D43: =Source!H33 -> м3 | E43: =Source!I33 -> 1.4 | F43: =IF(Source!AK33<> 0, Source!AK33,Source!AL33 + Source!AM33 + Source!AO33) -> 549.84 | I43: =Source!BO33 | S43: =ROUND((Source!FX33/100)*((ROUND(Source!CT33*Source!I33/IF(Source!BA33<> 0, Source!BA33, 1), 2)+ROUND(Source!CS33*Source!I33/IF(Source!BS33<> 0, Source!BS33, 1), 2))), 2) -> 0 | T43: =Source!X33 -> 0 | U43: =ROUND((Source!FY33/100)*((ROUND(Source!CT33*Source!I33/IF(Source!BA33<> 0, Source!BA33, 1), 2)+ROUND(Source!CS33*Source!I33/IF(Source!BS33<> 0, Source!BS33, 1), 2))), 2) -> 0 | V43: =Source!Y33 -> 0
C44: Материальные ресурсы | F44: =Source!AL33 -> 549.84 | G44: =Source!DD33 | H44: =ROUND(Source!CQ33*Source!I33/IF(Source!BC33<> 0, Source!BC33, 1), 2) -> 769.78 | J44: =IF(Source!BC33<> 0, Source!BC33, 1) -> 1 | K44: =Source!P33 -> 769.78
G45: =ROUND(Source!CQ33*Source!I33/IF(Source!BC33<> 0, Source!BC33, 1), 2)+ROUND(Source!CT33*Source!I33/IF(Source!BA33<> 0, Source!BA33, 1), 2)+ROUND(Source!CR33*Source!I33/IF(Source!BB33<> 0, Source!BB33, 1), 2) -> 769.78 | J45: =Source!O33 -> 769.78 | L45: =Source!U33 -> 0 | O45: =G45 -> 769.78 | P45: =J45 -> 769.78 | Q45: =L45 -> 0 | W45: =IF(Source!BI33<=1,G45, 0) -> 769.78 | X45: =IF(Source!BI33=2,G45, 0) -> 0 | Y45: =IF(Source!BI33=3,G45, 0) -> 0 | Z45: =IF(Source!BI33=4,G45, 0) -> 0
A47: =CONCATENATE("Итого по разделу: ", Source!G35) -> Итого по разделу: Устройство фунтамента под монтаж чиллерных установок | G47: =SUM(O21:O46) -> 38818.61 | J47: =SUM(P21:P46) -> 38622.91 | L47: =SUM(Q21:Q46) -> 40.386 | AF47: =CONCATENATE("Итого по разделу: ", Source!G35) -> Итого по разделу: Устройство фунтамента под монтаж чиллерных установок
A50: =CONCATENATE("Раздел: ", Source!G56) -> Раздел: Система кондиционирования. Строение 1. | AE50: =CONCATENATE("Раздел: ", Source!G56) -> Раздел: Система кондиционирования. Строение 1.
A52: =CONCATENATE("Подраздел: ", Source!G60) -> Подраздел: Монтаж системы кондиционирования | AE52: =CONCATENATE("Подраздел: ", Source!G60) -> Подраздел: Монтаж системы кондиционирования
A53: =Source!E64 -> 4 | B53: =Source!F64 -> 18-04-002-8 | C53: =Source!G64 -> Установка баков конденсационных вместимостью до 2 м3 | D53: =Source!H64 -> 1 бак | E53: =Source!I64 -> 2 | F53: =IF(Source!AK64<> 0, Source!AK64,Source!AL64 + Source!AM64 + Source!AO64) -> 2666.86 | I53: =Source!BO64 | S53: =ROUND((Source!FX64/100)*((ROUND(Source!CT64*Source!I64/IF(Source!BA64<> 0, Source!BA64, 1), 2)+ROUND(Source!CS64*Source!I64/IF(Source!BS64<> 0, Source!BS64, 1), 2))), 2) -> 431.39 | T53: =Source!X64 -> 367.35 | U53: =ROUND((Source!FY64/100)*((ROUND(Source!CT64*Source!I64/IF(Source!BA64<> 0, Source!BA64, 1), 2)+ROUND(Source!CS64*Source!I64/IF(Source!BS64<> 0, Source!BS64, 1), 2))), 2) -> 279.73 | V53: =Source!Y64 -> 222.43
C54: Зарплата | F54: =Source!AO64 -> 166.21 | G54: =Source!DG64 | H54: =ROUND(Source!CT64*Source!I64/IF(Source!BA64<> 0, Source!BA64, 1), 2) -> 332.42 | J54: =IF(Source!BA64<> 0, Source!BA64, 1) -> 1 | K54: =Source!S64 -> 332.42 | R54: =H54 -> 332.42
C55: Эксплуатация машин | F55: =Source!AM64 -> 61.44 | G55: =Source!DE64 | H55: =ROUND(Source!CR64*Source!I64/IF(Source!BB64<> 0, Source!BB64, 1), 2) -> 122.88 | J55: =IF(Source!BB64<> 0, Source!BB64, 1) -> 1 | K55: =Source!Q64 -> 122.88
C56: в т.ч. зарплата машинистов | F56: =Source!AN64 -> 2.3 | G56: =Source!DF64 | H56: =ROUND(Source!CS64*Source!I64/IF(Source!BS64<> 0, Source!BS64, 1), 2) -> 4.6 | J56: =IF(Source!BS64<> 0, Source!BS64, 1) -> 1 | K56: =Source!R64 -> 4.6 | R56: =H56 -> 4.6
C57: Материальные ресурсы | F57: =Source!AL64 -> 2439.21 | G57: =Source!DD64 | H57: =ROUND(Source!CQ64*Source!I64/IF(Source!BC64<> 0, Source!BC64, 1), 2) -> 4878.42 | J57: =IF(Source!BC64<> 0, Source!BC64, 1) -> 1 | K57: =Source!P64 -> 4878.42
C58: НР от ФОТ | D58: % | E58: =Source!BZ64 -> 128 | H58: =SUM(S53:S60) -> 431.39 | I58: =CONCATENATE(Source!FX64, Source!FV64, "=") -> 128*0,85= | J58: =Source!AT64 -> 109 | K58: =SUM(T53:T60) -> 367.35
C59: СП от ФОТ | D59: % | E59: =Source!CA64 -> 83 | H59: =SUM(U53:U60) -> 279.73 | I59: =CONCATENATE(Source!FY64, Source!FW64, "=") -> 83*0,8= | J59: =Source!AU64 -> 66 | K59: =SUM(V53:V60) -> 222.43
C60: Затраты труда | D60: чел-ч | E60: =Source!AQ64 -> 18.53 | G60: =Source!DI64 | L60: =Source!U64 -> 37.06
G61: =ROUND(Source!CQ64*Source!I64/IF(Source!BC64<> 0, Source!BC64, 1), 2)+ROUND(Source!CT64*Source!I64/IF(Source!BA64<> 0, Source!BA64, 1), 2)+ROUND(Source!CR64*Source!I64/IF(Source!BB64<> 0, Source!BB64, 1), 2)+SUM(H58:H60) -> 6044.84 | J61: =Source!O64+SUM(K58:K60) -> 5923.5 | L61: =Source!U64 -> 37.06 | O61: =G61 -> 6044.84 | P61: =J61 -> 5923.5 | Q61: =L61 -> 37.06 | W61: =IF(Source!BI64<=1,G61, 0) -> 6044.84 | X61: =IF(Source!BI64=2,G61, 0) -> 0 | Y61: =IF(Source!BI64=3,G61, 0) -> 0 | Z61: =IF(Source!BI64=4,G61, 0) -> 0
A62: =Source!E65 -> 5 | B62: =Source!F65 -> Цена поставщика | C62: =Source!G65 -> Мембранный расширительный бак 0,2м3 (цена=15871/1,18/6,32) | D62: =Source!H65 -> шт. | E62: =Source!I65 -> 1 | F62: =IF(Source!AK65<> 0, Source!AK65,Source!AL65 + Source!AM65 + Source!AO65) -> 824.14 | I62: =Source!BO65 | S62: =ROUND((Source!FX65/100)*((ROUND(Source!CT65*Source!I65/IF(Source!BA65<> 0, Source!BA65, 1), 2)+ROUND(Source!CS65*Source!I65/IF(Source!BS65<> 0, Source!BS65, 1), 2))), 2) -> 0 | T62: =Source!X65 -> 0 | U62: =ROUND((Source!FY65/100)*((ROUND(Source!CT65*Source!I65/IF(Source!BA65<> 0, Source!BA65, 1), 2)+ROUND(Source!CS65*Source!I65/IF(Source!BS65<> 0, Source!BS65, 1), 2))), 2) -> 0 | V62: =Source!Y65 -> 0
C63: Материальные ресурсы | F63: =Source!AL65 -> 824.14 | G63: =Source!DD65 | H63: =ROUND(Source!CQ65*Source!I65/IF(Source!BC65<> 0, Source!BC65, 1), 2) -> 824.14 | J63: =IF(Source!BC65<> 0, Source!BC65, 1) -> 1 | K63: =Source!P65 -> 824.14
G64: =ROUND(Source!CQ65*Source!I65/IF(Source!BC65<> 0, Source!BC65, 1), 2)+ROUND(Source!CT65*Source!I65/IF(Source!BA65<> 0, Source!BA65, 1), 2)+ROUND(Source!CR65*Source!I65/IF(Source!BB65<> 0, Source!BB65, 1), 2) -> 824.14 | J64: =Source!O65 -> 824.14 | L64: =Source!U65 -> 0 | O64: =G64 -> 824.14 | P64: =J64 -> 824.14 | Q64: =L64 -> 0 | W64: =IF(Source!BI65<=1,G64, 0) -> 824.14 | X64: =IF(Source!BI65=2,G64, 0) -> 0 | Y64: =IF(Source!BI65=3,G64, 0) -> 0 | Z64: =IF(Source!BI65=4,G64, 0) -> 0
A65: =Source!E66 -> 6 | B65: =Source!F66 -> Цена поставщика | C65: =Source!G66 -> Бак накопительный 200л (цена=29419/1,18/6,32) | D65: =Source!H66 -> шт. | E65: =Source!I66 -> 1 | F65: =IF(Source!AK66<> 0, Source!AK66,Source!AL66 + Source!AM66 + Source!AO66) -> 3944.83 | I65: =Source!BO66 | S65: =ROUND((Source!FX66/100)*((ROUND(Source!CT66*Source!I66/IF(Source!BA66<> 0, Source!BA66, 1), 2)+ROUND(Source!CS66*Source!I66/IF(Source!BS66<> 0, Source!BS66, 1), 2))), 2) -> 0 | T65: =Source!X66 -> 0 | U65: =ROUND((Source!FY66/100)*((ROUND(Source!CT66*Source!I66/IF(Source!BA66<> 0, Source!BA66, 1), 2)+ROUND(Source!CS66*Source!I66/IF(Source!BS66<> 0, Source!BS66, 1), 2))), 2) -> 0 | V65: =Source!Y66 -> 0
C66: Материальные ресурсы | F66: =Source!AL66 -> 3944.83 | G66: =Source!DD66 | H66: =ROUND(Source!CQ66*Source!I66/IF(Source!BC66<> 0, Source!BC66, 1), 2) -> 3944.83 | J66: =IF(Source!BC66<> 0, Source!BC66, 1) -> 1 | K66: =Source!P66 -> 3944.83
G67: =ROUND(Source!CQ66*Source!I66/IF(Source!BC66<> 0, Source!BC66, 1), 2)+ROUND(Source!CT66*Source!I66/IF(Source!BA66<> 0, Source!BA66, 1), 2)+ROUND(Source!CR66*Source!I66/IF(Source!BB66<> 0, Source!BB66, 1), 2) -> 3944.83 | J67: =Source!O66 -> 3944.83 | L67: =Source!U66 -> 0 | O67: =G67 -> 3944.83 | P67: =J67 -> 3944.83 | Q67: =L67 -> 0 | W67: =IF(Source!BI66<=1,G67, 0) -> 3944.83 | X67: =IF(Source!BI66=2,G67, 0) -> 0 | Y67: =IF(Source!BI66=3,G67, 0) -> 0 | Z67: =IF(Source!BI66=4,G67, 0) -> 0
A68: =Source!E67 -> 7 | B68: =Source!F67 -> 18-04-003-1 | C68: =Source!G67 -> Установка поддонов металлических для баков вместимостью до 2 м3 | D68: =Source!H67 -> 1 поддон | E68: =Source!I67 -> 2 | F68: =IF(Source!AK67<> 0, Source!AK67,Source!AL67 + Source!AM67 + Source!AO67) -> 825.22 | I68: =Source!BO67 | S68: =ROUND((Source!FX67/100)*((ROUND(Source!CT67*Source!I67/IF(Source!BA67<> 0, Source!BA67, 1), 2)+ROUND(Source!CS67*Source!I67/IF(Source!BS67<> 0, Source!BS67, 1), 2))), 2) -> 33.02 | T68: =Source!X67 -> 28.12 | U68: =ROUND((Source!FY67/100)*((ROUND(Source!CT67*Source!I67/IF(Source!BA67<> 0, Source!BA67, 1), 2)+ROUND(Source!CS67*Source!I67/IF(Source!BS67<> 0, Source!BS67, 1), 2))), 2) -> 21.41 | V68: =Source!Y67 -> 17.03
C69: Зарплата | F69: =Source!AO67 -> 12.76 | G69: =Source!DG67 | H69: =ROUND(Source!CT67*Source!I67/IF(Source!BA67<> 0, Source!BA67, 1), 2) -> 25.52 | J69: =IF(Source!BA67<> 0, Source!BA67, 1) -> 1 | K69: =Source!S67 -> 25.52 | R69: =H69 -> 25.52
C70: Эксплуатация машин | F70: =Source!AM67 -> 6.97 | G70: =Source!DE67 | H70: =ROUND(Source!CR67*Source!I67/IF(Source!BB67<> 0, Source!BB67, 1), 2) -> 13.94 | J70: =IF(Source!BB67<> 0, Source!BB67, 1) -> 1 | K70: =Source!Q67 -> 13.94
C71: в т.ч. зарплата машинистов | F71: =Source!AN67 -> 0.14 | G71: =Source!DF67 | H71: =ROUND(Source!CS67*Source!I67/IF(Source!BS67<> 0, Source!BS67, 1), 2) -> 0.28 | J71: =IF(Source!BS67<> 0, Source!BS67, 1) -> 1 | K71: =Source!R67 -> 0.28 | R71: =H71 -> 0.28
C72: Материальные ресурсы | F72: =Source!AL67 -> 805.49 | G72: =Source!DD67 | H72: =ROUND(Source!CQ67*Source!I67/IF(Source!BC67<> 0, Source!BC67, 1), 2) -> 1610.98 | J72: =IF(Source!BC67<> 0, Source!BC67, 1) -> 1 | K72: =Source!P67 -> 1610.98
C73: НР от ФОТ | D73: % | E73: =Source!BZ67 -> 128 | H73: =SUM(S68:S75) -> 33.02 | I73: =CONCATENATE(Source!FX67, Source!FV67, "=") -> 128*0,85= | J73: =Source!AT67 -> 109 | K73: =SUM(T68:T75) -> 28.12
C74: СП от ФОТ | D74: % | E74: =Source!CA67 -> 83 | H74: =SUM(U68:U75) -> 21.41 | I74: =CONCATENATE(Source!FY67, Source!FW67, "=") -> 83*0,8= | J74: =Source!AU67 -> 66 | K74: =SUM(V68:V75) -> 17.03
C75: Затраты труда | D75: чел-ч | E75: =Source!AQ67 -> 1.46 | G75: =Source!DI67 | L75: =Source!U67 -> 2.92
G76: =ROUND(Source!CQ67*Source!I67/IF(Source!BC67<> 0, Source!BC67, 1), 2)+ROUND(Source!CT67*Source!I67/IF(Source!BA67<> 0, Source!BA67, 1), 2)+ROUND(Source!CR67*Source!I67/IF(Source!BB67<> 0, Source!BB67, 1), 2)+SUM(H73:H75) -> 1704.87 | J76: =Source!O67+SUM(K73:K75) -> 1695.59 | L76: =Source!U67 -> 2.92 | O76: =G76 -> 1704.87 | P76: =J76 -> 1695.59 | Q76: =L76 -> 2.92 | W76: =IF(Source!BI67<=1,G76, 0) -> 1704.87 | X76: =IF(Source!BI67=2,G76, 0) -> 0 | Y76: =IF(Source!BI67=3,G76, 0) -> 0 | Z76: =IF(Source!BI67=4,G76, 0) -> 0
A77: =Source!E68 -> 8 | B77: =Source!F68 -> м12-07-001-1 | C77: =Source!G68 -> Трубная проводка из водогазопроводных труб углеродистых и низколегированных сталей на соединениях разъемных, диаметр условного прохода 25 мм | D77: =Source!H68 -> 1000 м | E77: =Source!I68 -> 0.024 | F77: =IF(Source!AK68<> 0, Source!AK68,Source!AL68 + Source!AM68 + Source!AO68) -> 33312.09 | I77: =Source!BO68 | S77: =ROUND((Source!FX68/100)*((ROUND(Source!CT68*Source!I68/IF(Source!BA68<> 0, Source!BA68, 1), 2)+ROUND(Source!CS68*Source!I68/IF(Source!BS68<> 0, Source!BS68, 1), 2))), 2) -> 128.95 | T77: =Source!X68 -> 109.61 | U77: =ROUND((Source!FY68/100)*((ROUND(Source!CT68*Source!I68/IF(Source!BA68<> 0, Source!BA68, 1), 2)+ROUND(Source!CS68*Source!I68/IF(Source!BS68<> 0, Source!BS68, 1), 2))), 2) -> 96.71 | V77: =Source!Y68 -> 77.37
C78: Зарплата | F78: =Source!AO68 -> 4261.66 | G78: =Source!DG68 | H78: =ROUND(Source!CT68*Source!I68/IF(Source!BA68<> 0, Source!BA68, 1), 2) -> 102.28 | J78: =IF(Source!BA68<> 0, Source!BA68, 1) -> 1 | K78: =Source!S68 -> 102.28 | R78: =H78 -> 102.28
C79: Эксплуатация машин | F79: =Source!AM68 -> 20125.55 | G79: =Source!DE68 | H79: =ROUND(Source!CR68*Source!I68/IF(Source!BB68<> 0, Source!BB68, 1), 2) -> 483.01 | J79: =IF(Source!BB68<> 0, Source!BB68, 1) -> 1 | K79: =Source!Q68 -> 483.01
C80: в т.ч. зарплата машинистов | F80: =Source!AN68 -> 2454.42 | G80: =Source!DF68 | H80: =ROUND(Source!CS68*Source!I68/IF(Source!BS68<> 0, Source!BS68, 1), 2) -> 58.91 | J80: =IF(Source!BS68<> 0, Source!BS68, 1) -> 1 | K80: =Source!R68 -> 58.91 | R80: =H80 -> 58.91
C81: Материальные ресурсы | F81: =Source!AL68 -> 8924.88 | G81: =Source!DD68 | H81: =ROUND(Source!CQ68*Source!I68/IF(Source!BC68<> 0, Source!BC68, 1), 2) -> 214.2 | J81: =IF(Source!BC68<> 0, Source!BC68, 1) -> 1 | K81: =Source!P68 -> 214.2
C82: НР от ФОТ | D82: % | E82: =Source!BZ68 -> 80 | H82: =SUM(S77:S86) -> 128.95 | I82: =CONCATENATE(Source!FX68, Source!FV68, "=") -> 80*0,85= | J82: =Source!AT68 -> 68 | K82: =SUM(T77:T86) -> 109.61
C83: СП от ФОТ | D83: % | E83: =Source!CA68 -> 60 | H83: =SUM(U77:U86) -> 96.71 | I83: =CONCATENATE(Source!FY68, Source!FW68, "=") -> 60*0,8= | J83: =Source!AU68 -> 48 | K83: =SUM(V77:V86) -> 77.37
C84: Затраты труда | D84: чел-ч | E84: =Source!AQ68 -> 443 | G84: =Source!DI68 | L84: =Source!U68 -> 10.632
A85: =Source!E69 -> 8,1 | B85: =Source!F69 -> 103-0051 | C85: =Source!G69 -> Трубы стальные сварные водогазопроводные с резьбой оцинкованные обыкновенные, диаметр условного прохода 25 мм, толщина стенки 3,2 мм | D85: =Source!H69 -> м | E85: =Source!I69 -> 17 | F85: =Source!AK69 -> 31.2 | H85: =ROUND(Source!CQ69*Source!I69/IF(Source!BC69<> 0, Source!BC69, 1), 2)+ROUND(Source!CR69*Source!I69/IF(Source!BB69<> 0, Source!BB69, 1), 2)+ROUND(Source!CT69*Source!I69/IF(Source!BA69<> 0, Source!BA69, 1), 2) -> 530.4 | J85: =IF(Source!BC69<> 0, Source!BC69, 1) -> 1 | K85: =Source!O69 -> 530.4 | S85: =ROUND((Source!FX69/100)*((ROUND(Source!CT69*Source!I69/IF(Source!BA69<> 0, Source!BA69, 1), 2)+ROUND(Source!CS69*Source!I69/IF(Source!BS69<> 0, Source!BS69, 1), 2))), 2) -> 0 | T85: =Source!X69 -> 0 | U85: =ROUND((Source!FY69/100)*((ROUND(Source!CT69*Source!I69/IF(Source!BA69<> 0, Source!BA69, 1), 2)+ROUND(Source!CS69*Source!I69/IF(Source!BS69<> 0, Source!BS69, 1), 2))), 2) -> 0 | V85: =Source!Y69 -> 0 | Y85: =IF(Source!BI69=3,H85, 0) -> 0
A86: =Source!E70 -> 8,2 | B86: =Source!F70 -> 103-0050 | C86: =Source!G70 -> Трубы стальные сварные водогазопроводные с резьбой оцинкованные обыкновенные, диаметр условного прохода 20 мм, толщина стенки 2,8 мм | D86: =Source!H70 -> м | E86: =Source!I70 -> 7 | F86: =Source!AK70 -> 25.1 | H86: =ROUND(Source!CQ70*Source!I70/IF(Source!BC70<> 0, Source!BC70, 1), 2)+ROUND(Source!CR70*Source!I70/IF(Source!BB70<> 0, Source!BB70, 1), 2)+ROUND(Source!CT70*Source!I70/IF(Source!BA70<> 0, Source!BA70, 1), 2) -> 175.7 | J86: =IF(Source!BC70<> 0, Source!BC70, 1) -> 1 | K86: =Source!O70 -> 175.7 | S86: =ROUND((Source!FX70/100)*((ROUND(Source!CT70*Source!I70/IF(Source!BA70<> 0, Source!BA70, 1), 2)+ROUND(Source!CS70*Source!I70/IF(Source!BS70<> 0, Source!BS70, 1), 2))), 2) -> 0 | T86: =Source!X70 -> 0 | U86: =ROUND((Source!FY70/100)*((ROUND(Source!CT70*Source!I70/IF(Source!BA70<> 0, Source!BA70, 1), 2)+ROUND(Source!CS70*Source!I70/IF(Source!BS70<> 0, Source!BS70, 1), 2))), 2) -> 0 | V86: =Source!Y70 -> 0 | Y86: =IF(Source!BI70=3,H86, 0) -> 0
G87: =ROUND(Source!CQ68*Source!I68/IF(Source!BC68<> 0, Source!BC68, 1), 2)+ROUND(Source!CT68*Source!I68/IF(Source!BA68<> 0, Source!BA68, 1), 2)+ROUND(Source!CR68*Source!I68/IF(Source!BB68<> 0, Source!BB68, 1), 2)+SUM(H82:H86) -> 1731.25 | J87: =Source!O68+SUM(K82:K86) -> 1692.57 | L87: =Source!U68 -> 10.632 | O87: =G87 -> 1731.25 | P87: =J87 -> 1692.57 | Q87: =L87 -> 10.632 | W87: =IF(Source!BI68<=1,G87, 0) -> 0 | X87: =IF(Source!BI68=2,G87, 0) -> 1731.25 | Y87: =IF(Source!BI68=3,G87, 0) -> 0 | Z87: =IF(Source!BI68=4,G87, 0) -> 0
A88: =Source!E71 -> 9 | B88: =Source!F71 -> 16-07-005-1 | C88: =Source!G71 -> Гидравлическое испытание трубопроводов систем отопления, водопровода и горячего водоснабжения диаметром до 50 мм | D88: =Source!H71 -> 100 м трубопровода | E88: =Source!I71 -> 0.24 | F88: =IF(Source!AK71<> 0, Source!AK71,Source!AL71 + Source!AM71 + Source!AO71) -> 107.11 | I88: =Source!BO71 | S88: =ROUND((Source!FX71/100)*((ROUND(Source!CT71*Source!I71/IF(Source!BA71<> 0, Source!BA71, 1), 2)+ROUND(Source!CS71*Source!I71/IF(Source!BS71<> 0, Source!BS71, 1), 2))), 2) -> 17.92 | T88: =Source!X71 -> 15.26 | U88: =ROUND((Source!FY71/100)*((ROUND(Source!CT71*Source!I71/IF(Source!BA71<> 0, Source!BA71, 1), 2)+ROUND(Source!CS71*Source!I71/IF(Source!BS71<> 0, Source!BS71, 1), 2))), 2) -> 11.62 | V88: =Source!Y71 -> 9.24
C89: Зарплата | F89: =Source!AO71 -> 58.32 | G89: =Source!DG71 | H89: =ROUND(Source!CT71*Source!I71/IF(Source!BA71<> 0, Source!BA71, 1), 2) -> 14 | J89: =IF(Source!BA71<> 0, Source!BA71, 1) -> 1 | K89: =Source!S71 -> 14 | R89: =H89 -> 14
C90: Эксплуатация машин | F90: =Source!AM71 -> 44.51 | G90: =Source!DE71 | H90: =ROUND(Source!CR71*Source!I71/IF(Source!BB71<> 0, Source!BB71, 1), 2) -> 10.68 | J90: =IF(Source!BB71<> 0, Source!BB71, 1) -> 1 | K90: =Source!Q71 -> 10.68
C91: Материальные ресурсы | F91: =Source!AL71 -> 4.28 | G91: =Source!DD71 | H91: =ROUND(Source!CQ71*Source!I71/IF(Source!BC71<> 0, Source!BC71, 1), 2) -> 1.03 | J91: =IF(Source!BC71<> 0, Source!BC71, 1) -> 1 | K91: =Source!P71 -> 1.03
C92: НР от ФОТ | D92: % | E92: =Source!BZ71 -> 128 | H92: =SUM(S88:S94) -> 17.92 | I92: =CONCATENATE(Source!FX71, Source!FV71, "=") -> 128*0,85= | J92: =Source!AT71 -> 109 | K92: =SUM(T88:T94) -> 15.26
C93: СП от ФОТ | D93: % | E93: =Source!CA71 -> 83 | H93: =SUM(U88:U94) -> 11.62 | I93: =CONCATENATE(Source!FY71, Source!FW71, "=") -> 83*0,8= | J93: =Source!AU71 -> 66 | K93: =SUM(V88:V94) -> 9.24
C94: Затраты труда | D94: чел-ч | E94: =Source!AQ71 -> 5.01 | G94: =Source!DI71 | L94: =Source!U71 -> 1.2024
G95: =ROUND(Source!CQ71*Source!I71/IF(Source!BC71<> 0, Source!BC71, 1), 2)+ROUND(Source!CT71*Source!I71/IF(Source!BA71<> 0, Source!BA71, 1), 2)+ROUND(Source!CR71*Source!I71/IF(Source!BB71<> 0, Source!BB71, 1), 2)+SUM(H92:H94) -> 55.25 | J95: =Source!O71+SUM(K92:K94) -> 50.21 | L95: =Source!U71 -> 1.2024 | O95: =G95 -> 55.25 | P95: =J95 -> 50.21 | Q95: =L95 -> 1.2024 | W95: =IF(Source!BI71<=1,G95, 0) -> 55.25 | X95: =IF(Source!BI71=2,G95, 0) -> 0 | Y95: =IF(Source!BI71=3,G95, 0) -> 0 | Z95: =IF(Source!BI71=4,G95, 0) -> 0
A96: =Source!E72 -> 10 | B96: =Source!F72 -> 16-02-005-3 | C96: =Source!G72 -> Прокладка трубопроводов отопления и водоснабжения из стальных электросварных труб диаметром 65 мм | D96: =Source!H72 -> 100 м трубопровода | E96: =Source!I72 -> 0.32 | F96: =IF(Source!AK72<> 0, Source!AK72,Source!AL72 + Source!AM72 + Source!AO72) -> 6197.38 | I96: =Source!BO72 | S96: =ROUND((Source!FX72/100)*((ROUND(Source!CT72*Source!I72/IF(Source!BA72<> 0, Source!BA72, 1), 2)+ROUND(Source!CS72*Source!I72/IF(Source!BS72<> 0, Source!BS72, 1), 2))), 2) -> 289.75 | T96: =Source!X72 -> 246.74 | U96: =ROUND((Source!FY72/100)*((ROUND(Source!CT72*Source!I72/IF(Source!BA72<> 0, Source!BA72, 1), 2)+ROUND(Source!CS72*Source!I72/IF(Source!BS72<> 0, Source!BS72, 1), 2))), 2) -> 187.89 | V96: =Source!Y72 -> 149.4
C97: Зарплата | F97: =Source!AO72 -> 704.28 | G97: =Source!DG72 | H97: =ROUND(Source!CT72*Source!I72/IF(Source!BA72<> 0, Source!BA72, 1), 2) -> 225.37 | J97: =IF(Source!BA72<> 0, Source!BA72, 1) -> 1 | K97: =Source!S72 -> 225.37 | R97: =H97 -> 225.37
C98: Эксплуатация машин | F98: =Source!AM72 -> 139.89 | G98: =Source!DE72 | H98: =ROUND(Source!CR72*Source!I72/IF(Source!BB72<> 0, Source!BB72, 1), 2) -> 44.76 | J98: =IF(Source!BB72<> 0, Source!BB72, 1) -> 1 | K98: =Source!Q72 -> 44.76
C99: в т.ч. зарплата машинистов | F99: =Source!AN72 -> 3.11 | G99: =Source!DF72 | H99: =ROUND(Source!CS72*Source!I72/IF(Source!BS72<> 0, Source!BS72, 1), 2) -> 1 | J99: =IF(Source!BS72<> 0, Source!BS72, 1) -> 1 | K99: =Source!R72 -> 1 | R99: =H99 -> 1
C100: Материальные ресурсы | F100: =Source!AL72 -> 5353.21 | G100: =Source!DD72 | H100: =ROUND(Source!CQ72*Source!I72/IF(Source!BC72<> 0, Source!BC72, 1), 2) -> 1713.03 | J100: =IF(Source!BC72<> 0, Source!BC72, 1) -> 1 | K100: =Source!P72 -> 1713.03
C101: НР от ФОТ | D101: % | E101: =Source!BZ72 -> 128 | H101: =SUM(S96:S105) -> 289.75 | I101: =CONCATENATE(Source!FX72, Source!FV72, "=") -> 128*0,85= | J101: =Source!AT72 -> 109 | K101: =SUM(T96:T105) -> 246.74
C102: СП от ФОТ | D102: % | E102: =Source!CA72 -> 83 | H102: =SUM(U96:U105) -> 187.89 | I102: =CONCATENATE(Source!FY72, Source!FW72, "=") -> 83*0,8= | J102: =Source!AU72 -> 66 | K102: =SUM(V96:V105) -> 149.4
C103: Затраты труда | D103: чел-ч | E103: =Source!AQ72 -> 72.16 | G103: =Source!DI72 | L103: =Source!U72 -> 23.0912
A104: =Source!E73 -> 10,1 | B104: =Source!F73 -> 302-1317 | C104: =Source!G73 -> Трубопроводы из стальных электросварных труб с гильзами для отопления и водоснабжения, наружный диаметр 57 мм, толщина стенки 3,5 мм | D104: =Source!H73 -> м | E104: =Source!I73 -> 32 | F104: =Source!AK73 -> 41.28 | H104: =ROUND(Source!CQ73*Source!I73/IF(Source!BC73<> 0, Source!BC73, 1), 2)+ROUND(Source!CR73*Source!I73/IF(Source!BB73<> 0, Source!BB73, 1), 2)+ROUND(Source!CT73*Source!I73/IF(Source!BA73<> 0, Source!BA73, 1), 2) -> 1320.96 | J104: =IF(Source!BC73<> 0, Source!BC73, 1) -> 1 | K104: =Source!O73 -> 1320.96 | S104: =ROUND((Source!FX73/100)*((ROUND(Source!CT73*Source!I73/IF(Source!BA73<> 0, Source!BA73, 1), 2)+ROUND(Source!CS73*Source!I73/IF(Source!BS73<> 0, Source!BS73, 1), 2))), 2) -> 0 | T104: =Source!X73 -> 0 | U104: =ROUND((Source!FY73/100)*((ROUND(Source!CT73*Source!I73/IF(Source!BA73<> 0, Source!BA73, 1), 2)+ROUND(Source!CS73*Source!I73/IF(Source!BS73<> 0, Source!BS73, 1), 2))), 2) -> 0 | V104: =Source!Y73 -> 0 | Y104: =IF(Source!BI73=3,H104, 0) -> 0
A105: =Source!E74 -> 10,2 | B105: =Source!F74 -> 201-1113 | C105: =Source!G74 -> Конструкции металлические (седло под трубопроводы, хомуты или подвески) | D105: =Source!H74 -> т | E105: =Source!I74 -> 0.3776 | F105: =Source!AK74 -> 9600 | H105: =ROUND(Source!CQ74*Source!I74/IF(Source!BC74<> 0, Source!BC74, 1), 2)+ROUND(Source!CR74*Source!I74/IF(Source!BB74<> 0, Source!BB74, 1), 2)+ROUND(Source!CT74*Source!I74/IF(Source!BA74<> 0, Source!BA74, 1), 2) -> 3624.96 | J105: =IF(Source!BC74<> 0, Source!BC74, 1) -> 1 | K105: =Source!O74 -> 3624.96 | S105: =ROUND((Source!FX74/100)*((ROUND(Source!CT74*Source!I74/IF(Source!BA74<> 0, Source!BA74, 1), 2)+ROUND(Source!CS74*Source!I74/IF(Source!BS74<> 0, Source!BS74, 1), 2))), 2) -> 0 | T105: =Source!X74 -> 0 | U105: =ROUND((Source!FY74/100)*((ROUND(Source!CT74*Source!I74/IF(Source!BA74<> 0, Source!BA74, 1), 2)+ROUND(Source!CS74*Source!I74/IF(Source!BS74<> 0, Source!BS74, 1), 2))), 2) -> 0 | V105: =Source!Y74 -> 0 | Y105: =IF(Source!BI74=3,H105, 0) -> 0
G106: =ROUND(Source!CQ72*Source!I72/IF(Source!BC72<> 0, Source!BC72, 1), 2)+ROUND(Source!CT72*Source!I72/IF(Source!BA72<> 0, Source!BA72, 1), 2)+ROUND(Source!CR72*Source!I72/IF(Source!BB72<> 0, Source!BB72, 1), 2)+SUM(H101:H105) -> 7406.72 | J106: =Source!O72+SUM(K101:K105) -> 7325.22 | L106: =Source!U72 -> 23.0912 | O106: =G106 -> 7406.72 | P106: =J106 -> 7325.22 | Q106: =L106 -> 23.0912 | W106: =IF(Source!BI72<=1,G106, 0) -> 7406.72 | X106: =IF(Source!BI72=2,G106, 0) -> 0 | Y106: =IF(Source!BI72=3,G106, 0) -> 0 | Z106: =IF(Source!BI72=4,G106, 0) -> 0
A107: =Source!E75 -> 11 | B107: =Source!F75 -> 16-02-005-4 | C107: =Source!G75 -> Прокладка трубопроводов отопления и водоснабжения из стальных электросварных труб диаметром 80 мм | D107: =Source!H75 -> 100 м трубопровода | E107: =Source!I75 -> 0.12 | F107: =IF(Source!AK75<> 0, Source!AK75,Source!AL75 + Source!AM75 + Source!AO75) -> 7217.08 | I107: =Source!BO75 | S107: =ROUND((Source!FX75/100)*((ROUND(Source!CT75*Source!I75/IF(Source!BA75<> 0, Source!BA75, 1), 2)+ROUND(Source!CS75*Source!I75/IF(Source!BS75<> 0, Source!BS75, 1), 2))), 2) -> 120.32 | T107: =Source!X75 -> 102.46 | U107: =ROUND((Source!FY75/100)*((ROUND(Source!CT75*Source!I75/IF(Source!BA75<> 0, Source!BA75, 1), 2)+ROUND(Source!CS75*Source!I75/IF(Source!BS75<> 0, Source!BS75, 1), 2))), 2) -> 78.02 | V107: =Source!Y75 -> 62.04
C108: Зарплата | F108: =Source!AO75 -> 778.36 | G108: =Source!DG75 | H108: =ROUND(Source!CT75*Source!I75/IF(Source!BA75<> 0, Source!BA75, 1), 2) -> 93.4 | J108: =IF(Source!BA75<> 0, Source!BA75, 1) -> 1 | K108: =Source!S75 -> 93.4 | R108: =H108 -> 93.4
C109: Эксплуатация машин | F109: =Source!AM75 -> 198.47 | G109: =Source!DE75 | H109: =ROUND(Source!CR75*Source!I75/IF(Source!BB75<> 0, Source!BB75, 1), 2) -> 23.82 | J109: =IF(Source!BB75<> 0, Source!BB75, 1) -> 1 | K109: =Source!Q75 -> 23.82
C110: в т.ч. зарплата машинистов | F110: =Source!AN75 -> 5 | G110: =Source!DF75 | H110: =ROUND(Source!CS75*Source!I75/IF(Source!BS75<> 0, Source!BS75, 1), 2) -> 0.6 | J110: =IF(Source!BS75<> 0, Source!BS75, 1) -> 1 | K110: =Source!R75 -> 0.6 | R110: =H110 -> 0.6
C111: Материальные ресурсы | F111: =Source!AL75 -> 6240.25 | G111: =Source!DD75 | H111: =ROUND(Source!CQ75*Source!I75/IF(Source!BC75<> 0, Source!BC75, 1), 2) -> 748.83 | J111: =IF(Source!BC75<> 0, Source!BC75, 1) -> 1 | K111: =Source!P75 -> 748.83
C112: НР от ФОТ | D112: % | E112: =Source!BZ75 -> 128 | H112: =SUM(S107:S116) -> 120.32 | I112: =CONCATENATE(Source!FX75, Source!FV75, "=") -> 128*0,85= | J112: =Source!AT75 -> 109 | K112: =SUM(T107:T116) -> 102.46
C113: СП от ФОТ | D113: % | E113: =Source!CA75 -> 83 | H113: =SUM(U107:U116) -> 78.02 | I113: =CONCATENATE(Source!FY75, Source!FW75, "=") -> 83*0,8= | J113: =Source!AU75 -> 66 | K113: =SUM(V107:V116) -> 62.04
C114: Затраты труда | D114: чел-ч | E114: =Source!AQ75 -> 79.75 | G114: =Source!DI75 | L114: =Source!U75 -> 9.57
A115: =Source!E76 -> 11,1 | B115: =Source!F76 -> 302-1318 | C115: =Source!G76 -> Трубопроводы из стальных электросварных труб с гильзами для отопления и водоснабжения, наружный диаметр 76 мм, толщина стенки 3,5 мм | D115: =Source!H76 -> м | E115: =Source!I76 -> 12 | F115: =Source!AK76 -> 53.12 | H115: =ROUND(Source!CQ76*Source!I76/IF(Source!BC76<> 0, Source!BC76, 1), 2)+ROUND(Source!CR76*Source!I76/IF(Source!BB76<> 0, Source!BB76, 1), 2)+ROUND(Source!CT76*Source!I76/IF(Source!BA76<> 0, Source!BA76, 1), 2) -> 637.44 | J115: =IF(Source!BC76<> 0, Source!BC76, 1) -> 1 | K115: =Source!O76 -> 637.44 | S115: =ROUND((Source!FX76/100)*((ROUND(Source!CT76*Source!I76/IF(Source!BA76<> 0, Source!BA76, 1), 2)+ROUND(Source!CS76*Source!I76/IF(Source!BS76<> 0, Source!BS76, 1), 2))), 2) -> 0 | T115: =Source!X76 -> 0 | U115: =ROUND((Source!FY76/100)*((ROUND(Source!CT76*Source!I76/IF(Source!BA76<> 0, Source!BA76, 1), 2)+ROUND(Source!CS76*Source!I76/IF(Source!BS76<> 0, Source!BS76, 1), 2))), 2) -> 0 | V115: =Source!Y76 -> 0 | Y115: =IF(Source!BI76=3,H115, 0) -> 0
...

Sheet Source
A1: 0 | B1: Smeta.RU (495) 974-1589 | D1: _PS_ | F1: 0 | G1: 0 | H1: 0 | I1: Smeta.RU | K1: 1 | L1: 43366
A12: 1 | B12: 602 | C12: 0 | D12: =ROW(A547) -> 547 | E12: 0 | F12: Новый объект | G12: Устройство и пусконаладка системы кондиционирования | I12: 0 | O12: 0 | P12: 0 | Q12: 0 | R12: 0 | V12: 0 | BH12: Сметные нормы списания | BI12: Коды ценников | BJ12: 1 | BK12: 1 | BL12: 0 | BM12: 0 | BN12: 1 | BO12: 0 | BP12: 6 | BQ12: 2 | BR12: 1 | BS12: 1 | BT12: 0 | BU12: 0 | BV12: 0 | BW12: 0 | BX12: 0 | BY12: Федеральная сметно-нормативная база (ФСНБ) | BZ12: ТР для Версии 8: Центральные регионы (с учетом п-ма 2536-ИП/12/ГС от 27.11.12) | CA12: ФЕР-2001 | CB12: ФЕР-2001 | CC12: ФЕР-2001 | CD12: ФЕР-2001 | CE12: Поправки для НБ 2001 года в ред. 2009 года от 29.03.2011 | CF12: 0 | CG12: 0 | CH12: 8 | EC12: 0
A15: 15 | B15: 1
A18: 52 | B18: =B547 -> 602 | C18: =C547 -> 1 | D18: =D547 -> 12 | E18: =E547 -> 0 | F18: =F547 -> Новый объект | G18: =G547 -> Устройство и пусконаладка системы кондиционирования | O18: =O547 -> 3093513.3 | P18: =P547 -> 2880556.6 | Q18: =Q547 -> 73732.82 | R18: =R547 -> 7844.01 | S18: =S547 -> 139223.91 | T18: =T547 -> 0 | U18: =U547 -> 12829.978 | V18: =V547 -> 580.81405 | ... DN18: =DN547 -> 0
A20: 3 | B20: 1 | D20: =ROW(A526) -> 526 | F20: Новая локальная смета | G20: Новая локальная смета | I20: 0 | K20: 0 | V20: 0 | BX20: 0 | CF20: 0 | CG20: 0
A22: 52 | B22: =B526 -> 1 | C22: =C526 -> 3 | D22: =D526 -> 20 | E22: =E526 -> 0 | F22: =F526 -> Новая локальная смета | G22: =G526 -> Новая локальная смета | O22: =O526 -> 3093513.3 | P22: =P526 -> 2880556.6 | Q22: =Q526 -> 73732.82 | R22: =R526 -> 7844.01 | S22: =S526 -> 139223.91 | T22: =T526 -> 0 | U22: =U526 -> 12829.978 | V22: =V526 -> 580.81405 | ... DN22: =DN526 -> 0
A24: 4 | B24: 1 | D24: =ROW(A35) -> 35 | F24: Новый раздел | G24: Устройство фунтамента под монтаж чиллерных установок | I24: 0 | K24: -1 | V24: 0 | BX24: 0 | CJ24: 0
A26: 52 | B26: =B35 -> 1 | C26: =C35 -> 4 | D26: =D35 -> 24 | E26: =E35 -> 0 | F26: =F35 -> Новый раздел | G26: =G35 -> Устройство фунтамента под монтаж чиллерных установок | O26: =O35 -> 37644.47 | P26: =P35 -> 34498.14 | Q26: =Q35 -> 2766.89 | R26: =R35 -> 179.67 | S26: =S35 -> 379.44 | T26: =T35 -> 0 | U26: =U35 -> 40.386 | V26: =V35 -> 11.512 | ... DN26: =DN35 -> 0
A28: 17 | B28: 1 | C28: =ROW(SmtRes!A22) -> 22 | D28: =ROW(EtalonRes!A19) -> 19 | E28: 1 | F28: 05-01-011-2 | G28: Погружение дизель-молотом копровой установки на базе трактора стальных свай шпунтового ряда массой 1 м до 50 кг, длиной до 8 м в грунты группы 2 | H28: 1 т свай | I28: 2.2 | J28: 0 | O28: =ROUND(CP28,2) -> 18237.48 | P28: =ROUND(CQ28*I28,2) -> 15165.66 | Q28: =ROUND(CR28*I28,2) -> 2700.61 | R28: =ROUND(CS28*I28,2) -> 173.05 | S28: =ROUND(CT28*I28,2) -> 371.21 | T28: =ROUND(CU28*I28,2) -> 0 | U28: =CV28*I28 -> 39.49 | V28: =CW28*I28 -> 11.022 | W28: =ROUND(CX28*I28,2) -> 0 | X28: =ROUND(CY28,2) -> 604.13 | Y28: =ROUND(CZ28,2) -> 348.33 | AA28: 22723180 | AB28: =ROUND((AC28+AD28+AF28),6) -> 8289.76 | AC28: =ROUND((ES28),6) -> 6893.48 | AD28: =ROUND((((ET28)-(EU28))+AE28),6) -> 1227.55 | AE28: =ROUND((EU28),6) -> 78.66 | AF28: =ROUND((EV28),6) -> 168.73 | AG28: =ROUND((AP28),6) -> 0 | AH28: =(EW28) -> 17.95 | AI28: =(EX28) -> 5.01 | AJ28: =ROUND((AS28),6) -> 0 | AK28: 8289.76 | AL28: 6893.48 | AM28: 1227.55 | AN28: 78.66 | AO28: 168.73 | AP28: 0 | AQ28: 17.95 | AR28: 5.01 | AS28: 0 | AT28: 111 | AU28: 64 | AV28: 1 | AW28: 1 | AZ28: 1 | BA28: 1 | BB28: 1 | BC28: 1 | BH28: 0 | BI28: 1 | BJ28: ФЕР05-01-011-2 пр.№ 253 от 17 ноября 2008 г | BM28: 5001 | BN28: 0 | BP28: 0 | BQ28: 2 | BS28: 1 | BT28: 1 | BU28: 1 | BV28: 1 | BW28: 1 | BX28: 1 | BZ28: 130 | CA28: 80 | CF28: 0 | CG28: 0 | CM28: 0 | CO28: 0 | CP28: =(P28+Q28+S28) -> 18237.48 | CQ28: =(AC28)*BC28 -> 6893.48 | CR28: =(AD28)*BB28 -> 1227.55 | CS28: =(AE28)*BS28 -> 78.66 | CT28: =(AF28)*BA28 -> 168.73 | CU28: =AG28 -> 0 | CV28: =AH28 -> 17.95 | CW28: =AI28 -> 5.01 | CX28: =AJ28 -> 0 | CY28: =(((S28+R28)*AT28)/100) -> 604.1286 | CZ28: =(((S28+R28)*AU28)/100) -> 348.3264 | DN28: 0 | DO28: 0 | DP28: 1 | DQ28: 1 | DU28: 1013 | DV28: 1 т свай | DW28: 1 т свай | DX28: 1 | EE28: 20678640 | EF28: 2 | EG28: Общестроительные работы | EH28: 0 | EJ28: 1 | EK28: 5001 | EL28: Свайные работы | EM28: ФЕР-05 | EQ28: 0 | ER28: 8289.76 | ES28: 6893.48 | ET28: 1227.55 | EU28: 78.66 | EV28: 168.73 | EW28: 17.95 | EX28: 5.01 | EY28: 0 | EZ28: 0 | FQ28: 0 | FR28: =ROUND(IF(AND(BH28=3,BI28=3),P28,0),2) -> 0 | FS28: 0 | FV28: *0,85 | FW28: *0,8 | FX28: 130 | FY28: 80 | GG28: 2 | GH28: 1 | GI28: -2 | GJ28: 0 | GK28: =ROUND(R28*(R12)/100,2) -> 0 | GL28: =ROUND(IF(AND(BH28=3,BI28=3,FS28<>0),P28,0),2) -> 0 | GM28: =O28+X28+Y28 -> 19189.94 | GN28: =ROUND(IF(OR(BI28=0,BI28=1),O28+X28+Y28,0),2) -> 19189.94 | GO28: =ROUND(IF(BI28=2,O28+X28+Y28,0),2) -> 0 | GP28: =ROUND(IF(BI28=4,O28+X28+Y28,0),2) -> 0 | GR28: 0
A29: 18 | B29: 1 | C29: 20 | E29: 1,1 | F29: Цена поставщика | G29: Свая винтовая СВС-219 (Цена без НДС 8092,33/6,32) | H29: шт. | I29: =I28*J29 -> 12 | J29: 5.4545455 | O29: =ROUND(CP29,2) -> 15365.16 | P29: =ROUND(CQ29*I29,2) -> 15365.16 | Q29: =ROUND(CR29*I29,2) -> 0 | R29: =ROUND(CS29*I29,2) -> 0 | S29: =ROUND(CT29*I29,2) -> 0 | T29: =ROUND(CU29*I29,2) -> 0 | U29: =CV29*I29 -> 0 | V29: =CW29*I29 -> 0 | W29: =ROUND(CX29*I29,2) -> 0 | X29: =ROUND(CY29,2) -> 0 | Y29: =ROUND(CZ29,2) -> 0 | AA29: 22723180 | AB29: =ROUND((AC29+AD29+AF29),6) -> 1280.43 | AC29: =ROUND((ES29),6) -> 1280.43 | AD29: =ROUND((((ET29)-(EU29))+AE29),6) -> 0 | AE29: =ROUND((EU29),6) -> 0 | AF29: =ROUND((EV29),6) -> 0 | AG29: =ROUND((AP29),6) -> 0 | AH29: =(EW29) -> 0 | AI29: =(EX29) -> 0 | AJ29: =ROUND((AS29),6) -> 0 | AK29: 1280.43 | AL29: 1280.43 | AM29: 0 | AN29: 0 | AO29: 0 | AP29: 0 | AQ29: 0 | AR29: 0 | AS29: 0 | AT29: 111 | AU29: 64 | AV29: 1 | AW29: 1 | AZ29: 1 | BA29: 1 | BB29: 1 | BC29: 1 | BH29: 3 | BI29: 1 | BM29: 5001 | BN29: 0 | BP29: 0 | BQ29: 2 | BS29: 1 | BT29: 1 | BU29: 1 | BV29: 1 | BW29: 1 | BX29: 1 | BZ29: 130 | CA29: 80 | CF29: 0 | CG29: 0 | CM29: 0 | CO29: 0 | CP29: =(P29+Q29+S29) -> 15365.16 | CQ29: =(AC29)*BC29 -> 1280.43 | CR29: =(AD29)*BB29 -> 0 | CS29: =(AE29)*BS29 -> 0 | CT29: =(AF29)*BA29 -> 0 | CU29: =AG29 -> 0 | CV29: =AH29 -> 0 | CW29: =AI29 -> 0 | CX29: =AJ29 -> 0 | CY29: =(((S29+R29)*AT29)/100) -> 0 | CZ29: =(((S29+R29)*AU29)/100) -> 0 | DN29: 0 | DO29: 0 | DP29: 1 | DQ29: 1 | DU29: 1010 | DV29: шт. | DW29: шт. | DX29: 1 | EE29: 20678640 | EF29: 2 | EG29: Общестроительные работы | EH29: 0 | EJ29: 1 | EK29: 5001 | EL29: Свайные работы | EM29: ФЕР-05 | EQ29: 0 | ER29: 0 | ES29: 1280.43 | ET29: 0 | EU29: 0 | EV29: 0 | EW29: 0 | EX29: 0 | EZ29: 0 | FQ29: 0 | FR29: =ROUND(IF(AND(BH29=3,BI29=3),P29,0),2) -> 0 | FS29: 0 | FV29: *0,85 | FW29: *0,8 | FX29: 130 | FY29: 80 | GA29: занесена вручную | GG29: 2 | GH29: 0 | GI29: -2 | GJ29: 0 | GK29: =ROUND(R29*(R12)/100,2) -> 0 | GL29: =ROUND(IF(AND(BH29=3,BI29=3,FS29<>0),P29,0),2) -> 0 | GM29: =O29+X29+Y29 -> 15365.16 | GN29: =ROUND(IF(OR(BI29=0,BI29=1),O29+X29+Y29,0),2) -> 15365.16 | GO29: =ROUND(IF(BI29=2,O29+X29+Y29,0),2) -> 0 | GP29: =ROUND(IF(BI29=4,O29+X29+Y29,0),2) -> 0 | GR29: 0
A30: 18 | B30: 1 | C30: 21 | E30: 1,2 | F30: Цена поставщика | G30: Оголовок сваи (Цена без НДС 211,86/6,32) | H30: шт. | I30: =I28*J30 -> 12 | J30: 5.4545455 | O30: =ROUND(CP30,2) -> 402.24 | P30: =ROUND(CQ30*I30,2) -> 402.24 | Q30: =ROUND(CR30*I30,2) -> 0 | R30: =ROUND(CS30*I30,2) -> 0 | S30: =ROUND(CT30*I30,2) -> 0 | T30: =ROUND(CU30*I30,2) -> 0 | U30: =CV30*I30 -> 0 | V30: =CW30*I30 -> 0 | W30: =ROUND(CX30*I30,2) -> 0 | X30: =ROUND(CY30,2) -> 0 | Y30: =ROUND(CZ30,2) -> 0 | AA30: 22723180 | AB30: =ROUND((AC30+AD30+AF30),6) -> 33.52 | AC30: =ROUND((ES30),6) -> 33.52 | AD30: =ROUND((((ET30)-(EU30))+AE30),6) -> 0 | AE30: =ROUND((EU30),6) -> 0 | AF30: =ROUND((EV30),6) -> 0 | AG30: =ROUND((AP30),6) -> 0 | AH30: =(EW30) -> 0 | AI30: =(EX30) -> 0 | AJ30: =ROUND((AS30),6) -> 0 | AK30: 33.52 | AL30: 33.52 | AM30: 0 | AN30: 0 | AO30: 0 | AP30: 0 | AQ30: 0 | AR30: 0 | AS30: 0 | AT30: 111 | AU30: 64 | AV30: 1 | AW30: 1 | AZ30: 1 | BA30: 1 | BB30: 1 | BC30: 1 | BH30: 3 | BI30: 1 | BM30: 5001 | BN30: 0 | BP30: 0 | BQ30: 2 | BS30: 1 | BT30: 1 | BU30: 1 | BV30: 1 | BW30: 1 | BX30: 1 | BZ30: 130 | CA30: 80 | CF30: 0 | CG30: 0 | CM30: 0 | CO30: 0 | CP30: =(P30+Q30+S30) -> 402.24 | CQ30: =(AC30)*BC30 -> 33.52 | CR30: =(AD30)*BB30 -> 0 | CS30: =(AE30)*BS30 -> 0 | CT30: =(AF30)*BA30 -> 0 | CU30: =AG30 -> 0 | CV30: =AH30 -> 0 | CW30: =AI30 -> 0 | CX30: =AJ30 -> 0 | CY30: =(((S30+R30)*AT30)/100) -> 0 | CZ30: =(((S30+R30)*AU30)/100) -> 0 | DN30: 0 | DO30: 0 | DP30: 1 | DQ30: 1 | DU30: 1010 | DV30: шт. | DW30: шт. | DX30: 1 | EE30: 20678640 | EF30: 2 | EG30: Общестроительные работы | EH30: 0 | EJ30: 1 | EK30: 5001 | EL30: Свайные работы | EM30: ФЕР-05 | EQ30: 0 | ER30: 0 | ES30: 33.52 | ET30: 0 | EU30: 0 | EV30: 0 | EW30: 0 | EX30: 0 | EZ30: 0 | FQ30: 0 | FR30: =ROUND(IF(AND(BH30=3,BI30=3),P30,0),2) -> 0 | FS30: 0 | FV30: *0,85 | FW30: *0,8 | FX30: 130 | FY30: 80 | GA30: занесена вручную | GG30: 2 | GH30: 0 | GI30: -2 | GJ30: 0 | GK30: =ROUND(R30*(R12)/100,2) -> 0 | GL30: =ROUND(IF(AND(BH30=3,BI30=3,FS30<>0),P30,0),2) -> 0 | GM30: =O30+X30+Y30 -> 402.24 | GN30: =ROUND(IF(OR(BI30=0,BI30=1),O30+X30+Y30,0),2) -> 402.24 | GO30: =ROUND(IF(BI30=2,O30+X30+Y30,0),2) -> 0 | GP30: =ROUND(IF(BI30=4,O30+X30+Y30,0),2) -> 0 | GR30: 0
A31: 18 | B31: 1 | C31: 22 | E31: 1,3 | F31: Цена поставщика | G31: Балка двутавровая №20 (Цена без НДС 22881,36/6,32) | H31: т | I31: =I28*J31 -> 0.714 | J31: 0.32454545 | O31: =ROUND(CP31,2) -> 2585.02 | P31: =ROUND(CQ31*I31,2) -> 2585.02 | Q31: =ROUND(CR31*I31,2) -> 0 | R31: =ROUND(CS31*I31,2) -> 0 | S31: =ROUND(CT31*I31,2) -> 0 | T31: =ROUND(CU31*I31,2) -> 0 | U31: =CV31*I31 -> 0 | V31: =CW31*I31 -> 0 | W31: =ROUND(CX31*I31,2) -> 0 | X31: =ROUND(CY31,2) -> 0 | Y31: =ROUND(CZ31,2) -> 0 | AA31: 22723180 | AB31: =ROUND((AC31+AD31+AF31),6) -> 3620.47 | AC31: =ROUND((ES31),6) -> 3620.47 | AD31: =ROUND((((ET31)-(EU31))+AE31),6) -> 0 | AE31: =ROUND((EU31),6) -> 0 | AF31: =ROUND((EV31),6) -> 0 | AG31: =ROUND((AP31),6) -> 0 | AH31: =(EW31) -> 0 | AI31: =(EX31) -> 0 | AJ31: =ROUND((AS31),6) -> 0 | AK31: 3620.47 | AL31: 3620.47 | AM31: 0 | AN31: 0 | AO31: 0 | AP31: 0 | AQ31: 0 | AR31: 0 | AS31: 0 | AT31: 111 | AU31: 64 | AV31: 1 | AW31: 1 | AZ31: 1 | BA31: 1 | BB31: 1 | BC31: 1 | BH31: 3 | BI31: 1 | BM31: 5001 | BN31: 0 | BP31: 0 | BQ31: 2 | BS31: 1 | BT31: 1 | BU31: 1 | BV31: 1 | BW31: 1 | BX31: 1 | BZ31: 130 | CA31: 80 | CF31: 0 | CG31: 0 | CM31: 0 | CO31: 0 | CP31: =(P31+Q31+S31) -> 2585.02 | CQ31: =(AC31)*BC31 -> 3620.47 | CR31: =(AD31)*BB31 -> 0 | CS31: =(AE31)*BS31 -> 0 | CT31: =(AF31)*BA31 -> 0 | CU31: =AG31 -> 0 | CV31: =AH31 -> 0 | CW31: =AI31 -> 0 | CX31: =AJ31 -> 0 | CY31: =(((S31+R31)*AT31)/100) -> 0 | CZ31: =(((S31+R31)*AU31)/100) -> 0 | DN31: 0 | DO31: 0 | DP31: 1 | DQ31: 1 | DU31: 1012 | DV31: т | DW31: тонна | DX31: 1 | EE31: 20678640 | EF31: 2 | EG31: Общестроительные работы | EH31: 0 | EJ31: 1 | EK31: 5001 | EL31: Свайные работы | EM31: ФЕР-05 | EQ31: 0 | ER31: 0 | ES31: 3620.47 | ET31: 0 | EU31: 0 | EV31: 0 | EW31: 0 | EX31: 0 | EZ31: 0 | FQ31: 0 | FR31: =ROUND(IF(AND(BH31=3,BI31=3),P31,0),2) -> 0 | FS31: 0 | FV31: *0,85 | FW31: *0,8 | FX31: 130 | FY31: 80 | GA31: занесена вручную | GG31: 2 | GH31: 0 | GI31: -2 | GJ31: 0 | GK31: =ROUND(R31*(R12)/100,2) -> 0 | GL31: =ROUND(IF(AND(BH31=3,BI31=3,FS31<>0),P31,0),2) -> 0 | GM31: =O31+X31+Y31 -> 2585.02 | GN31: =ROUND(IF(OR(BI31=0,BI31=1),O31+X31+Y31,0),2) -> 2585.02 | GO31: =ROUND(IF(BI31=2,O31+X31+Y31,0),2) -> 0 | GP31: =ROUND(IF(BI31=4,O31+X31+Y31,0),2) -> 0 | GR31: 0
A32: 17 | B32: 1 | C32: =ROW(SmtRes!A29) -> 29 | D32: =ROW(EtalonRes!A27) -> 27 | E32: 2 | F32: 05-01-062-1 | G32: Бетонирование свай | H32: 1 м3 конструктивного объема свай | I32: 1.4 | J32: 0 | O32: =ROUND(CP32,2) -> 284.79 | P32: =ROUND(CQ32*I32,2) -> 210.28 | Q32: =ROUND(CR32*I32,2) -> 66.28 | R32: =ROUND(CS32*I32,2) -> 6.62 | S32: =ROUND(CT32*I32,2) -> 8.23 | T32: =ROUND(CU32*I32,2) -> 0 | U32: =CV32*I32 -> 0.896 | V32: =CW32*I32 -> 0.49 | W32: =ROUND(CX32*I32,2) -> 0 | X32: =ROUND(CY32,2) -> 16.48 | Y32: =ROUND(CZ32,2) -> 9.5 | AA32: 22723180 | AB32: =ROUND((AC32+AD32+AF32),6) -> 203.42 | AC32: =ROUND((ES32),6) -> 150.2 | AD32: =ROUND((((ET32)-(EU32))+AE32),6) -> 47.34 | AE32: =ROUND((EU32),6) -> 4.73 | AF32: =ROUND((EV32),6) -> 5.88 | AG32: =ROUND((AP32),6) -> 0 | AH32: =(EW32) -> 0.64 | AI32: =(EX32) -> 0.35 | AJ32: =ROUND((AS32),6) -> 0 | AK32: 203.42 | AL32: 150.2 | AM32: 47.34 | AN32: 4.73 | AO32: 5.88 | AP32: 0 | AQ32: 0.64 | AR32: 0.35 | AS32: 0 | AT32: 111 | AU32: 64 | AV32: 1 | AW32: 1 | AZ32: 1 | BA32: 1 | BB32: 1 | BC32: 1 | BH32: 0 | BI32: 1 | BJ32: ФЕР05-01-062-1 пр.№ 253 от 17 ноября 2008 г | BM32: 5001 | BN32: 0 | BP32: 0 | BQ32: 2 | BS32: 1 | BT32: 1 | BU32: 1 | BV32: 1 | BW32: 1 | BX32: 1 | BZ32: 130 | CA32: 80 | CF32: 0 | CG32: 0 | CM32: 0 | CO32: 0 | CP32: =(P32+Q32+S32) -> 284.79 | CQ32: =(AC32)*BC32 -> 150.2 | CR32: =(AD32)*BB32 -> 47.34 | CS32: =(AE32)*BS32 -> 4.73 | CT32: =(AF32)*BA32 -> 5.88 | CU32: =AG32 -> 0 | CV32: =AH32 -> 0.64 | CW32: =AI32 -> 0.35 | CX32: =AJ32 -> 0 | CY32: =(((S32+R32)*AT32)/100) -> 16.4835 | CZ32: =(((S32+R32)*AU32)/100) -> 9.504 | DN32: 0 | DO32: 0 | DP32: 1 | DQ32: 1 | DU32: 1013 | DV32: 1 м3 конструктивного объема свай | DW32: 1 м3 конструктивного объема свай | DX32: 1 | EE32: 20678640 | EF32: 2 | EG32: Общестроительные работы | EH32: 0 | EJ32: 1 | EK32: 5001 | EL32: Свайные работы | EM32: ФЕР-05 | EQ32: 0 | ER32: 203.42 | ES32: 150.2 | ET32: 47.34 | EU32: 4.73 | EV32: 5.88 | EW32: 0.64 | EX32: 0.35 | EY32: 0 | EZ32: 0 | FQ32: 0 | FR32: =ROUND(IF(AND(BH32=3,BI32=3),P32,0),2) -> 0 | FS32: 0 | FV32: *0,85 | FW32: *0,8 | FX32: 130 | FY32: 80 | GG32: 2 | GH32: 1 | GI32: -2 | GJ32: 0 | GK32: =ROUND(R32*(R12)/100,2) -> 0 | GL32: =ROUND(IF(AND(BH32=3,BI32=3,FS32<>0),P32,0),2) -> 0 | GM32: =O32+X32+Y32 -> 310.77 | GN32: =ROUND(IF(OR(BI32=0,BI32=1),O32+X32+Y32,0),2) -> 310.77 | GO32: =ROUND(IF(BI32=2,O32+X32+Y32,0),2) -> 0 | GP32: =ROUND(IF(BI32=4,O32+X32+Y32,0),2) -> 0 | GR32: 0
A33: 17 | B33: 1 | E33: 3 | F33: Цена поставщика | G33: Бетон М300 (Цена без НДС 3475/6,32) | H33: м3 | I33: 1.4 | J33: 0 | O33: =ROUND(CP33,2) -> 769.78 | P33: =ROUND(CQ33*I33,2) -> 769.78 | Q33: =ROUND(CR33*I33,2) -> 0 | R33: =ROUND(CS33*I33,2) -> 0 | S33: =ROUND(CT33*I33,2) -> 0 | T33: =ROUND(CU33*I33,2) -> 0 | U33: =CV33*I33 -> 0 | V33: =CW33*I33 -> 0 | W33: =ROUND(CX33*I33,2) -> 0 | X33: =ROUND(CY33,2) -> 0 | Y33: =ROUND(CZ33,2) -> 0 | AA33: 22723180 | AB33: =ROUND((AC33+AD33+AF33),6) -> 549.84 | AC33: =ROUND((ES33),6) -> 549.84 | AD33: =ROUND((((ET33)-(EU33))+AE33),6) -> 0 | AE33: =ROUND((EU33),6) -> 0 | AF33: =ROUND((EV33),6) -> 0 | AG33: =ROUND((AP33),6) -> 0 | AH33: =(EW33) -> 0 | AI33: =(EX33) -> 0 | AJ33: =ROUND((AS33),6) -> 0 | AK33: 549.84 | AL33: 549.84 | AM33: 0 | AN33: 0 | AO33: 0 | AP33: 0 | AQ33: 0 | AR33: 0 | AS33: 0 | AT33: 0 | AU33: 0 | AV33: 1 | AW33: 1 | AZ33: 1 | BA33: 1 | BB33: 1 | BC33: 1 | BH33: 3 | BI33: 1 | BM33: 1100 | BN33: 0 | BP33: 0 | BQ33: 8 | BS33: 1 | BT33: 1 | BU33: 1 | BV33: 1 | BW33: 1 | BX33: 1 | BZ33: 0 | CA33: 0 | CF33: 0 | CG33: 0 | CM33: 0 | CO33: 0 | CP33: =(P33+Q33+S33) -> 769.78 | CQ33: =(AC33)*BC33 -> 549.84 | CR33: =(AD33)*BB33 -> 0 | CS33: =(AE33)*BS33 -> 0 | CT33: =(AF33)*BA33 -> 0 | CU33: =AG33 -> 0 | CV33: =AH33 -> 0 | CW33: =AI33 -> 0 | CX33: =AJ33 -> 0 | CY33: =(((S33+R33)*AT33)/100) -> 0 | CZ33: =(((S33+R33)*AU33)/100) -> 0 | DN33: 0 | DO33: 0 | DP33: 1 | DQ33: 1 | DU33: 1007 | DV33: м3 | DW33: м3 | DX33: 1 | EE33: 20678837 | EF33: 8 | EG33: Материалы строительные | EH33: 0 | EJ33: 1 | EK33: 1100 | EL33: Материалы, изделия и конструкции | EM33: материалы (03) | EQ33: 0 | ER33: 0 | ES33: 549.84 | ET33: 0 | EU33: 0 | EV33: 0 | EW33: 0 | EX33: 0 | EY33: 0 | EZ33: 0 | FQ33: 0 | FR33: =ROUND(IF(AND(BH33=3,BI33=3),P33,0),2) -> 0 | FS33: 0 | FX33: 0 | FY33: 0 | GA33: занесена вручную | GG33: 2 | GH33: 0 | GI33: -2 | GJ33: 0 | GK33: =ROUND(R33*(R12)/100,2) -> 0 | GL33: =ROUND(IF(AND(BH33=3,BI33=3,FS33<>0),P33,0),2) -> 0 | GM33: =O33+X33+Y33 -> 769.78 | GN33: =ROUND(IF(OR(BI33=0,BI33=1),O33+X33+Y33,0),2) -> 769.78 | GO33: =ROUND(IF(BI33=2,O33+X33+Y33,0),2) -> 0 | GP33: =ROUND(IF(BI33=4,O33+X33+Y33,0),2) -> 0 | GR33: 0
A35: 51 | B35: =B24 -> 1 | C35: =A24 -> 4 | D35: =ROW(A24) -> 24 | F35: =IF(F24<>"",F24,"") -> Новый раздел | G35: =IF(G24<>"",G24,"") -> Устройство фунтамента под монтаж чиллерных установок | O35: =ROUND(AB35,2) -> 37644.47 | P35: =ROUND(AC35,2) -> 34498.14 | Q35: =ROUND(AD35,2) -> 2766.89 | R35: =ROUND(AE35,2) -> 179.67 | S35: =ROUND(AF35,2) -> 379.44 | T35: =ROUND(AG35,2) -> 0 | U35: =AH35 -> 40.386 | V35: =AI35 -> 11.512 | W35: =ROUND(AJ35,2) -> 0 | X35: =ROUND(AK35,2) -> 620.61 | Y35: =ROUND(AL35,2) -> 357.83 | AB35: =ROUND(SUMIF(AA28:AA33,"=22723180",O28:O33),2) -> 37644.47 | AC35: =ROUND(SUMIF(AA28:AA33,"=22723180",P28:P33),2) -> 34498.14 | AD35: =ROUND(SUMIF(AA28:AA33,"=22723180",Q28:Q33),2) -> 2766.89 | AE35: =ROUND(SUMIF(AA28:AA33,"=22723180",R28:R33),2) -> 179.67 | AF35: =ROUND(SUMIF(AA28:AA33,"=22723180",S28:S33),2) -> 379.44 | AG35: =ROUND(SUMIF(AA28:AA33,"=22723180",T28:T33),2) -> 0 | AH35: =SUMIF(AA28:AA33,"=22723180",U28:U33) -> 40.386 | AI35: =SUMIF(AA28:AA33,"=22723180",V28:V33) -> 11.512 | AJ35: =ROUND(SUMIF(AA28:AA33,"=22723180",W28:W33),2) -> 0 | AK35: =ROUND(SUMIF(AA28:AA33,"=22723180",X28:X33),2) -> 620.61 | AL35: =ROUND(SUMIF(AA28:AA33,"=22723180",Y28:Y33),2) -> 357.83 | AO35: =ROUND(BB35,2) -> 0 | AP35: =ROUND(BC35,2) -> 0 | AQ35: =ROUND(BD35,2) -> 0 | AR35: =ROUND(BE35,2) -> 38622.91 | AS35: =ROUND(BF35,2) -> 38622.91 | AT35: =ROUND(BG35,2) -> 0 | AU35: =ROUND(BH35,2) -> 0 | BB35: =ROUND(SUMIF(AA28:AA33,"=22723180",FQ28:FQ33),2) -> 0 | BC35: =ROUND(SUMIF(AA28:AA33,"=22723180",FR28:FR33),2) -> 0 | BD35: =ROUND(SUMIF(AA28:AA33,"=22723180",GL28:GL33),2) -> 0 | BE35: =ROUND(SUMIF(AA28:AA33,"=22723180",GM28:GM33),2) -> 38622.91 | BF35: =ROUND(SUMIF(AA28:AA33,"=22723180",GN28:GN33),2) -> 38622.91 | BG35: =ROUND(SUMIF(AA28:AA33,"=22723180",GO28:GO33),2) -> 0 | BH35: =ROUND(SUMIF(AA28:AA33,"=22723180",GP28:GP33),2) -> 0 | DN35: 0
A37: 50 | B37: 0 | C37: 0 | D37: 1 | E37: 201 | F37: =ROUND(Source!O35,O37) -> 37644.47 | G37: ПЗ | H37: Прямые затраты | K37: 201 | L37: 1 | M37: 3 | O37: 2
A38: 50 | B38: 0 | C38: 0 | D38: 1 | E38: 202 | F38: =ROUND(Source!P35,O38) -> 34498.14 | G38: СтМат | H38: Стоимость материальных ресурсов | K38: 202 | L38: 2 | M38: 3 | O38: 2
A39: 50 | B39: 0 | C39: 0 | D39: 1 | E39: 222 | F39: =ROUND(Source!AO35,O39) -> 0 | G39: СтМатЗак | H39: Стоимость материалов заказчика | K39: 222 | L39: 3 | M39: 3 | O39: 2
A40: 50 | B40: 0 | C40: 0 | D40: 1 | E40: 216 | F40: =ROUND(Source!AP35,O40) -> 0 | G40: Оборуд | H40: Стоимость оборудования | K40: 216 | L40: 4 | M40: 3 | O40: 2
A41: 50 | B41: 0 | C41: 0 | D41: 1 | E41: 223 | F41: =ROUND(Source!AQ35,O41) -> 0 | G41: ОборудЗак | H41: Стоимость оборудования заказчика | K41: 223 | L41: 5 | M41: 3 | O41: 2
A42: 50 | B42: 0 | C42: 0 | D42: 1 | E42: 203 | F42: =ROUND(Source!Q35,O42) -> 2766.89 | G42: ЭММ | H42: Эксплуатация машин | K42: 203 | L42: 6 | M42: 3 | O42: 2
A43: 50 | B43: 0 | C43: 0 | D43: 1 | E43: 204 | F43: =ROUND(Source!R35,O43) -> 179.67 | G43: ЗПМ | H43: ЗП машинистов | K43: 204 | L43: 7 | M43: 3 | O43: 2
A44: 50 | B44: 0 | C44: 0 | D44: 1 | E44: 205 | F44: =ROUND(Source!S35,O44) -> 379.44 | G44: ОЗП | H44: Основная ЗП рабочих | K44: 205 | L44: 8 | M44: 3 | O44: 2
A45: 50 | B45: 0 | C45: 0 | D45: 1 | E45: 214 | F45: =ROUND(Source!AS35,O45) -> 38622.91 | G45: Строит | H45: Строительные работы с НР и СП | K45: 214 | L45: 9 | M45: 3 | O45: 2
A46: 50 | B46: 0 | C46: 0 | D46: 1 | E46: 215 | F46: =ROUND(Source!AT35,O46) -> 0 | G46: Монтаж | H46: Монтажные работы с НР и СП | K46: 215 | L46: 10 | M46: 3 | O46: 2
A47: 50 | B47: 0 | C47: 0 | D47: 1 | E47: 217 | F47: =ROUND(Source!AU35,O47) -> 0 | G47: Прочие | H47: Прочие работы с НР и СП | K47: 217 | L47: 11 | M47: 3 | O47: 2
A48: 50 | B48: 0 | C48: 0 | D48: 1 | E48: 206 | F48: =ROUND(Source!T35,O48) -> 0 | G48: ВозврМат | H48: Возврат материалов | K48: 206 | L48: 12 | M48: 3 | O48: 2
A49: 50 | B49: 0 | C49: 0 | D49: 1 | E49: 207 | F49: =Source!U35 -> 40.386 | G49: ТрудСтр | H49: Трудозатраты строителей | K49: 207 | L49: 13 | M49: 3 | O49: -1
A50: 50 | B50: 0 | C50: 0 | D50: 1 | E50: 208 | F50: =Source!V35 -> 11.512 | G50: ТрудМаш | H50: Трудозатраты машинистов | K50: 208 | L50: 14 | M50: 3 | O50: -1
A51: 50 | B51: 0 | C51: 0 | D51: 1 | E51: 209 | F51: =ROUND(Source!W35,O51) -> 0 | G51: ТранспМат | H51: Транспорт материалов | K51: 209 | L51: 15 | M51: 3 | O51: 2
A52: 50 | B52: 0 | C52: 0 | D52: 1 | E52: 210 | F52: =ROUND(Source!X35,O52) -> 620.61 | G52: НР | H52: Накладные расходы | K52: 210 | L52: 16 | M52: 3 | O52: 2
A53: 50 | B53: 0 | C53: 0 | D53: 1 | E53: 211 | F53: =ROUND(Source!Y35,O53) -> 357.83 | G53: СмПриб | H53: Сметная прибыль | K53: 211 | L53: 17 | M53: 3 | O53: 2
A54: 50 | B54: 0 | C54: 0 | D54: 1 | E54: 224 | F54: =ROUND(Source!AR35,O54) -> 38622.91 | G54: Всего | H54: Всего с НР и СП | K54: 224 | L54: 18 | M54: 3 | O54: 2
A56: 4 | B56: 1 | D56: =ROW(A218) -> 218 | F56: Новый раздел | G56: Система кондиционирования. Строение 1. | I56: 0 | K56: 0 | V56: 0 | BX56: 0 | CJ56: 0
A58: 52 | B58: =B218 -> 1 | C58: =C218 -> 4 | D58: =D218 -> 56 | E58: =E218 -> 0 | F58: =F218 -> Новый раздел | G58: =G218 -> Система кондиционирования. Строение 1. | O58: =O218 -> 1424173.7 | P58: =P218 -> 1356675.2 | Q58: =Q218 -> 32567.93 | R58: =R218 -> 3588.87 | S58: =S218 -> 34930.58 | T58: =T218 -> 0 | U58: =U218 -> 3729.4293 | V58: =V218 -> 266.24976 | ... DN58: =DN218 -> 0
A60: 5 | B60: 1 | D60: =ROW(A155) -> 155 | F60: Новый подраздел | G60: Монтаж системы кондиционирования | I60: 0 | K60: 0 | V60: 0 | BX60: 0 | CJ60: 0
A62: 52 | B62: =B155 -> 1 | C62: =C155 -> 5 | D62: =D155 -> 60 | E62: =E155 -> 0 | F62: =F155 -> Новый подраздел | G62: =G155 -> Монтаж системы кондиционирования | O62: =O155 -> 655533.75 | P62: =P155 -> 603076.72 | Q62: =Q155 -> 27987.93 | R62: =R155 -> 3039.63 | S62: =S155 -> 24469.1 | T62: =T155 -> 0 | U62: =U155 -> 2677.7393 | V62: =V155 -> 224.62776 | ... DN62: =DN155 -> 0
A64: 17 | B64: 1 | C64: =ROW(SmtRes!A44) -> 44 | D64: =ROW(EtalonRes!A42) -> 42 | E64: 4 | F64: 18-04-002-8 | G64: Установка баков конденсационных вместимостью до 2 м3 | H64: 1 бак | I64: 2 | J64: 0 | O64: =ROUND(CP64,2) -> 5333.72 | P64: =ROUND(CQ64*I64,2) -> 4878.42 | Q64: =ROUND(CR64*I64,2) -> 122.88 | R64: =ROUND(CS64*I64,2) -> 4.6 | S64: =ROUND(CT64*I64,2) -> 332.42 | T64: =ROUND(CU64*I64,2) -> 0 | U64: =CV64*I64 -> 37.06 | V64: =CW64*I64 -> 0.34 | W64: =ROUND(CX64*I64,2) -> 0 | X64: =ROUND(CY64,2) -> 367.35 | Y64: =ROUND(CZ64,2) -> 222.43 | AA64: 22723180 | AB64: =ROUND((AC64+AD64+AF64),6) -> 2666.86 | AC64: =ROUND((ES64),6) -> 2439.21 | AD64: =ROUND((((ET64)-(EU64))+AE64),6) -> 61.44 | AE64: =ROUND((EU64),6) -> 2.3 | AF64: =ROUND((EV64),6) -> 166.21 | AG64: =ROUND((AP64),6) -> 0 | AH64: =(EW64) -> 18.53 | AI64: =(EX64) -> 0.17 | AJ64: =ROUND((AS64),6) -> 0 | AK64: 2666.86 | AL64: 2439.21 | AM64: 61.44 | AN64: 2.3 | AO64: 166.21 | AP64: 0 | AQ64: 18.53 | AR64: 0.17 | AS64: 0 | AT64: 109 | AU64: 66 | AV64: 1 | AW64: 1 | AZ64: 1 | BA64: 1 | BB64: 1 | BC64: 1 | BH64: 0 | BI64: 1 | BJ64: ФЕР18-04-002-8 пр.№ 253 от 17 ноября 2008 г | BM64: 18001 | BN64: 0 | BP64: 0 | BQ64: 2 | BS64: 1 | BT64: 1 | BU64: 1 | BV64: 1 | BW64: 1 | BX64: 1 | BZ64: 128 | CA64: 83 | CF64: 0 | CG64: 0 | CM64: 0 | CO64: 0 | CP64: =(P64+Q64+S64) -> 5333.72 | CQ64: =(AC64)*BC64 -> 2439.21 | CR64: =(AD64)*BB64 -> 61.44 | CS64: =(AE64)*BS64 -> 2.3 | CT64: =(AF64)*BA64 -> 166.21 | CU64: =AG64 -> 0 | CV64: =AH64 -> 18.53 | CW64: =AI64 -> 0.17 | CX64: =AJ64 -> 0 | CY64: =(((S64+R64)*AT64)/100) -> 367.3518 | CZ64: =(((S64+R64)*AU64)/100) -> 222.4332 | DN64: 0 | DO64: 0 | DP64: 1 | DQ64: 1 | DU64: 1013 | DV64: 1 бак | DW64: 1 бак | DX64: 1 | EE64: 20678685 | EF64: 2 | EG64: Общестроительные работы | EH64: 0 | EJ64: 1 | EK64: 18001 | EL64: Отопление - внутренние устройства | EM64: ФЕР-18 | EQ64: 0 | ER64: 2666.86 | ES64: 2439.21 | ET64: 61.44 | EU64: 2.3 | EV64: 166.21 | EW64: 18.53 | EX64: 0.17 | EY64: 0 | EZ64: 0 | FQ64: 0 | FR64: =ROUND(IF(AND(BH64=3,BI64=3),P64,0),2) -> 0 | FS64: 0 | FV64: *0,85 | FW64: *0,8 | FX64: 128 | FY64: 83 | GG64: 2 | GH64: 1 | GI64: -2 | GJ64: 0 | GK64: =ROUND(R64*(R12)/100,2) -> 0 | GL64: =ROUND(IF(AND(BH64=3,BI64=3,FS64<>0),P64,0),2) -> 0 | GM64: =O64+X64+Y64 -> 5923.5 | GN64: =ROUND(IF(OR(BI64=0,BI64=1),O64+X64+Y64,0),2) -> 5923.5 | GO64: =ROUND(IF(BI64=2,O64+X64+Y64,0),2) -> 0 | GP64: =ROUND(IF(BI64=4,O64+X64+Y64,0),2) -> 0 | GR64: 0
A65: 17 | B65: 1 | E65: 5 | F65: Цена поставщика | G65: Мембранный расширительный бак 0,2м3 (цена=15871/1,18/6,32) | H65: шт. | I65: 1 | J65: 0 | O65: =ROUND(CP65,2) -> 824.14 | P65: =ROUND(CQ65*I65,2) -> 824.14 | Q65: =ROUND(CR65*I65,2) -> 0 | R65: =ROUND(CS65*I65,2) -> 0 | S65: =ROUND(CT65*I65,2) -> 0 | T65: =ROUND(CU65*I65,2) -> 0 | U65: =CV65*I65 -> 0 | V65: =CW65*I65 -> 0 | W65: =ROUND(CX65*I65,2) -> 0 | X65: =ROUND(CY65,2) -> 0 | Y65: =ROUND(CZ65,2) -> 0 | AA65: 22723180 | AB65: =ROUND((AC65+AD65+AF65),6) -> 824.14 | AC65: =ROUND((ES65),6) -> 824.14 | AD65: =ROUND((((ET65)-(EU65))+AE65),6) -> 0 | AE65: =ROUND((EU65),6) -> 0 | AF65: =ROUND((EV65),6) -> 0 | AG65: =ROUND((AP65),6) -> 0 | AH65: =(EW65) -> 0 | AI65: =(EX65) -> 0 | AJ65: =ROUND((AS65),6) -> 0 | AK65: 824.14 | AL65: 824.14 | AM65: 0 | AN65: 0 | AO65: 0 | AP65: 0 | AQ65: 0 | AR65: 0 | AS65: 0 | AT65: 0 | AU65: 0 | AV65: 1 | AW65: 1 | AZ65: 1 | BA65: 1 | BB65: 1 | BC65: 1 | BH65: 3 | BI65: 1 | BM65: 800001 | BN65: 0 | BP65: 0 | BQ65: 18 | BS65: 1 | BT65: 1 | BU65: 1 | BV65: 1 | BW65: 1 | BX65: 1 | BZ65: 0 | CA65: 0 | CF65: 0 | CG65: 0 | CM65: 0 | CO65: 0 | CP65: =(P65+Q65+S65) -> 824.14 | CQ65: =(AC65)*BC65 -> 824.14 | CR65: =(AD65)*BB65 -> 0 | CS65: =(AE65)*BS65 -> 0 | CT65: =(AF65)*BA65 -> 0 | CU65: =AG65 -> 0 | CV65: =AH65 -> 0 | CW65: =AI65 -> 0 | CX65: =AJ65 -> 0 | CY65: =0 -> 0 | CZ65: =0 -> 0 | DN65: 0 | DO65: 0 | DP65: 1 | DQ65: 1 | DU65: 1010 | DV65: шт. | DW65: шт. | DX65: 1 | EE65: 20678521 | EF65: 18 | EG65: Перевозка грузов жел./дор. транспортом | EH65: 0 | EJ65: 1 | EK65: 800001 | EL65: Перевозка грузов , Железнодорожные перевозки ( ФССЦпр- 2011, раздел 5 ) | EM65: ФССЦ 2011 жд | EQ65: 0 | ER65: 0 | ES65: 824.14 | ET65: 0 | EU65: 0 | EV65: 0 | EW65: 0 | EX65: 0 | EY65: 0 | EZ65: 0 | FQ65: 0 | FR65: =ROUND(IF(AND(BH65=3,BI65=3),P65,0),2) -> 0 | FS65: 0 | FX65: 0 | FY65: 0 | GA65: занесена вручную | GG65: 2 | GH65: 0 | GI65: -2 | GJ65: 0 | GK65: =ROUND(R65*(R12)/100,2) -> 0 | GL65: =ROUND(IF(AND(BH65=3,BI65=3,FS65<>0),P65,0),2) -> 0 | GM65: =O65+X65+Y65 -> 824.14 | GN65: =ROUND(IF(OR(BI65=0,BI65=1),O65+X65+Y65,0),2) -> 824.14 | GO65: =ROUND(IF(BI65=2,O65+X65+Y65,0),2) -> 0 | GP65: =ROUND(IF(BI65=4,O65+X65+Y65,0),2) -> 0 | GR65: 0
A66: 17 | B66: 1 | E66: 6 | F66: Цена поставщика | G66: Бак накопительный 200л (цена=29419/1,18/6,32) | H66: шт. | I66: 1 | J66: 0 | O66: =ROUND(CP66,2) -> 3944.83 | P66: =ROUND(CQ66*I66,2) -> 3944.83 | Q66: =ROUND(CR66*I66,2) -> 0 | R66: =ROUND(CS66*I66,2) -> 0 | S66: =ROUND(CT66*I66,2) -> 0 | T66: =ROUND(CU66*I66,2) -> 0 | U66: =CV66*I66 -> 0 | V66: =CW66*I66 -> 0 | W66: =ROUND(CX66*I66,2) -> 0 | X66: =ROUND(CY66,2) -> 0 | Y66: =ROUND(CZ66,2) -> 0 | AA66: 22723180 | AB66: =ROUND((AC66+AD66+AF66),6) -> 3944.83 | AC66: =ROUND((ES66),6) -> 3944.83 | AD66: =ROUND((((ET66)-(EU66))+AE66),6) -> 0 | AE66: =ROUND((EU66),6) -> 0 | AF66: =ROUND((EV66),6) -> 0 | AG66: =ROUND((AP66),6) -> 0 | AH66: =(EW66) -> 0 | AI66: =(EX66) -> 0 | AJ66: =ROUND((AS66),6) -> 0 | AK66: 3944.83 | AL66: 3944.83 | AM66: 0 | AN66: 0 | AO66: 0 | AP66: 0 | AQ66: 0 | AR66: 0 | AS66: 0 | AT66: 0 | AU66: 0 | AV66: 1 | AW66: 1 | AZ66: 1 | BA66: 1 | BB66: 1 | BC66: 1 | BH66: 3 | BI66: 1 | BM66: 800001 | BN66: 0 | BP66: 0 | BQ66: 18 | BS66: 1 | BT66: 1 | BU66: 1 | BV66: 1 | BW66: 1 | BX66: 1 | BZ66: 0 | CA66: 0 | CF66: 0 | CG66: 0 | CM66: 0 | CO66: 0 | CP66: =(P66+Q66+S66) -> 3944.83 | CQ66: =(AC66)*BC66 -> 3944.83 | CR66: =(AD66)*BB66 -> 0 | CS66: =(AE66)*BS66 -> 0 | CT66: =(AF66)*BA66 -> 0 | CU66: =AG66 -> 0 | CV66: =AH66 -> 0 | CW66: =AI66 -> 0 | CX66: =AJ66 -> 0 | CY66: =0 -> 0 | CZ66: =0 -> 0 | DN66: 0 | DO66: 0 | DP66: 1 | DQ66: 1 | DU66: 1010 | DV66: шт. | DW66: шт. | DX66: 1 | EE66: 20678521 | EF66: 18 | EG66: Перевозка грузов жел./дор. транспортом | EH66: 0 | EJ66: 1 | EK66: 800001 | EL66: Перевозка грузов , Железнодорожные перевозки ( ФССЦпр- 2011, раздел 5 ) | EM66: ФССЦ 2011 жд | EQ66: 0 | ER66: 0 | ES66: 3944.83 | ET66: 0 | EU66: 0 | EV66: 0 | EW66: 0 | EX66: 0 | EY66: 0 | EZ66: 0 | FQ66: 0 | FR66: =ROUND(IF(AND(BH66=3,BI66=3),P66,0),2) -> 0 | FS66: 0 | FX66: 0 | FY66: 0 | GA66: занесена вручную | GG66: 2 | GH66: 0 | GI66: -2 | GJ66: 0 | GK66: =ROUND(R66*(R12)/100,2) -> 0 | GL66: =ROUND(IF(AND(BH66=3,BI66=3,FS66<>0),P66,0),2) -> 0 | GM66: =O66+X66+Y66 -> 3944.83 | GN66: =ROUND(IF(OR(BI66=0,BI66=1),O66+X66+Y66,0),2) -> 3944.83 | GO66: =ROUND(IF(BI66=2,O66+X66+Y66,0),2) -> 0 | GP66: =ROUND(IF(BI66=4,O66+X66+Y66,0),2) -> 0 | GR66: 0
A67: 17 | B67: 1 | C67: =ROW(SmtRes!A49) -> 49 | D67: =ROW(EtalonRes!A47) -> 47 | E67: 7 | F67: 18-04-003-1 | G67: Установка поддонов металлических для баков вместимостью до 2 м3 | H67: 1 поддон | I67: 2 | J67: 0 | O67: =ROUND(CP67,2) -> 1650.44 | P67: =ROUND(CQ67*I67,2) -> 1610.98 | Q67: =ROUND(CR67*I67,2) -> 13.94 | R67: =ROUND(CS67*I67,2) -> 0.28 | S67: =ROUND(CT67*I67,2) -> 25.52 | T67: =ROUND(CU67*I67,2) -> 0 | U67: =CV67*I67 -> 2.92 | V67: =CW67*I67 -> 0.02 | W67: =ROUND(CX67*I67,2) -> 0 | X67: =ROUND(CY67,2) -> 28.12 | Y67: =ROUND(CZ67,2) -> 17.03 | AA67: 22723180 | AB67: =ROUND((AC67+AD67+AF67),6) -> 825.22 | AC67: =ROUND((ES67),6) -> 805.49 | AD67: =ROUND((((ET67)-(EU67))+AE67),6) -> 6.97 | AE67: =ROUND((EU67),6) -> 0.14 | AF67: =ROUND((EV67),6) -> 12.76 | AG67: =ROUND((AP67),6) -> 0 | AH67: =(EW67) -> 1.46 | AI67: =(EX67) -> 0.01 | AJ67: =ROUND((AS67),6) -> 0 | AK67: 825.22 | AL67: 805.49 | AM67: 6.97 | AN67: 0.14 | AO67: 12.76 | AP67: 0 | AQ67: 1.46 | AR67: 0.01 | AS67: 0 | AT67: 109 | AU67: 66 | AV67: 1 | AW67: 1 | AZ67: 1 | BA67: 1 | BB67: 1 | BC67: 1 | BH67: 0 | BI67: 1 | BJ67: ФЕР18-04-003-1 пр.№ 253 от 17 ноября 2008 г | BM67: 18001 | BN67: 0 | BP67: 0 | BQ67: 2 | BS67: 1 | BT67: 1 | BU67: 1 | BV67: 1 | BW67: 1 | BX67: 1 | BZ67: 128 | CA67: 83 | CF67: 0 | CG67: 0 | CM67: 0 | CO67: 0 | CP67: =(P67+Q67+S67) -> 1650.44 | CQ67: =(AC67)*BC67 -> 805.49 | CR67: =(AD67)*BB67 -> 6.97 | CS67: =(AE67)*BS67 -> 0.14 | CT67: =(AF67)*BA67 -> 12.76 | CU67: =AG67 -> 0 | CV67: =AH67 -> 1.46 | CW67: =AI67 -> 0.01 | CX67: =AJ67 -> 0 | CY67: =(((S67+R67)*AT67)/100) -> 28.122 | CZ67: =(((S67+R67)*AU67)/100) -> 17.028 | DN67: 0 | DO67: 0 | DP67: 1 | DQ67: 1 | DU67: 1013 | DV67: 1 поддон | DW67: 1 поддон | DX67: 1 | EE67: 20678685 | EF67: 2 | EG67: Общестроительные работы | EH67: 0 | EJ67: 1 | EK67: 18001 | EL67: Отопление - внутренние устройства | EM67: ФЕР-18 | EQ67: 0 | ER67: 825.22 | ES67: 805.49 | ET67: 6.97 | EU67: 0.14 | EV67: 12.76 | EW67: 1.46 | EX67: 0.01 | EY67: 0 | EZ67: 0 | FQ67: 0 | FR67: =ROUND(IF(AND(BH67=3,BI67=3),P67,0),2) -> 0 | FS67: 0 | FV67: *0,85 | FW67: *0,8 | FX67: 128 | FY67: 83 | GG67: 2 | GH67: 1 | GI67: -2 | GJ67: 0 | GK67: =ROUND(R67*(R12)/100,2) -> 0 | GL67: =ROUND(IF(AND(BH67=3,BI67=3,FS67<>0),P67,0),2) -> 0 | GM67: =O67+X67+Y67 -> 1695.59 | GN67: =ROUND(IF(OR(BI67=0,BI67=1),O67+X67+Y67,0),2) -> 1695.59 | GO67: =ROUND(IF(BI67=2,O67+X67+Y67,0),2) -> 0 | GP67: =ROUND(IF(BI67=4,O67+X67+Y67,0),2) -> 0 | GR67: 0
A68: 17 | B68: 1 | C68: =ROW(SmtRes!A72) -> 72 | D68: =ROW(EtalonRes!A68) -> 68 | E68: 8 | F68: м12-07-001-1 | G68: Трубная проводка из водогазопроводных труб углеродистых и низколегированных сталей на соединениях разъемных, диаметр условного прохода 25 мм | H68: 1000 м | I68: 0.024 | J68: 0 | O68: =ROUND(CP68,2) -> 799.49 | P68: =ROUND(CQ68*I68,2) -> 214.2 | Q68: =ROUND(CR68*I68,2) -> 483.01 | R68: =ROUND(CS68*I68,2) -> 58.91 | S68: =ROUND(CT68*I68,2) -> 102.28 | T68: =ROUND(CU68*I68,2) -> 0 | U68: =CV68*I68 -> 10.632 | V68: =CW68*I68 -> 5.30208 | W68: =ROUND(CX68*I68,2) -> 0 | X68: =ROUND(CY68,2) -> 109.61 | Y68: =ROUND(CZ68,2) -> 77.37 | AA68: 22723180 | AB68: =ROUND((AC68+AD68+AF68),6) -> 33312.09 | AC68: =ROUND((ES68),6) -> 8924.88 | AD68: =ROUND((((ET68)-(EU68))+AE68),6) -> 20125.55 | AE68: =ROUND((EU68),6) -> 2454.42 | AF68: =ROUND((EV68),6) -> 4261.66 | AG68: =ROUND((AP68),6) -> 0 | AH68: =(EW68) -> 443 | AI68: =(EX68) -> 220.92 | AJ68: =ROUND((AS68),6) -> 0 | AK68: 33312.09 | AL68: 8924.88 | AM68: 20125.55 | AN68: 2454.42 | AO68: 4261.66 | AP68: 0 | AQ68: 443 | AR68: 220.92 | AS68: 0 | AT68: 68 | AU68: 48 | AV68: 1 | AW68: 1 | AZ68: 1 | BA68: 1 | BB68: 1 | BC68: 1 | BH68: 0 | BI68: 2 | BJ68: ФЕРм12-07-001-1 пр.№321 от 4 августа 2009 г | BM68: 112001 | BN68: 0 | BP68: 0 | BQ68: 3 | BS68: 1 | BT68: 1 | BU68: 1 | BV68: 1 | BW68: 1 | BX68: 1 | BZ68: 80 | CA68: 60 | CF68: 0 | CG68: 0 | CM68: 0 | CO68: 0 | CP68: =(P68+Q68+S68) -> 799.49 | CQ68: =(AC68)*BC68 -> 8924.88 | CR68: =(AD68)*BB68 -> 20125.55 | CS68: =(AE68)*BS68 -> 2454.42 | CT68: =(AF68)*BA68 -> 4261.66 | CU68: =AG68 -> 0 | CV68: =AH68 -> 443 | CW68: =AI68 -> 220.92 | CX68: =AJ68 -> 0 | CY68: =(((S68+R68)*AT68)/100) -> 109.6092 | CZ68: =(((S68+R68)*AU68)/100) -> 77.3712 | DN68: 0 | DO68: 0 | DP68: 1 | DQ68: 1 | DU68: 1013 | DV68: 1000 м | DW68: 1000 М | DX68: 1 | EE68: 20678545 | EF68: 3 | EG68: Монтажные работы | EH68: 0 | EJ68: 2 | EK68: 112001 | EL68: Технологические трубопроводы | EM68: мФЕР-12 | EQ68: 0 | ER68: 33312.09 | ES68: 8924.88 | ET68: 20125.55 | EU68: 2454.42 | EV68: 4261.66 | EW68: 443 | EX68: 220.92 | EY68: 0 | EZ68: 0 | FQ68: 0 | FR68: =ROUND(IF(AND(BH68=3,BI68=3),P68,0),2) -> 0 | FS68: 0 | FV68: *0,85 | FW68: *0,8 | FX68: 80 | FY68: 60 | GG68: 2 | GH68: 1 | GI68: -2 | GJ68: 0 | GK68: =ROUND(R68*(R12)/100,2) -> 0 | GL68: =ROUND(IF(AND(BH68=3,BI68=3,FS68<>0),P68,0),2) -> 0 | GM68: =O68+X68+Y68 -> 986.47 | GN68: =ROUND(IF(OR(BI68=0,BI68=1),O68+X68+Y68,0),2) -> 0 | GO68: =ROUND(IF(BI68=2,O68+X68+Y68,0),2) -> 986.47 | GP68: =ROUND(IF(BI68=4,O68+X68+Y68,0),2) -> 0 | GR68: 0
A69: 18 | B69: 1 | C69: 64 | E69: 8,1 | F69: 103-0051 | G69: Трубы стальные сварные водогазопроводные с резьбой оцинкованные обыкновенные, диаметр условного прохода 25 мм, толщина стенки 3,2 мм | H69: м | I69: =I68*J69 -> 17 | J69: 708.33333 | O69: =ROUND(CP69,2) -> 530.4 | P69: =ROUND(CQ69*I69,2) -> 530.4 | Q69: =ROUND(CR69*I69,2) -> 0 | R69: =ROUND(CS69*I69,2) -> 0 | S69: =ROUND(CT69*I69,2) -> 0 | T69: =ROUND(CU69*I69,2) -> 0 | U69: =CV69*I69 -> 0 | V69: =CW69*I69 -> 0 | W69: =ROUND(CX69*I69,2) -> 1.53 | X69: =ROUND(CY69,2) -> 0 | Y69: =ROUND(CZ69,2) -> 0 | AA69: 22723180 | AB69: =ROUND((AC69+AD69+AF69),6) -> 31.2 | AC69: =ROUND((ES69),6) -> 31.2 | AD69: =ROUND((((ET69)-(EU69))+AE69),6) -> 0 | AE69: =ROUND((EU69),6) -> 0 | AF69: =ROUND((EV69),6) -> 0 | AG69: =ROUND((AP69),6) -> 0 | AH69: =(EW69) -> 0 | AI69: =(EX69) -> 0 | AJ69: =ROUND((AS69),6) -> 0.09 | AK69: 31.2 | AL69: 31.2 | AM69: 0 | AN69: 0 | AO69: 0 | AP69: 0 | AQ69: 0 | AR69: 0 | AS69: 0.09 | AT69: 68 | AU69: 48 | AV69: 1 | AW69: 1 | AZ69: 1 | BA69: 1 | BB69: 1 | BC69: 1 | BH69: 3 | BI69: 2 | BJ69: ФССЦ (2010) ч.1, раздел03, поз.0051 | BM69: 112001 | BN69: 0 | BP69: 0 | BQ69: 3 | BS69: 1 | BT69: 1 | BU69: 1 | BV69: 1 | BW69: 1 | BX69: 1 | BZ69: 80 | CA69: 60 | CF69: 0 | CG69: 0 | CM69: 0 | CO69: 0 | CP69: =(P69+Q69+S69) -> 530.4 | CQ69: =(AC69)*BC69 -> 31.2 | CR69: =(AD69)*BB69 -> 0 | CS69: =(AE69)*BS69 -> 0 | CT69: =(AF69)*BA69 -> 0 | CU69: =AG69 -> 0 | CV69: =AH69 -> 0 | CW69: =AI69 -> 0 | CX69: =AJ69 -> 0.09 | CY69: =(((S69+R69)*AT69)/100) -> 0 | CZ69: =(((S69+R69)*AU69)/100) -> 0 | DN69: 0 | DO69: 0 | DP69: 1 | DQ69: 1 | DU69: 1003 | DV69: м | DW69: м | DX69: 1 | EE69: 20678545 | EF69: 3 | EG69: Монтажные работы | EH69: 0 | EJ69: 2 | EK69: 112001 | EL69: Технологические трубопроводы | EM69: мФЕР-12 | EQ69: 0 | ER69: 31.2 | ES69: 31.2 | ET69: 0 | EU69: 0 | EV69: 0 | EW69: 0 | EX69: 0 | EZ69: 0 | FQ69: 0 | FR69: =ROUND(IF(AND(BH69=3,BI69=3),P69,0),2) -> 0 | FS69: 0 | FV69: *0,85 | FW69: *0,8 | FX69: 80 | FY69: 60 | GG69: 2 | GH69: 1 | GI69: -2 | GJ69: 0 | GK69: =ROUND(R69*(R12)/100,2) -> 0 | GL69: =ROUND(IF(AND(BH69=3,BI69=3,FS69<>0),P69,0),2) -> 0 | GM69: =O69+X69+Y69 -> 530.4 | GN69: =ROUND(IF(OR(BI69=0,BI69=1),O69+X69+Y69,0),2) -> 0 | GO69: =ROUND(IF(BI69=2,O69+X69+Y69,0),2) -> 530.4 | GP69: =ROUND(IF(BI69=4,O69+X69+Y69,0),2) -> 0 | GR69: 0
A70: 18 | B70: 1 | C70: 63 | E70: 8,2 | F70: 103-0050 | G70: Трубы стальные сварные водогазопроводные с резьбой оцинкованные обыкновенные, диаметр условного прохода 20 мм, толщина стенки 2,8 мм | H70: м | I70: =I68*J70 -> 7 | J70: 291.66667 | O70: =ROUND(CP70,2) -> 175.7 | P70: =ROUND(CQ70*I70,2) -> 175.7 | Q70: =ROUND(CR70*I70,2) -> 0 | R70: =ROUND(CS70*I70,2) -> 0 | S70: =ROUND(CT70*I70,2) -> 0 | T70: =ROUND(CU70*I70,2) -> 0 | U70: =CV70*I70 -> 0 | V70: =CW70*I70 -> 0 | W70: =ROUND(CX70*I70,2) -> 0.49 | X70: =ROUND(CY70,2) -> 0 | Y70: =ROUND(CZ70,2) -> 0 | AA70: 22723180 | AB70: =ROUND((AC70+AD70+AF70),6) -> 25.1 | AC70: =ROUND((ES70),6) -> 25.1 | AD70: =ROUND((((ET70)-(EU70))+AE70),6) -> 0 | AE70: =ROUND((EU70),6) -> 0 | AF70: =ROUND((EV70),6) -> 0 | AG70: =ROUND((AP70),6) -> 0 | AH70: =(EW70) -> 0 | AI70: =(EX70) -> 0 | AJ70: =ROUND((AS70),6) -> 0.07 | AK70: 25.1 | AL70: 25.1 | AM70: 0 | AN70: 0 | AO70: 0 | AP70: 0 | AQ70: 0 | AR70: 0 | AS70: 0.07 | AT70: 68 | AU70: 48 | AV70: 1 | AW70: 1 | AZ70: 1 | BA70: 1 | BB70: 1 | BC70: 1 | BH70: 3 | BI70: 2 | BJ70: ФССЦ (2010) ч.1, раздел03, поз.0050 | BM70: 112001 | BN70: 0 | BP70: 0 | BQ70: 3 | BS70: 1 | BT70: 1 | BU70: 1 | BV70: 1 | BW70: 1 | BX70: 1 | BZ70: 80 | CA70: 60 | CF70: 0 | CG70: 0 | CM70: 0 | CO70: 0 | CP70: =(P70+Q70+S70) -> 175.7 | CQ70: =(AC70)*BC70 -> 25.1 | CR70: =(AD70)*BB70 -> 0 | CS70: =(AE70)*BS70 -> 0 | CT70: =(AF70)*BA70 -> 0 | CU70: =AG70 -> 0 | CV70: =AH70 -> 0 | CW70: =AI70 -> 0 | CX70: =AJ70 -> 0.07 | CY70: =(((S70+R70)*AT70)/100) -> 0 | CZ70: =(((S70+R70)*AU70)/100) -> 0 | DN70: 0 | DO70: 0 | DP70: 1 | DQ70: 1 | DU70: 1003 | DV70: м | DW70: м | DX70: 1 | EE70: 20678545 | EF70: 3 | EG70: Монтажные работы | EH70: 0 | EJ70: 2 | EK70: 112001 | EL70: Технологические трубопроводы | EM70: мФЕР-12 | EQ70: 0 | ER70: 25.1 | ES70: 25.1 | ET70: 0 | EU70: 0 | EV70: 0 | EW70: 0 | EX70: 0 | EZ70: 0 | FQ70: 0 | FR70: =ROUND(IF(AND(BH70=3,BI70=3),P70,0),2) -> 0 | FS70: 0 | FV70: *0,85 | FW70: *0,8 | FX70: 80 | FY70: 60 | GG70: 2 | GH70: 1 | GI70: -2 | GJ70: 0 | GK70: =ROUND(R70*(R12)/100,2) -> 0 | GL70: =ROUND(IF(AND(BH70=3,BI70=3,FS70<>0),P70,0),2) -> 0 | GM70: =O70+X70+Y70 -> 175.7 | GN70: =ROUND(IF(OR(BI70=0,BI70=1),O70+X70+Y70,0),2) -> 0 | GO70: =ROUND(IF(BI70=2,O70+X70+Y70,0),2) -> 175.7 | GP70: =ROUND(IF(BI70=4,O70+X70+Y70,0),2) -> 0 | GR70: 0
A71: 17 | B71: 1 | C71: =ROW(SmtRes!A78) -> 78 | D71: =ROW(EtalonRes!A74) -> 74 | E71: 9 | F71: 16-07-005-1 | G71: Гидравлическое испытание трубопроводов систем отопления, водопровода и горячего водоснабжения диаметром до 50 мм | H71: 100 м трубопровода | I71: 0.24 | J71: 0 | O71: =ROUND(CP71,2) -> 25.71 | P71: =ROUND(CQ71*I71,2) -> 1.03 | Q71: =ROUND(CR71*I71,2) -> 10.68 | R71: =ROUND(CS71*I71,2) -> 0 | S71: =ROUND(CT71*I71,2) -> 14 | T71: =ROUND(CU71*I71,2) -> 0 | U71: =CV71*I71 -> 1.2024 | V71: =CW71*I71 -> 0 | W71: =ROUND(CX71*I71,2) -> 0 | X71: =ROUND(CY71,2) -> 15.26 | Y71: =ROUND(CZ71,2) -> 9.24 | AA71: 22723180 | AB71: =ROUND((AC71+AD71+AF71),6) -> 107.11 | AC71: =ROUND((ES71),6) -> 4.28 | AD71: =ROUND((((ET71)-(EU71))+AE71),6) -> 44.51 | AE71: =ROUND((EU71),6) -> 0 | AF71: =ROUND((EV71),6) -> 58.32 | AG71: =ROUND((AP71),6) -> 0 | AH71: =(EW71) -> 5.01 | AI71: =(EX71) -> 0 | AJ71: =ROUND((AS71),6) -> 0 | AK71: 107.11 | AL71: 4.28 | AM71: 44.51 | AN71: 0 | AO71: 58.32 | AP71: 0 | AQ71: 5.01 | AR71: 0 | AS71: 0 | AT71: 109 | AU71: 66 | AV71: 1 | AW71: 1 | AZ71: 1 | BA71: 1 | BB71: 1 | BC71: 1 | BH71: 0 | BI71: 1 | BJ71: ФЕР16-07-005-1 пр.№ 253 от 17 ноября 2008 г | BM71: 16001 | BN71: 0 | BP71: 0 | BQ71: 2 | BS71: 1 | BT71: 1 | BU71: 1 | BV71: 1 | BW71: 1 | BX71: 1 | BZ71: 128 | CA71: 83 | CF71: 0 | CG71: 0 | CM71: 0 | CO71: 0 | CP71: =(P71+Q71+S71) -> 25.71 | CQ71: =(AC71)*BC71 -> 4.28 | CR71: =(AD71)*BB71 -> 44.51 | CS71: =(AE71)*BS71 -> 0 | CT71: =(AF71)*BA71 -> 58.32 | CU71: =AG71 -> 0 | CV71: =AH71 -> 5.01 | CW71: =AI71 -> 0 | CX71: =AJ71 -> 0 | CY71: =(((S71+R71)*AT71)/100) -> 15.26 | CZ71: =(((S71+R71)*AU71)/100) -> 9.24 | DN71: 0 | DO71: 0 | DP71: 1 | DQ71: 1 | DU71: 1013 | DV71: 100 м трубопровода | DW71: 100 м трубопровода | DX71: 1 | EE71: 20678683 | EF71: 2 | EG71: Общестроительные работы | EH71: 0 | EJ71: 1 | EK71: 16001 | EL71: Трубопроводы внутренние | EM71: ФЕР-16 | EQ71: 0 | ER71: 107.11 | ES71: 4.28 | ET71: 44.51 | EU71: 0 | EV71: 58.32 | EW71: 5.01 | EX71: 0 | EY71: 0 | EZ71: 0 | FQ71: 0 | FR71: =ROUND(IF(AND(BH71=3,BI71=3),P71,0),2) -> 0 | FS71: 0 | FV71: *0,85 | FW71: *0,8 | FX71: 128 | FY71: 83 | GG71: 2 | GH71: 1 | GI71: -2 | GJ71: 0 | GK71: =ROUND(R71*(R12)/100,2) -> 0 | GL71: =ROUND(IF(AND(BH71=3,BI71=3,FS71<>0),P71,0),2) -> 0 | GM71: =O71+X71+Y71 -> 50.21 | GN71: =ROUND(IF(OR(BI71=0,BI71=1),O71+X71+Y71,0),2) -> 50.21 | GO71: =ROUND(IF(BI71=2,O71+X71+Y71,0),2) -> 0 | GP71: =ROUND(IF(BI71=4,O71+X71+Y71,0),2) -> 0 | GR71: 0
A72: 17 | B72: 1 | C72: =ROW(SmtRes!A93) -> 93 | D72: =ROW(EtalonRes!A88) -> 88 | E72: 10 | F72: 16-02-005-3 | G72: Прокладка трубопроводов отопления и водоснабжения из стальных электросварных труб диаметром 65 мм | H72: 100 м трубопровода | I72: 0.32 | J72: 0 | O72: =ROUND(CP72,2) -> 1983.16 | P72: =ROUND(CQ72*I72,2) -> 1713.03 | Q72: =ROUND(CR72*I72,2) -> 44.76 | R72: =ROUND(CS72*I72,2) -> 1 | S72: =ROUND(CT72*I72,2) -> 225.37 | T72: =ROUND(CU72*I72,2) -> 0 | U72: =CV72*I72 -> 23.0912 | V72: =CW72*I72 -> 0.0736 | W72: =ROUND(CX72*I72,2) -> 0 | X72: =ROUND(CY72,2) -> 246.74 | Y72: =ROUND(CZ72,2) -> 149.4 | AA72: 22723180 | AB72: =ROUND((AC72+AD72+AF72),6) -> 6197.38 | AC72: =ROUND((ES72),6) -> 5353.21 | AD72: =ROUND((((ET72)-(EU72))+AE72),6) -> 139.89 | AE72: =ROUND((EU72),6) -> 3.11 | AF72: =ROUND((EV72),6) -> 704.28 | AG72: =ROUND((AP72),6) -> 0 | AH72: =(EW72) -> 72.16 | AI72: =(EX72) -> 0.23 | AJ72: =ROUND((AS72),6) -> 0 | AK72: 6197.38 | AL72: 5353.21 | AM72: 139.89 | AN72: 3.11 | AO72: 704.28 | AP72: 0 | AQ72: 72.16 | AR72: 0.23 | AS72: 0 | AT72: 109 | AU72: 66 | AV72: 1 | AW72: 1 | AZ72: 1 | BA72: 1 | BB72: 1 | BC72: 1 | BH72: 0 | BI72: 1 | BJ72: ФЕР16-02-005-3 пр.№ 253 от 17 ноября 2008 г | BM72: 16001 | BN72: 0 | BP72: 0 | BQ72: 2 | BS72: 1 | BT72: 1 | BU72: 1 | BV72: 1 | BW72: 1 | BX72: 1 | BZ72: 128 | CA72: 83 | CF72: 0 | CG72: 0 | CM72: 0 | CO72: 0 | CP72: =(P72+Q72+S72) -> 1983.16 | CQ72: =(AC72)*BC72 -> 5353.21 | CR72: =(AD72)*BB72 -> 139.89 | CS72: =(AE72)*BS72 -> 3.11 | CT72: =(AF72)*BA72 -> 704.28 | CU72: =AG72 -> 0 | CV72: =AH72 -> 72.16 | CW72: =AI72 -> 0.23 | CX72: =AJ72 -> 0 | CY72: =(((S72+R72)*AT72)/100) -> 246.7433 | CZ72: =(((S72+R72)*AU72)/100) -> 149.4042 | DN72: 0 | DO72: 0 | DP72: 1 | DQ72: 1 | DU72: 1013 | DV72: 100 м трубопровода | DW72: 100 м трубопровода | DX72: 1 | EE72: 20678683 | EF72: 2 | EG72: Общестроительные работы | EH72: 0 | EJ72: 1 | EK72: 16001 | EL72: Трубопроводы внутренние | EM72: ФЕР-16 | EQ72: 0 | ER72: 6197.38 | ES72: 5353.21 | ET72: 139.89 | EU72: 3.11 | EV72: 704.28 | EW72: 72.16 | EX72: 0.23 | EY72: 0 | EZ72: 0 | FQ72: 0 | FR72: =ROUND(IF(AND(BH72=3,BI72=3),P72,0),2) -> 0 | FS72: 0 | FV72: *0,85 | FW72: *0,8 | FX72: 128 | FY72: 83 | GG72: 2 | GH72: 1 | GI72: -2 | GJ72: 0 | GK72: =ROUND(R72*(R12)/100,2) -> 0 | GL72: =ROUND(IF(AND(BH72=3,BI72=3,FS72<>0),P72,0),2) -> 0 | GM72: =O72+X72+Y72 -> 2379.3 | GN72: =ROUND(IF(OR(BI72=0,BI72=1),O72+X72+Y72,0),2) -> 2379.3 | GO72: =ROUND(IF(BI72=2,O72+X72+Y72,0),2) -> 0 | GP72: =ROUND(IF(BI72=4,O72+X72+Y72,0),2) -> 0 | GR72: 0
A73: 18 | B73: 1 | C73: 89 | E73: 10,1 | F73: 302-1317 | G73: Трубопроводы из стальных электросварных труб с гильзами для отопления и водоснабжения, наружный диаметр 57 мм, толщина стенки 3,5 мм | H73: м | I73: =I72*J73 -> 32 | J73: 100 | O73: =ROUND(CP73,2) -> 1320.96 | P73: =ROUND(CQ73*I73,2) -> 1320.96 | Q73: =ROUND(CR73*I73,2) -> 0 | R73: =ROUND(CS73*I73,2) -> 0 | S73: =ROUND(CT73*I73,2) -> 0 | T73: =ROUND(CU73*I73,2) -> 0 | U73: =CV73*I73 -> 0 | V73: =CW73*I73 -> 0 | W73: =ROUND(CX73*I73,2) -> 2.88 | X73: =ROUND(CY73,2) -> 0 | Y73: =ROUND(CZ73,2) -> 0 | AA73: 22723180 | AB73: =ROUND((AC73+AD73+AF73),6) -> 41.28 | AC73: =ROUND((ES73),6) -> 41.28 | AD73: =ROUND((((ET73)-(EU73))+AE73),6) -> 0 | AE73: =ROUND((EU73),6) -> 0 | AF73: =ROUND((EV73),6) -> 0 | AG73: =ROUND((AP73),6) -> 0 | AH73: =(EW73) -> 0 | AI73: =(EX73) -> 0 | AJ73: =ROUND((AS73),6) -> 0.09 | AK73: 41.28 | AL73: 41.28 | AM73: 0 | AN73: 0 | AO73: 0 | AP73: 0 | AQ73: 0 | AR73: 0 | AS73: 0.09 | AT73: 109 | AU73: 66 | AV73: 1 | AW73: 1 | AZ73: 1 | BA73: 1 | BB73: 1 | BC73: 1 | BH73: 3 | BI73: 1 | BJ73: ФССЦ (2010) ч.3, раздел02, поз.1317 | BM73: 16001 | BN73: 0 | BP73: 0 | BQ73: 2 | BS73: 1 | BT73: 1 | BU73: 1 | BV73: 1 | BW73: 1 | BX73: 1 | BZ73: 128 | CA73: 83 | CF73: 0 | CG73: 0 | CM73: 0 | CO73: 0 | CP73: =(P73+Q73+S73) -> 1320.96 | CQ73: =(AC73)*BC73 -> 41.28 | CR73: =(AD73)*BB73 -> 0 | CS73: =(AE73)*BS73 -> 0 | CT73: =(AF73)*BA73 -> 0 | CU73: =AG73 -> 0 | CV73: =AH73 -> 0 | CW73: =AI73 -> 0 | CX73: =AJ73 -> 0.09 | CY73: =(((S73+R73)*AT73)/100) -> 0 | CZ73: =(((S73+R73)*AU73)/100) -> 0 | DN73: 0 | DO73: 0 | DP73: 1 | DQ73: 1 | DU73: 1003 | DV73: м | DW73: м | DX73: 1 | EE73: 20678683 | EF73: 2 | EG73: Общестроительные работы | EH73: 0 | EJ73: 1 | EK73: 16001 | EL73: Трубопроводы внутренние | EM73: ФЕР-16 | EQ73: 0 | ER73: 41.28 | ES73: 41.28 | ET73: 0 | EU73: 0 | EV73: 0 | EW73: 0 | EX73: 0 | EZ73: 0 | FQ73: 0 | FR73: =ROUND(IF(AND(BH73=3,BI73=3),P73,0),2) -> 0 | FS73: 0 | FV73: *0,85 | FW73: *0,8 | FX73: 128 | FY73: 83 | GG73: 2 | GH73: 1 | GI73: -2 | GJ73: 0 | GK73: =ROUND(R73*(R12)/100,2) -> 0 | GL73: =ROUND(IF(AND(BH73=3,BI73=3,FS73<>0),P73,0),2) -> 0 | GM73: =O73+X73+Y73 -> 1320.96 | GN73: =ROUND(IF(OR(BI73=0,BI73=1),O73+X73+Y73,0),2) -> 1320.96 | GO73: =ROUND(IF(BI73=2,O73+X73+Y73,0),2) -> 0 | GP73: =ROUND(IF(BI73=4,O73+X73+Y73,0),2) -> 0 | GR73: 0
A74: 18 | B74: 1 | C74: 88 | E74: 10,2 | F74: 201-1113 | G74: Конструкции металлические (седло под трубопроводы, хомуты или подвески) | H74: т | I74: =I72*J74 -> 0.3776 | J74: 1.18 | O74: =ROUND(CP74,2) -> 3624.96 | P74: =ROUND(CQ74*I74,2) -> 3624.96 | Q74: =ROUND(CR74*I74,2) -> 0 | R74: =ROUND(CS74*I74,2) -> 0 | S74: =ROUND(CT74*I74,2) -> 0 | T74: =ROUND(CU74*I74,2) -> 0 | U74: =CV74*I74 -> 0 | V74: =CW74*I74 -> 0 | W74: =ROUND(CX74*I74,2) -> 9.62 | X74: =ROUND(CY74,2) -> 0 | Y74: =ROUND(CZ74,2) -> 0 | AA74: 22723180 | AB74: =ROUND((AC74+AD74+AF74),6) -> 9600 | AC74: =ROUND((ES74),6) -> 9600 | AD74: =ROUND((((ET74)-(EU74))+AE74),6) -> 0 | AE74: =ROUND((EU74),6) -> 0 | AF74: =ROUND((EV74),6) -> 0 | AG74: =ROUND((AP74),6) -> 0 | AH74: =(EW74) -> 0 | AI74: =(EX74) -> 0 | AJ74: =ROUND((AS74),6) -> 25.47 | AK74: 9600 | AL74: 9600 | AM74: 0 | AN74: 0 | AO74: 0 | AP74: 0 | AQ74: 0 | AR74: 0 | AS74: 25.47 | AT74: 109 | AU74: 66 | AV74: 1 | AW74: 1 | AZ74: 1 | BA74: 1 | BB74: 1 | BC74: 1 | BH74: 3 | BI74: 1 | BJ74: ФССЦ (2010) ч.2, раздел01, поз.1113 | BM74: 9001 | BN74: 0 | BP74: 0 | BQ74: 2 | BS74: 1 | BT74: 1 | BU74: 1 | BV74: 1 | BW74: 1 | BX74: 1 | BZ74: 128 | CA74: 83 | CF74: 0 | CG74: 0 | CM74: 0 | CO74: 0 | CP74: =(P74+Q74+S74) -> 3624.96 | CQ74: =(AC74)*BC74 -> 9600 | CR74: =(AD74)*BB74 -> 0 | CS74: =(AE74)*BS74 -> 0 | CT74: =(AF74)*BA74 -> 0 | CU74: =AG74 -> 0 | CV74: =AH74 -> 0 | CW74: =AI74 -> 0 | CX74: =AJ74 -> 25.47 | CY74: =(((S74+R74)*AT74)/100) -> 0 | CZ74: =(((S74+R74)*AU74)/100) -> 0 | DN74: 0 | DO74: 0 | DP74: 1 | DQ74: 1 | DU74: 1009 | DV74: т | DW74: т | DX74: 1000 | EE74: 20678655 | EF74: 2 | EG74: Общестроительные работы | EH74: 0 | EJ74: 1 | EK74: 9001 | EL74: 08-1-1 | EM74: ФЕР-09 | EQ74: 0 | ER74: 9600 | ES74: 9600 | ET74: 0 | EU74: 0 | EV74: 0 | EW74: 0 | EX74: 0 | EZ74: 0 | FQ74: 0 | FR74: =ROUND(IF(AND(BH74=3,BI74=3),P74,0),2) -> 0 | FS74: 0 | FV74: *0,85 | FW74: *0,8 | FX74: 128 | FY74: 83 | GG74: 2 | GH74: 1 | GI74: -2 | GJ74: 0 | GK74: =ROUND(R74*(R12)/100,2) -> 0 | GL74: =ROUND(IF(AND(BH74=3,BI74=3,FS74<>0),P74,0),2) -> 0 | GM74: =O74+X74+Y74 -> 3624.96 | GN74: =ROUND(IF(OR(BI74=0,BI74=1),O74+X74+Y74,0),2) -> 3624.96 | GO74: =ROUND(IF(BI74=2,O74+X74+Y74,0),2) -> 0 | GP74: =ROUND(IF(BI74=4,O74+X74+Y74,0),2) -> 0 | GR74: 0
A75: 17 | B75: 1 | C75: =ROW(SmtRes!A108) -> 108 | D75: =ROW(EtalonRes!A102) -> 102 | E75: 11 | F75: 16-02-005-4 | G75: Прокладка трубопроводов отопления и водоснабжения из стальных электросварных труб диаметром 80 мм | H75: 100 м трубопровода | I75: 0.12 | J75: 0 | O75: =ROUND(CP75,2) -> 866.05 | P75: =ROUND(CQ75*I75,2) -> 748.83 | Q75: =ROUND(CR75*I75,2) -> 23.82 | R75: =ROUND(CS75*I75,2) -> 0.6 | S75: =ROUND(CT75*I75,2) -> 93.4 | T75: =ROUND(CU75*I75,2) -> 0 | U75: =CV75*I75 -> 9.57 | V75: =CW75*I75 -> 0.0444 | W75: =ROUND(CX75*I75,2) -> 0 | X75: =ROUND(CY75,2) -> 102.46 | Y75: =ROUND(CZ75,2) -> 62.04 | AA75: 22723180 | AB75: =ROUND((AC75+AD75+AF75),6) -> 7217.08 | AC75: =ROUND((ES75),6) -> 6240.25 | AD75: =ROUND((((ET75)-(EU75))+AE75),6) -> 198.47 | AE75: =ROUND((EU75),6) -> 5 | AF75: =ROUND((EV75),6) -> 778.36 | AG75: =ROUND((AP75),6) -> 0 | AH75: =(EW75) -> 79.75 | AI75: =(EX75) -> 0.37 | AJ75: =ROUND((AS75),6) -> 0 | AK75: 7217.08 | AL75: 6240.25 | AM75: 198.47 | AN75: 5 | AO75: 778.36 | AP75: 0 | AQ75: 79.75 | AR75: 0.37 | AS75: 0 | AT75: 109 | AU75: 66 | AV75: 1 | AW75: 1 | AZ75: 1 | BA75: 1 | BB75: 1 | BC75: 1 | BH75: 0 | BI75: 1 | BJ75: ФЕР16-02-005-4 пр.№ 253 от 17 ноября 2008 г | BM75: 16001 | BN75: 0 | BP75: 0 | BQ75: 2 | BS75: 1 | BT75: 1 | BU75: 1 | BV75: 1 | BW75: 1 | BX75: 1 | BZ75: 128 | CA75: 83 | CF75: 0 | CG75: 0 | CM75: 0 | CO75: 0 | CP75: =(P75+Q75+S75) -> 866.05 | CQ75: =(AC75)*BC75 -> 6240.25 | CR75: =(AD75)*BB75 -> 198.47 | CS75: =(AE75)*BS75 -> 5 | CT75: =(AF75)*BA75 -> 778.36 | CU75: =AG75 -> 0 | CV75: =AH75 -> 79.75 | CW75: =AI75 -> 0.37 | CX75: =AJ75 -> 0 | CY75: =(((S75+R75)*AT75)/100) -> 102.46 | CZ75: =(((S75+R75)*AU75)/100) -> 62.04 | DN75: 0 | DO75: 0 | DP75: 1 | DQ75: 1 | DU75: 1013 | DV75: 100 м трубопровода | DW75: 100 м трубопровода | DX75: 1 | EE75: 20678683 | EF75: 2 | EG75: Общестроительные работы | EH75: 0 | EJ75: 1 | EK75: 16001 | EL75: Трубопроводы внутренние | EM75: ФЕР-16 | EQ75: 0 | ER75: 7217.08 | ES75: 6240.25 | ET75: 198.47 | EU75: 5 | EV75: 778.36 | EW75: 79.75 | EX75: 0.37 | EY75: 0 | EZ75: 0 | FQ75: 0 | FR75: =ROUND(IF(AND(BH75=3,BI75=3),P75,0),2) -> 0 | FS75: 0 | FV75: *0,85 | FW75: *0,8 | FX75: 128 | FY75: 83 | GG75: 2 | GH75: 1 | GI75: -2 | GJ75: 0 | GK75: =ROUND(R75*(R12)/100,2) -> 0 | GL75: =ROUND(IF(AND(BH75=3,BI75=3,FS75<>0),P75,0),2) -> 0 | GM75: =O75+X75+Y75 -> 1030.55 | GN75: =ROUND(IF(OR(BI75=0,BI75=1),O75+X75+Y75,0),2) -> 1030.55 | GO75: =ROUND(IF(BI75=2,O75+X75+Y75,0),2) -> 0 | GP75: =ROUND(IF(BI75=4,O75+X75+Y75,0),2) -> 0 | GR75: 0
A76: 18 | B76: 1 | C76: 104 | E76: 11,1 | F76: 302-1318 | G76: Трубопроводы из стальных электросварных труб с гильзами для отопления и водоснабжения, наружный диаметр 76 мм, толщина стенки 3,5 мм | H76: м | I76: =I75*J76 -> 12 | J76: 100 | O76: =ROUND(CP76,2) -> 637.44 | P76: =ROUND(CQ76*I76,2) -> 637.44 | Q76: =ROUND(CR76*I76,2) -> 0 | R76: =ROUND(CS76*I76,2) -> 0 | S76: =ROUND(CT76*I76,2) -> 0 | T76: =ROUND(CU76*I76,2) -> 0 | U76: =CV76*I76 -> 0 | V76: =CW76*I76 -> 0 | W76: =ROUND(CX76*I76,2) -> 1.32 | X76: =ROUND(CY76,2) -> 0 | Y76: =ROUND(CZ76,2) -> 0 | AA76: 22723180 | AB76: =ROUND((AC76+AD76+AF76),6) -> 53.12 | AC76: =ROUND((ES76),6) -> 53.12 | AD76: =ROUND((((ET76)-(EU76))+AE76),6) -> 0 | AE76: =ROUND((EU76),6) -> 0 | AF76: =ROUND((EV76),6) -> 0 | AG76: =ROUND((AP76),6) -> 0 | AH76: =(EW76) -> 0 | AI76: =(EX76) -> 0 | AJ76: =ROUND((AS76),6) -> 0.11 | AK76: 53.12 | AL76: 53.12 | AM76: 0 | AN76: 0 | AO76: 0 | AP76: 0 | AQ76: 0 | AR76: 0 | AS76: 0.11 | AT76: 109 | AU76: 66 | AV76: 1 | AW76: 1 | AZ76: 1 | BA76: 1 | BB76: 1 | BC76: 1 | BH76: 3 | BI76: 1 | BJ76: ФССЦ (2010) ч.3, раздел02, поз.1318 | BM76: 16001 | BN76: 0 | BP76: 0 | BQ76: 2 | BS76: 1 | BT76: 1 | BU76: 1 | BV76: 1 | BW76: 1 | BX76: 1 | BZ76: 128 | CA76: 83 | CF76: 0 | CG76: 0 | CM76: 0 | CO76: 0 | CP76: =(P76+Q76+S76) -> 637.44 | CQ76: =(AC76)*BC76 -> 53.12 | CR76: =(AD76)*BB76 -> 0 | CS76: =(AE76)*BS76 -> 0 | CT76: =(AF76)*BA76 -> 0 | CU76: =AG76 -> 0 | CV76: =AH76 -> 0 | CW76: =AI76 -> 0 | CX76: =AJ76 -> 0.11 | CY76: =(((S76+R76)*AT76)/100) -> 0 | CZ76: =(((S76+R76)*AU76)/100) -> 0 | DN76: 0 | DO76: 0 | DP76: 1 | DQ76: 1 | DU76: 1003 | DV76: м | DW76: м | DX76: 1 | EE76: 20678683 | EF76: 2 | EG76: Общестроительные работы | EH76: 0 | EJ76: 1 | EK76: 16001 | EL76: Трубопроводы внутренние | EM76: ФЕР-16 | EQ76: 0 | ER76: 53.12 | ES76: 53.12 | ET76: 0 | EU76: 0 | EV76: 0 | EW76: 0 | EX76: 0 | EZ76: 0 | FQ76: 0 | FR76: =ROUND(IF(AND(BH76=3,BI76=3),P76,0),2) -> 0 | FS76: 0 | FV76: *0,85 | FW76: *0,8 | FX76: 128 | FY76: 83 | GG76: 2 | GH76: 1 | GI76: -2 | GJ76: 0 | GK76: =ROUND(R76*(R12)/100,2) -> 0 | GL76: =ROUND(IF(AND(BH76=3,BI76=3,FS76<>0),P76,0),2) -> 0 | GM76: =O76+X76+Y76 -> 637.44 | GN76: =ROUND(IF(OR(BI76=0,BI76=1),O76+X76+Y76,0),2) -> 637.44 | GO76: =ROUND(IF(BI76=2,O76+X76+Y76,0),2) -> 0 | GP76: =ROUND(IF(BI76=4,O76+X76+Y76,0),2) -> 0 | GR76: 0
A77: 18 | B77: 1 | C77: 103 | E77: 11,2 | F77: 201-1113 | G77: Конструкции металлические (седло под трубопроводы, хомуты или подвески) | H77: т | I77: =I75*J77 -> 0.1416 | J77: 1.18 | O77: =ROUND(CP77,2) -> 1359.36 | P77: =ROUND(CQ77*I77,2) -> 1359.36 | Q77: =ROUND(CR77*I77,2) -> 0 | R77: =ROUND(CS77*I77,2) -> 0 | S77: =ROUND(CT77*I77,2) -> 0 | T77: =ROUND(CU77*I77,2) -> 0 | U77: =CV77*I77 -> 0 | V77: =CW77*I77 -> 0 | W77: =ROUND(CX77*I77,2) -> 3.61 | X77: =ROUND(CY77,2) -> 0 | Y77: =ROUND(CZ77,2) -> 0 | AA77: 22723180 | AB77: =ROUND((AC77+AD77+AF77),6) -> 9600 | AC77: =ROUND((ES77),6) -> 9600 | AD77: =ROUND((((ET77)-(EU77))+AE77),6) -> 0 | AE77: =ROUND((EU77),6) -> 0 | AF77: =ROUND((EV77),6) -> 0 | AG77: =ROUND((AP77),6) -> 0 | AH77: =(EW77) -> 0 | AI77: =(EX77) -> 0 | AJ77: =ROUND((AS77),6) -> 25.47 | AK77: 9600 | AL77: 9600 | AM77: 0 | AN77: 0 | AO77: 0 | AP77: 0 | AQ77: 0 | AR77: 0 | AS77: 25.47 | AT77: 109 | AU77: 66 | AV77: 1 | AW77: 1 | AZ77: 1 | BA77: 1 | BB77: 1 | BC77: 1 | BH77: 3 | BI77: 1 | BJ77: ФССЦ (2010) ч.2, раздел01, поз.1113 | BM77: 9001 | BN77: 0 | BP77: 0 | BQ77: 2 | BS77: 1 | BT77: 1 | BU77: 1 | BV77: 1 | BW77: 1 | BX77: 1 | BZ77: 128 | CA77: 83 | CF77: 0 | CG77: 0 | CM77: 0 | CO77: 0 | CP77: =(P77+Q77+S77) -> 1359.36 | CQ77: =(AC77)*BC77 -> 9600 | CR77: =(AD77)*BB77 -> 0 | CS77: =(AE77)*BS77 -> 0 | CT77: =(AF77)*BA77 -> 0 | CU77: =AG77 -> 0 | CV77: =AH77 -> 0 | CW77: =AI77 -> 0 | CX77: =AJ77 -> 25.47 | CY77: =(((S77+R77)*AT77)/100) -> 0 | CZ77: =(((S77+R77)*AU77)/100) -> 0 | DN77: 0 | DO77: 0 | DP77: 1 | DQ77: 1 | DU77: 1009 | DV77: т | DW77: т | DX77: 1000 | EE77: 20678655 | EF77: 2 | EG77: Общестроительные работы | EH77: 0 | EJ77: 1 | EK77: 9001 | EL77: 08-1-1 | EM77: ФЕР-09 | EQ77: 0 | ER77: 9600 | ES77: 9600 | ET77: 0 | EU77: 0 | EV77: 0 | EW77: 0 | EX77: 0 | EZ77: 0 | FQ77: 0 | FR77: =ROUND(IF(AND(BH77=3,BI77=3),P77,0),2) -> 0 | FS77: 0 | FV77: *0,85 | FW77: *0,8 | FX77: 128 | FY77: 83 | GG77: 2 | GH77: 1 | GI77: -2 | GJ77: 0 | GK77: =ROUND(R77*(R12)/100,2) -> 0 | GL77: =ROUND(IF(AND(BH77=3,BI77=3,FS77<>0),P77,0),2) -> 0 | GM77: =O77+X77+Y77 -> 1359.36 | GN77: =ROUND(IF(OR(BI77=0,BI77=1),O77+X77+Y77,0),2) -> 1359.36 | GO77: =ROUND(IF(BI77=2,O77+X77+Y77,0),2) -> 0 | GP77: =ROUND(IF(BI77=4,O77+X77+Y77,0),2) -> 0 | GR77: 0
A78: 17 | B78: 1 | C78: =ROW(SmtRes!A123) -> 123 | D78: =ROW(EtalonRes!A116) -> 116 | E78: 12 | F78: 16-02-005-5 | G78: Прокладка трубопроводов отопления и водоснабжения из стальных электросварных труб диаметром 100 мм | H78: 100 м трубопровода | I78: 0.2 | J78: 0 | O78: =ROUND(CP78,2) -> 1797.35 | P78: =ROUND(CQ78*I78,2) -> 1601.99 | Q78: =ROUND(CR78*I78,2) -> 39.69 | R78: =ROUND(CS78*I78,2) -> 1 | S78: =ROUND(CT78*I78,2) -> 155.67 | T78: =ROUND(CU78*I78,2) -> 0 | U78: =CV78*I78 -> 15.95 | V78: =CW78*I78 -> 0.074 | W78: =ROUND(CX78*I78,2) -> 0 | X78: =ROUND(CY78,2) -> 170.77 | Y78: =ROUND(CZ78,2) -> 103.4 | AA78: 22723180 | AB78: =ROUND((AC78+AD78+AF78),6) -> 8986.77 | AC78: =ROUND((ES78),6) -> 8009.94 | AD78: =ROUND((((ET78)-(EU78))+AE78),6) -> 198.47 | AE78: =ROUND((EU78),6) -> 5 | AF78: =ROUND((EV78),6) -> 778.36 | AG78: =ROUND((AP78),6) -> 0 | AH78: =(EW78) -> 79.75 | AI78: =(EX78) -> 0.37 | AJ78: =ROUND((AS78),6) -> 0 | AK78: 8986.77 | AL78: 8009.94 | AM78: 198.47 | AN78: 5 | AO78: 778.36 | AP78: 0 | AQ78: 79.75 | AR78: 0.37 | AS78: 0 | AT78: 109 | AU78: 66 | AV78: 1 | AW78: 1 | AZ78: 1 | BA78: 1 | BB78: 1 | BC78: 1 | BH78: 0 | BI78: 1 | BJ78: ФЕР16-02-005-5 пр.№ 253 от 17 ноября 2008 г | BM78: 16001 | BN78: 0 | BP78: 0 | BQ78: 2 | BS78: 1 | BT78: 1 | BU78: 1 | BV78: 1 | BW78: 1 | BX78: 1 | BZ78: 128 | CA78: 83 | CF78: 0 | CG78: 0 | CM78: 0 | CO78: 0 | CP78: =(P78+Q78+S78) -> 1797.35 | CQ78: =(AC78)*BC78 -> 8009.94 | CR78: =(AD78)*BB78 -> 198.47 | CS78: =(AE78)*BS78 -> 5 | CT78: =(AF78)*BA78 -> 778.36 | CU78: =AG78 -> 0 | CV78: =AH78 -> 79.75 | CW78: =AI78 -> 0.37 | CX78: =AJ78 -> 0 | CY78: =(((S78+R78)*AT78)/100) -> 170.7703 | CZ78: =(((S78+R78)*AU78)/100) -> 103.4022 | DN78: 0 | DO78: 0 | DP78: 1 | DQ78: 1 | DU78: 1013 | DV78: 100 м трубопровода | DW78: 100 м трубопровода | DX78: 1 | EE78: 20678683 | EF78: 2 | EG78: Общестроительные работы | EH78: 0 | EJ78: 1 | EK78: 16001 | EL78: Трубопроводы внутренние | EM78: ФЕР-16 | EQ78: 0 | ER78: 8986.77 | ES78: 8009.94 | ET78: 198.47 | EU78: 5 | EV78: 778.36 | EW78: 79.75 | EX78: 0.37 | EY78: 0 | EZ78: 0 | FQ78: 0 | FR78: =ROUND(IF(AND(BH78=3,BI78=3),P78,0),2) -> 0 | FS78: 0 | FV78: *0,85 | FW78: *0,8 | FX78: 128 | FY78: 83 | GG78: 2 | GH78: 1 | GI78: -2 | GJ78: 0 | GK78: =ROUND(R78*(R12)/100,2) -> 0 | GL78: =ROUND(IF(AND(BH78=3,BI78=3,FS78<>0),P78,0),2) -> 0 | GM78: =O78+X78+Y78 -> 2071.52 | GN78: =ROUND(IF(OR(BI78=0,BI78=1),O78+X78+Y78,0),2) -> 2071.52 | GO78: =ROUND(IF(BI78=2,O78+X78+Y78,0),2) -> 0 | GP78: =ROUND(IF(BI78=4,O78+X78+Y78,0),2) -> 0 | GR78: 0
A79: 18 | B79: 1 | C79: 119 | E79: 12,1 | F79: 302-1319 | G79: Трубопроводы из стальных электросварных труб с гильзами для отопления и водоснабжения, наружный диаметр 89 мм, толщина стенки 3,5 мм | H79: м | I79: =I78*J79 -> 20 | J79: 100 | O79: =ROUND(CP79,2) -> 1235.2 | P79: =ROUND(CQ79*I79,2) -> 1235.2 | Q79: =ROUND(CR79*I79,2) -> 0 | R79: =ROUND(CS79*I79,2) -> 0 | S79: =ROUND(CT79*I79,2) -> 0 | T79: =ROUND(CU79*I79,2) -> 0 | U79: =CV79*I79 -> 0 | V79: =CW79*I79 -> 0 | W79: =ROUND(CX79*I79,2) -> 2.6 | X79: =ROUND(CY79,2) -> 0 | Y79: =ROUND(CZ79,2) -> 0 | AA79: 22723180 | AB79: =ROUND((AC79+AD79+AF79),6) -> 61.76 | AC79: =ROUND((ES79),6) -> 61.76 | AD79: =ROUND((((ET79)-(EU79))+AE79),6) -> 0 | AE79: =ROUND((EU79),6) -> 0 | AF79: =ROUND((EV79),6) -> 0 | AG79: =ROUND((AP79),6) -> 0 | AH79: =(EW79) -> 0 | AI79: =(EX79) -> 0 | AJ79: =ROUND((AS79),6) -> 0.13 | AK79: 61.76 | AL79: 61.76 | AM79: 0 | AN79: 0 | AO79: 0 | AP79: 0 | AQ79: 0 | AR79: 0 | AS79: 0.13 | AT79: 109 | AU79: 66 | AV79: 1 | AW79: 1 | AZ79: 1 | BA79: 1 | BB79: 1 | BC79: 1 | BH79: 3 | BI79: 1 | BJ79: ФССЦ (2010) ч.3, раздел02, поз.1319 | BM79: 16001 | BN79: 0 | BP79: 0 | BQ79: 2 | BS79: 1 | BT79: 1 | BU79: 1 | BV79: 1 | BW79: 1 | BX79: 1 | BZ79: 128 | CA79: 83 | CF79: 0 | CG79: 0 | CM79: 0 | CO79: 0 | CP79: =(P79+Q79+S79) -> 1235.2 | CQ79: =(AC79)*BC79 -> 61.76 | CR79: =(AD79)*BB79 -> 0 | CS79: =(AE79)*BS79 -> 0 | CT79: =(AF79)*BA79 -> 0 | CU79: =AG79 -> 0 | CV79: =AH79 -> 0 | CW79: =AI79 -> 0 | CX79: =AJ79 -> 0.13 | CY79: =(((S79+R79)*AT79)/100) -> 0 | CZ79: =(((S79+R79)*AU79)/100) -> 0 | DN79: 0 | DO79: 0 | DP79: 1 | DQ79: 1 | DU79: 1003 | DV79: м | DW79: м | DX79: 1 | EE79: 20678683 | EF79: 2 | EG79: Общестроительные работы | EH79: 0 | EJ79: 1 | EK79: 16001 | EL79: Трубопроводы внутренние | EM79: ФЕР-16 | EQ79: 0 | ER79: 61.76 | ES79: 61.76 | ET79: 0 | EU79: 0 | EV79: 0 | EW79: 0 | EX79: 0 | EZ79: 0 | FQ79: 0 | FR79: =ROUND(IF(AND(BH79=3,BI79=3),P79,0),2) -> 0 | FS79: 0 | FV79: *0,85 | FW79: *0,8 | FX79: 128 | FY79: 83 | GG79: 2 | GH79: 1 | GI79: -2 | GJ79: 0 | GK79: =ROUND(R79*(R12)/100,2) -> 0 | GL79: =ROUND(IF(AND(BH79=3,BI79=3,FS79<>0),P79,0),2) -> 0 | GM79: =O79+X79+Y79 -> 1235.2 | GN79: =ROUND(IF(OR(BI79=0,BI79=1),O79+X79+Y79,0),2) -> 1235.2 | GO79: =ROUND(IF(BI79=2,O79+X79+Y79,0),2) -> 0 | GP79: =ROUND(IF(BI79=4,O79+X79+Y79,0),2) -> 0 | GR79: 0
A80: 18 | B80: 1 | C80: 118 | E80: 12,2 | F80: 201-1113 | G80: Конструкции металлические (седло под трубопроводы, хомуты или подвески) | H80: т | I80: =I78*J80 -> 0.236 | J80: 1.18 | O80: =ROUND(CP80,2) -> 2265.6 | P80: =ROUND(CQ80*I80,2) -> 2265.6 | Q80: =ROUND(CR80*I80,2) -> 0 | R80: =ROUND(CS80*I80,2) -> 0 | S80: =ROUND(CT80*I80,2) -> 0 | T80: =ROUND(CU80*I80,2) -> 0 | U80: =CV80*I80 -> 0 | V80: =CW80*I80 -> 0 | W80: =ROUND(CX80*I80,2) -> 6.01 | X80: =ROUND(CY80,2) -> 0 | Y80: =ROUND(CZ80,2) -> 0 | AA80: 22723180 | AB80: =ROUND((AC80+AD80+AF80),6) -> 9600 | AC80: =ROUND((ES80),6) -> 9600 | AD80: =ROUND((((ET80)-(EU80))+AE80),6) -> 0 | AE80: =ROUND((EU80),6) -> 0 | AF80: =ROUND((EV80),6) -> 0 | AG80: =ROUND((AP80),6) -> 0 | AH80: =(EW80) -> 0 | AI80: =(EX80) -> 0 | AJ80: =ROUND((AS80),6) -> 25.47 | AK80: 9600 | AL80: 9600 | AM80: 0 | AN80: 0 | AO80: 0 | AP80: 0 | AQ80: 0 | AR80: 0 | AS80: 25.47 | AT80: 109 | AU80: 66 | AV80: 1 | AW80: 1 | AZ80: 1 | BA80: 1 | BB80: 1 | BC80: 1 | BH80: 3 | BI80: 1 | BJ80: ФССЦ (2010) ч.2, раздел01, поз.1113 | BM80: 9001 | BN80: 0 | BP80: 0 | BQ80: 2 | BS80: 1 | BT80: 1 | BU80: 1 | BV80: 1 | BW80: 1 | BX80: 1 | BZ80: 128 | CA80: 83 | CF80: 0 | CG80: 0 | CM80: 0 | CO80: 0 | CP80: =(P80+Q80+S80) -> 2265.6 | CQ80: =(AC80)*BC80 -> 9600 | CR80: =(AD80)*BB80 -> 0 | CS80: =(AE80)*BS80 -> 0 | CT80: =(AF80)*BA80 -> 0 | CU80: =AG80 -> 0 | CV80: =AH80 -> 0 | CW80: =AI80 -> 0 | CX80: =AJ80 -> 25.47 | CY80: =(((S80+R80)*AT80)/100) -> 0 | CZ80: =(((S80+R80)*AU80)/100) -> 0 | DN80: 0 | DO80: 0 | DP80: 1 | DQ80: 1 | DU80: 1009 | DV80: т | DW80: т | DX80: 1000 | EE80: 20678655 | EF80: 2 | EG80: Общестроительные работы | EH80: 0 | EJ80: 1 | EK80: 9001 | EL80: 08-1-1 | EM80: ФЕР-09 | EQ80: 0 | ER80: 9600 | ES80: 9600 | ET80: 0 | EU80: 0 | EV80: 0 | EW80: 0 | EX80: 0 | EZ80: 0 | FQ80: 0 | FR80: =ROUND(IF(AND(BH80=3,BI80=3),P80,0),2) -> 0 | FS80: 0 | FV80: *0,85 | FW80: *0,8 | FX80: 128 | FY80: 83 | GG80: 2 | GH80: 1 | GI80: -2 | GJ80: 0 | GK80: =ROUND(R80*(R12)/100,2) -> 0 | GL80: =ROUND(IF(AND(BH80=3,BI80=3,FS80<>0),P80,0),2) -> 0 | GM80: =O80+X80+Y80 -> 2265.6 | GN80: =ROUND(IF(OR(BI80=0,BI80=1),O80+X80+Y80,0),2) -> 2265.6 | GO80: =ROUND(IF(BI80=2,O80+X80+Y80,0),2) -> 0 | GP80: =ROUND(IF(BI80=4,O80+X80+Y80,0),2) -> 0 | GR80: 0
A81: 17 | B81: 1 | C81: =ROW(SmtRes!A129) -> 129 | D81: =ROW(EtalonRes!A122) -> 122 | E81: 13 | F81: 16-07-005-2 | G81: Гидравлическое испытание трубопроводов систем отопления, водопровода и горячего водоснабжения диаметром до 100 мм | H81: 100 м трубопровода | I81: 0.64 | J81: 0 | O81: =ROUND(CP81,2) -> 72.92 | P81: =ROUND(CQ81*I81,2) -> 7.11 | Q81: =ROUND(CR81*I81,2) -> 28.49 | R81: =ROUND(CS81*I81,2) -> 0 | S81: =ROUND(CT81*I81,2) -> 37.32 | T81: =ROUND(CU81*I81,2) -> 0 | U81: =CV81*I81 -> 3.2064 | V81: =CW81*I81 -> 0 | W81: =ROUND(CX81*I81,2) -> 0 | X81: =ROUND(CY81,2) -> 40.68 | Y81: =ROUND(CZ81,2) -> 24.63 | AA81: 22723180 | AB81: =ROUND((AC81+AD81+AF81),6) -> 113.94 | AC81: =ROUND((ES81),6) -> 11.11 | AD81: =ROUND((((ET81)-(EU81))+AE81),6) -> 44.51 | AE81: =ROUND((EU81),6) -> 0 | AF81: =ROUND((EV81),6) -> 58.32 | AG81: =ROUND((AP81),6) -> 0 | AH81: =(EW81) -> 5.01 | AI81: =(EX81) -> 0 | AJ81: =ROUND((AS81),6) -> 0 | AK81: 113.94 | AL81: 11.11 | AM81: 44.51 | AN81: 0 | AO81: 58.32 | AP81: 0 | AQ81: 5.01 | AR81: 0 | AS81: 0 | AT81: 109 | AU81: 66 | AV81: 1 | AW81: 1 | AZ81: 1 | BA81: 1 | BB81: 1 | BC81: 1 | BH81: 0 | BI81: 1 | BJ81: ФЕР16-07-005-2 пр.№ 253 от 17 ноября 2008 г | BM81: 16001 | BN81: 0 | BP81: 0 | BQ81: 2 | BS81: 1 | BT81: 1 | BU81: 1 | BV81: 1 | BW81: 1 | BX81: 1 | BZ81: 128 | CA81: 83 | CF81: 0 | CG81: 0 | CM81: 0 | CO81: 0 | CP81: =(P81+Q81+S81) -> 72.92 | CQ81: =(AC81)*BC81 -> 11.11 | CR81: =(AD81)*BB81 -> 44.51 | CS81: =(AE81)*BS81 -> 0 | CT81: =(AF81)*BA81 -> 58.32 | CU81: =AG81 -> 0 | CV81: =AH81 -> 5.01 | CW81: =AI81 -> 0 | CX81: =AJ81 -> 0 | CY81: =(((S81+R81)*AT81)/100) -> 40.6788 | CZ81: =(((S81+R81)*AU81)/100) -> 24.6312 | DN81: 0 | DO81: 0 | DP81: 1 | DQ81: 1 | DU81: 1013 | DV81: 100 м трубопровода | DW81: 100 м трубопровода | DX81: 1 | EE81: 20678683 | EF81: 2 | EG81: Общестроительные работы | EH81: 0 | EJ81: 1 | EK81: 16001 | EL81: Трубопроводы внутренние | EM81: ФЕР-16 | EQ81: 0 | ER81: 113.94 | ES81: 11.11 | ET81: 44.51 | EU81: 0 | EV81: 58.32 | EW81: 5.01 | EX81: 0 | EY81: 0 | EZ81: 0 | FQ81: 0 | FR81: =ROUND(IF(AND(BH81=3,BI81=3),P81,0),2) -> 0 | FS81: 0 | FV81: *0,85 | FW81: *0,8 | FX81: 128 | FY81: 83 | GG81: 2 | GH81: 1 | GI81: -2 | GJ81: 0 | GK81: =ROUND(R81*(R12)/100,2) -> 0 | GL81: =ROUND(IF(AND(BH81=3,BI81=3,FS81<>0),P81,0),2) -> 0 | GM81: =O81+X81+Y81 -> 138.23 | GN81: =ROUND(IF(OR(BI81=0,BI81=1),O81+X81+Y81,0),2) -> 138.23 | GO81: =ROUND(IF(BI81=2,O81+X81+Y81,0),2) -> 0 | GP81: =ROUND(IF(BI81=4,O81+X81+Y81,0),2) -> 0 | GR81: 0
A82: 17 | B82: 1 | C82: =ROW(SmtRes!A145) -> 145 | D82: =ROW(EtalonRes!A137) -> 137 | E82: 14 | F82: 16-02-005-6 | G82: Прокладка трубопроводов отопления и водоснабжения из стальных электросварных труб диаметром 125 мм | H82: 100 м трубопровода | I82: 0.1 | J82: 0 | O82: =ROUND(CP82,2) -> 1183.17 | P82: =ROUND(CQ82*I82,2) -> 1046.52 | Q82: =ROUND(CR82*I82,2) -> 26.87 | R82: =ROUND(CS82*I82,2) -> 0.88 | S82: =ROUND(CT82*I82,2) -> 109.78 | T82: =ROUND(CU82*I82,2) -> 0 | U82: =CV82*I82 -> 11.544 | V82: =CW82*I82 -> 0.065 | W82: =ROUND(CX82*I82,2) -> 0 | X82: =ROUND(CY82,2) -> 120.62 | Y82: =ROUND(CZ82,2) -> 73.04 | AA82: 22723180 | AB82: =ROUND((AC82+AD82+AF82),6) -> 11831.74 | AC82: =ROUND((ES82),6) -> 10465.18 | AD82: =ROUND((((ET82)-(EU82))+AE82),6) -> 268.73 | AE82: =ROUND((EU82),6) -> 8.78 | AF82: =ROUND((EV82),6) -> 1097.83 | AG82: =ROUND((AP82),6) -> 0 | AH82: =(EW82) -> 115.44 | AI82: =(EX82) -> 0.65 | AJ82: =ROUND((AS82),6) -> 0 | AK82: 11831.74 | AL82: 10465.18 | AM82: 268.73 | AN82: 8.78 | AO82: 1097.83 | AP82: 0 | AQ82: 115.44 | AR82: 0.65 | AS82: 0 | AT82: 109 | AU82: 66 | AV82: 1 | AW82: 1 | AZ82: 1 | BA82: 1 | BB82: 1 | BC82: 1 | BH82: 0 | BI82: 1 | BJ82: ФЕР16-02-005-6 пр.№ 253 от 17 ноября 2008 г | BM82: 16001 | BN82: 0 | BP82: 0 | BQ82: 2 | BS82: 1 | BT82: 1 | BU82: 1 | BV82: 1 | BW82: 1 | BX82: 1 | BZ82: 128 | CA82: 83 | CF82: 0 | CG82: 0 | CM82: 0 | CO82: 0 | CP82: =(P82+Q82+S82) -> 1183.17 | CQ82: =(AC82)*BC82 -> 10465.18 | CR82: =(AD82)*BB82 -> 268.73 | CS82: =(AE82)*BS82 -> 8.78 | CT82: =(AF82)*BA82 -> 1097.83 | CU82: =AG82 -> 0 | CV82: =AH82 -> 115.44 | CW82: =AI82 -> 0.65 | CX82: =AJ82 -> 0 | CY82: =(((S82+R82)*AT82)/100) -> 120.6194 | CZ82: =(((S82+R82)*AU82)/100) -> 73.0356 | DN82: 0 | DO82: 0 | DP82: 1 | DQ82: 1 | DU82: 1013 | DV82: 100 м трубопровода | DW82: 100 м трубопровода | DX82: 1 | EE82: 20678683 | EF82: 2 | EG82: Общестроительные работы | EH82: 0 | EJ82: 1 | EK82: 16001 | EL82: Трубопроводы внутренние | EM82: ФЕР-16 | EQ82: 0 | ER82: 11831.74 | ES82: 10465.18 | ET82: 268.73 | EU82: 8.78 | EV82: 1097.83 | EW82: 115.44 | EX82: 0.65 | EY82: 0 | EZ82: 0 | FQ82: 0 | FR82: =ROUND(IF(AND(BH82=3,BI82=3),P82,0),2) -> 0 | FS82: 0 | FV82: *0,85 | FW82: *0,8 | FX82: 128 | FY82: 83 | GG82: 2 | GH82: 1 | GI82: -2 | GJ82: 0 | GK82: =ROUND(R82*(R12)/100,2) -> 0 | GL82: =ROUND(IF(AND(BH82=3,BI82=3,FS82<>0),P82,0),2) -> 0 | GM82: =O82+X82+Y82 -> 1376.83 | GN82: =ROUND(IF(OR(BI82=0,BI82=1),O82+X82+Y82,0),2) -> 1376.83 | GO82: =ROUND(IF(BI82=2,O82+X82+Y82,0),2) -> 0 | GP82: =ROUND(IF(BI82=4,O82+X82+Y82,0),2) -> 0 | GR82: 0
A83: 18 | B83: 1 | C83: 141 | E83: 14,1 | F83: 302-1320 | G83: Трубопроводы из стальных электросварных труб с гильзами для отопления и водоснабжения, наружный диаметр 108 мм, толщина стенки 4 мм | H83: м | I83: =I82*J83 -> 10 | J83: 100 | O83: =ROUND(CP83,2) -> 793.6 | P83: =ROUND(CQ83*I83,2) -> 793.6 | Q83: =ROUND(CR83*I83,2) -> 0 | R83: =ROUND(CS83*I83,2) -> 0 | S83: =ROUND(CT83*I83,2) -> 0 | T83: =ROUND(CU83*I83,2) -> 0 | U83: =CV83*I83 -> 0 | V83: =CW83*I83 -> 0 | W83: =ROUND(CX83*I83,2) -> 1.6 | X83: =ROUND(CY83,2) -> 0 | Y83: =ROUND(CZ83,2) -> 0 | AA83: 22723180 | AB83: =ROUND((AC83+AD83+AF83),6) -> 79.36 | AC83: =ROUND((ES83),6) -> 79.36 | AD83: =ROUND((((ET83)-(EU83))+AE83),6) -> 0 | AE83: =ROUND((EU83),6) -> 0 | AF83: =ROUND((EV83),6) -> 0 | AG83: =ROUND((AP83),6) -> 0 | AH83: =(EW83) -> 0 | AI83: =(EX83) -> 0 | AJ83: =ROUND((AS83),6) -> 0.16 | AK83: 79.36 | AL83: 79.36 | AM83: 0 | AN83: 0 | AO83: 0 | AP83: 0 | AQ83: 0 | AR83: 0 | AS83: 0.16 | AT83: 109 | AU83: 66 | AV83: 1 | AW83: 1 | AZ83: 1 | BA83: 1 | BB83: 1 | BC83: 1 | BH83: 3 | BI83: 1 | BJ83: ФССЦ (2010) ч.3, раздел02, поз.1320 | BM83: 16001 | BN83: 0 | BP83: 0 | BQ83: 2 | BS83: 1 | BT83: 1 | BU83: 1 | BV83: 1 | BW83: 1 | BX83: 1 | BZ83: 128 | CA83: 83 | CF83: 0 | CG83: 0 | CM83: 0 | CO83: 0 | CP83: =(P83+Q83+S83) -> 793.6 | CQ83: =(AC83)*BC83 -> 79.36 | CR83: =(AD83)*BB83 -> 0 | CS83: =(AE83)*BS83 -> 0 | CT83: =(AF83)*BA83 -> 0 | CU83: =AG83 -> 0 | CV83: =AH83 -> 0 | CW83: =AI83 -> 0 | CX83: =AJ83 -> 0.16 | CY83: =(((S83+R83)*AT83)/100) -> 0 | CZ83: =(((S83+R83)*AU83)/100) -> 0 | DN83: 0 | DO83: 0 | DP83: 1 | DQ83: 1 | DU83: 1003 | DV83: м | DW83: м | DX83: 1 | EE83: 20678683 | EF83: 2 | EG83: Общестроительные работы | EH83: 0 | EJ83: 1 | EK83: 16001 | EL83: Трубопроводы внутренние | EM83: ФЕР-16 | EQ83: 0 | ER83: 79.36 | ES83: 79.36 | ET83: 0 | EU83: 0 | EV83: 0 | EW83: 0 | EX83: 0 | EZ83: 0 | FQ83: 0 | FR83: =ROUND(IF(AND(BH83=3,BI83=3),P83,0),2) -> 0 | FS83: 0 | FV83: *0,85 | FW83: *0,8 | FX83: 128 | FY83: 83 | GG83: 2 | GH83: 1 | GI83: -2 | GJ83: 0 | GK83: =ROUND(R83*(R12)/100,2) -> 0 | GL83: =ROUND(IF(AND(BH83=3,BI83=3,FS83<>0),P83,0),2) -> 0 | GM83: =O83+X83+Y83 -> 793.6 | GN83: =ROUND(IF(OR(BI83=0,BI83=1),O83+X83+Y83,0),2) -> 793.6 | GO83: =ROUND(IF(BI83=2,O83+X83+Y83,0),2) -> 0 | GP83: =ROUND(IF(BI83=4,O83+X83+Y83,0),2) -> 0 | GR83: 0
A84: 18 | B84: 1 | C84: 140 | E84: 14,2 | F84: 201-1113 | G84: Конструкции металлические (седло под трубопроводы, хомуты или подвески) | H84: т | I84: =I82*J84 -> 0.118 | J84: 1.18 | O84: =ROUND(CP84,2) -> 1132.8 | P84: =ROUND(CQ84*I84,2) -> 1132.8 | Q84: =ROUND(CR84*I84,2) -> 0 | R84: =ROUND(CS84*I84,2) -> 0 | S84: =ROUND(CT84*I84,2) -> 0 | T84: =ROUND(CU84*I84,2) -> 0 | U84: =CV84*I84 -> 0 | V84: =CW84*I84 -> 0 | W84: =ROUND(CX84*I84,2) -> 3.01 | X84: =ROUND(CY84,2) -> 0 | Y84: =ROUND(CZ84,2) -> 0 | AA84: 22723180 | AB84: =ROUND((AC84+AD84+AF84),6) -> 9600 | AC84: =ROUND((ES84),6) -> 9600 | AD84: =ROUND((((ET84)-(EU84))+AE84),6) -> 0 | AE84: =ROUND((EU84),6) -> 0 | AF84: =ROUND((EV84),6) -> 0 | AG84: =ROUND((AP84),6) -> 0 | AH84: =(EW84) -> 0 | AI84: =(EX84) -> 0 | AJ84: =ROUND((AS84),6) -> 25.47 | AK84: 9600 | AL84: 9600 | AM84: 0 | AN84: 0 | AO84: 0 | AP84: 0 | AQ84: 0 | AR84: 0 | AS84: 25.47 | AT84: 109 | AU84: 66 | AV84: 1 | AW84: 1 | AZ84: 1 | BA84: 1 | BB84: 1 | BC84: 1 | BH84: 3 | BI84: 1 | BJ84: ФССЦ (2010) ч.2, раздел01, поз.1113 | BM84: 9001 | BN84: 0 | BP84: 0 | BQ84: 2 | BS84: 1 | BT84: 1 | BU84: 1 | BV84: 1 | BW84: 1 | BX84: 1 | BZ84: 128 | CA84: 83 | CF84: 0 | CG84: 0 | CM84: 0 | CO84: 0 | CP84: =(P84+Q84+S84) -> 1132.8 | CQ84: =(AC84)*BC84 -> 9600 | CR84: =(AD84)*BB84 -> 0 | CS84: =(AE84)*BS84 -> 0 | CT84: =(AF84)*BA84 -> 0 | CU84: =AG84 -> 0 | CV84: =AH84 -> 0 | CW84: =AI84 -> 0 | CX84: =AJ84 -> 25.47 | CY84: =(((S84+R84)*AT84)/100) -> 0 | CZ84: =(((S84+R84)*AU84)/100) -> 0 | DN84: 0 | DO84: 0 | DP84: 1 | DQ84: 1 | DU84: 1009 | DV84: т | DW84: т | DX84: 1000 | EE84: 20678655 | EF84: 2 | EG84: Общестроительные работы | EH84: 0 | EJ84: 1 | EK84: 9001 | EL84: 08-1-1 | EM84: ФЕР-09 | EQ84: 0 | ER84: 9600 | ES84: 9600 | ET84: 0 | EU84: 0 | EV84: 0 | EW84: 0 | EX84: 0 | EZ84: 0 | FQ84: 0 | FR84: =ROUND(IF(AND(BH84=3,BI84=3),P84,0),2) -> 0 | FS84: 0 | FV84: *0,85 | FW84: *0,8 | FX84: 128 | FY84: 83 | GG84: 2 | GH84: 1 | GI84: -2 | GJ84: 0 | GK84: =ROUND(R84*(R12)/100,2) -> 0 | GL84: =ROUND(IF(AND(BH84=3,BI84=3,FS84<>0),P84,0),2) -> 0 | GM84: =O84+X84+Y84 -> 1132.8 | GN84: =ROUND(IF(OR(BI84=0,BI84=1),O84+X84+Y84,0),2) -> 1132.8 | GO84: =ROUND(IF(BI84=2,O84+X84+Y84,0),2) -> 0 | GP84: =ROUND(IF(BI84=4,O84+X84+Y84,0),2) -> 0 | GR84: 0
A85: 17 | B85: 1 | C85: =ROW(SmtRes!A160) -> 160 | D85: =ROW(EtalonRes!A151) -> 151 | E85: 15 | F85: 16-02-005-7 | G85: Прокладка трубопроводов отопления и водоснабжения из стальных электросварных труб диаметром 150 мм | H85: 100 м трубопровода | I85: 1.3 | J85: 0 | O85: =ROUND(CP85,2) -> 19256.66 | P85: =ROUND(CQ85*I85,2) -> 17497.6 | Q85: =ROUND(CR85*I85,2) -> 331.88 | R85: =ROUND(CS85*I85,2) -> 11.41 | S85: =ROUND(CT85*I85,2) -> 1427.18 | T85: =ROUND(CU85*I85,2) -> 0 | U85: =CV85*I85 -> 150.072 | V85: =CW85*I85 -> 0.845 | W85: =ROUND(CX85*I85,2) -> 0 | X85: =ROUND(CY85,2) -> 1568.06 | Y85: =ROUND(CZ85,2) -> 949.47 | AA85: 22723180 | AB85: =ROUND((AC85+AD85+AF85),6) -> 14812.81 | AC85: =ROUND((ES85),6) -> 13459.69 | AD85: =ROUND((((ET85)-(EU85))+AE85),6) -> 255.29 | AE85: =ROUND((EU85),6) -> 8.78 | AF85: =ROUND((EV85),6) -> 1097.83 | AG85: =ROUND((AP85),6) -> 0 | AH85: =(EW85) -> 115.44 | AI85: =(EX85) -> 0.65 | AJ85: =ROUND((AS85),6) -> 0 | AK85: 14812.81 | AL85: 13459.69 | AM85: 255.29 | AN85: 8.78 | AO85: 1097.83 | AP85: 0 | AQ85: 115.44 | AR85: 0.65 | AS85: 0 | AT85: 109 | AU85: 66 | AV85: 1 | AW85: 1 | AZ85: 1 | BA85: 1 | BB85: 1 | BC85: 1 | BH85: 0 | BI85: 1 | BJ85: ФЕР16-02-005-7 пр.№ 253 от 17 ноября 2008 г | BM85: 16001 | BN85: 0 | BP85: 0 | BQ85: 2 | BS85: 1 | BT85: 1 | BU85: 1 | BV85: 1 | BW85: 1 | BX85: 1 | BZ85: 128 | CA85: 83 | CF85: 0 | CG85: 0 | CM85: 0 | CO85: 0 | CP85: =(P85+Q85+S85) -> 19256.66 | CQ85: =(AC85)*BC85 -> 13459.69 | CR85: =(AD85)*BB85 -> 255.29 | CS85: =(AE85)*BS85 -> 8.78 | CT85: =(AF85)*BA85 -> 1097.83 | CU85: =AG85 -> 0 | CV85: =AH85 -> 115.44 | CW85: =AI85 -> 0.65 | CX85: =AJ85 -> 0 | CY85: =(((S85+R85)*AT85)/100) -> 1568.0631 | CZ85: =(((S85+R85)*AU85)/100) -> 949.4694 | DN85: 0 | DO85: 0 | DP85: 1 | DQ85: 1 | DU85: 1013 | DV85: 100 м трубопровода | DW85: 100 м трубопровода | DX85: 1 | EE85: 20678683 | EF85: 2 | EG85: Общестроительные работы | EH85: 0 | EJ85: 1 | EK85: 16001 | EL85: Трубопроводы внутренние | EM85: ФЕР-16 | EQ85: 0 | ER85: 14812.81 | ES85: 13459.69 | ET85: 255.29 | EU85: 8.78 | EV85: 1097.83 | EW85: 115.44 | EX85: 0.65 | EY85: 0 | EZ85: 0 | FQ85: 0 | FR85: =ROUND(IF(AND(BH85=3,BI85=3),P85,0),2) -> 0 | FS85: 0 | FV85: *0,85 | FW85: *0,8 | FX85: 128 | FY85: 83 | GG85: 2 | GH85: 1 | GI85: -2 | GJ85: 0 | GK85: =ROUND(R85*(R12)/100,2) -> 0 | GL85: =ROUND(IF(AND(BH85=3,BI85=3,FS85<>0),P85,0),2) -> 0 | GM85: =O85+X85+Y85 -> 21774.19 | GN85: =ROUND(IF(OR(BI85=0,BI85=1),O85+X85+Y85,0),2) -> 21774.19 | GO85: =ROUND(IF(BI85=2,O85+X85+Y85,0),2) -> 0 | GP85: =ROUND(IF(BI85=4,O85+X85+Y85,0),2) -> 0 | GR85: 0
A86: 18 | B86: 1 | C86: 156 | E86: 15,1 | F86: 302-1321 | G86: Трубопроводы из стальных электросварных труб с гильзами для отопления и водоснабжения, наружный диаметр 133 мм, толщина стенки 4 мм | H86: м | I86: =I85*J86 -> 130 | J86: 100 | O86: =ROUND(CP86,2) -> 13395.2 | P86: =ROUND(CQ86*I86,2) -> 13395.2 | Q86: =ROUND(CR86*I86,2) -> 0 | R86: =ROUND(CS86*I86,2) -> 0 | S86: =ROUND(CT86*I86,2) -> 0 | T86: =ROUND(CU86*I86,2) -> 0 | U86: =CV86*I86 -> 0 | V86: =CW86*I86 -> 0 | W86: =ROUND(CX86*I86,2) -> 28.6 | X86: =ROUND(CY86,2) -> 0 | Y86: =ROUND(CZ86,2) -> 0 | AA86: 22723180 | AB86: =ROUND((AC86+AD86+AF86),6) -> 103.04 | AC86: =ROUND((ES86),6) -> 103.04 | AD86: =ROUND((((ET86)-(EU86))+AE86),6) -> 0 | AE86: =ROUND((EU86),6) -> 0 | AF86: =ROUND((EV86),6) -> 0 | AG86: =ROUND((AP86),6) -> 0 | AH86: =(EW86) -> 0 | AI86: =(EX86) -> 0 | AJ86: =ROUND((AS86),6) -> 0.22 | AK86: 103.04 | AL86: 103.04 | AM86: 0 | AN86: 0 | AO86: 0 | AP86: 0 | AQ86: 0 | AR86: 0 | AS86: 0.22 | AT86: 109 | AU86: 66 | AV86: 1 | AW86: 1 | AZ86: 1 | BA86: 1 | BB86: 1 | BC86: 1 | BH86: 3 | BI86: 1 | BJ86: ФССЦ (2010) ч.3, раздел02, поз.1321 | BM86: 16001 | BN86: 0 | BP86: 0 | BQ86: 2 | BS86: 1 | BT86: 1 | BU86: 1 | BV86: 1 | BW86: 1 | BX86: 1 | BZ86: 128 | CA86: 83 | CF86: 0 | CG86: 0 | CM86: 0 | CO86: 0 | CP86: =(P86+Q86+S86) -> 13395.2 | CQ86: =(AC86)*BC86 -> 103.04 | CR86: =(AD86)*BB86 -> 0 | CS86: =(AE86)*BS86 -> 0 | CT86: =(AF86)*BA86 -> 0 | CU86: =AG86 -> 0 | CV86: =AH86 -> 0 | CW86: =AI86 -> 0 | CX86: =AJ86 -> 0.22 | CY86: =(((S86+R86)*AT86)/100) -> 0 | CZ86: =(((S86+R86)*AU86)/100) -> 0 | DN86: 0 | DO86: 0 | DP86: 1 | DQ86: 1 | DU86: 1003 | DV86: м | DW86: м | DX86: 1 | EE86: 20678683 | EF86: 2 | EG86: Общестроительные работы | EH86: 0 | EJ86: 1 | EK86: 16001 | EL86: Трубопроводы внутренние | EM86: ФЕР-16 | EQ86: 0 | ER86: 103.04 | ES86: 103.04 | ET86: 0 | EU86: 0 | EV86: 0 | EW86: 0 | EX86: 0 | EZ86: 0 | FQ86: 0 | FR86: =ROUND(IF(AND(BH86=3,BI86=3),P86,0),2) -> 0 | FS86: 0 | FV86: *0,85 | FW86: *0,8 | FX86: 128 | FY86: 83 | GG86: 2 | GH86: 1 | GI86: -2 | GJ86: 0 | GK86: =ROUND(R86*(R12)/100,2) -> 0 | GL86: =ROUND(IF(AND(BH86=3,BI86=3,FS86<>0),P86,0),2) -> 0 | GM86: =O86+X86+Y86 -> 13395.2 | GN86: =ROUND(IF(OR(BI86=0,BI86=1),O86+X86+Y86,0),2) -> 13395.2 | GO86: =ROUND(IF(BI86=2,O86+X86+Y86,0),2) -> 0 | GP86: =ROUND(IF(BI86=4,O86+X86+Y86,0),2) -> 0 | GR86: 0
A87: 18 | B87: 1 | C87: 155 | E87: 15,2 | F87: 201-1113 | G87: Конструкции металлические (седло под трубопроводы, хомуты или подвески) | H87: т | I87: =I85*J87 -> 1.534 | J87: 1.18 | O87: =ROUND(CP87,2) -> 14726.4 | P87: =ROUND(CQ87*I87,2) -> 14726.4 | Q87: =ROUND(CR87*I87,2) -> 0 | R87: =ROUND(CS87*I87,2) -> 0 | S87: =ROUND(CT87*I87,2) -> 0 | T87: =ROUND(CU87*I87,2) -> 0 | U87: =CV87*I87 -> 0 | V87: =CW87*I87 -> 0 | W87: =ROUND(CX87*I87,2) -> 39.07 | X87: =ROUND(CY87,2) -> 0 | Y87: =ROUND(CZ87,2) -> 0 | AA87: 22723180 | AB87: =ROUND((AC87+AD87+AF87),6) -> 9600 | AC87: =ROUND((ES87),6) -> 9600 | AD87: =ROUND((((ET87)-(EU87))+AE87),6) -> 0 | AE87: =ROUND((EU87),6) -> 0 | AF87: =ROUND((EV87),6) -> 0 | AG87: =ROUND((AP87),6) -> 0 | AH87: =(EW87) -> 0 | AI87: =(EX87) -> 0 | AJ87: =ROUND((AS87),6) -> 25.47 | AK87: 9600 | AL87: 9600 | AM87: 0 | AN87: 0 | AO87: 0 | AP87: 0 | AQ87: 0 | AR87: 0 | AS87: 25.47 | AT87: 109 | AU87: 66 | AV87: 1 | AW87: 1 | AZ87: 1 | BA87: 1 | BB87: 1 | BC87: 1 | BH87: 3 | BI87: 1 | BJ87: ФССЦ (2010) ч.2, раздел01, поз.1113 | BM87: 9001 | BN87: 0 | BP87: 0 | BQ87: 2 | BS87: 1 | BT87: 1 | BU87: 1 | BV87: 1 | BW87: 1 | BX87: 1 | BZ87: 128 | CA87: 83 | CF87: 0 | CG87: 0 | CM87: 0 | CO87: 0 | CP87: =(P87+Q87+S87) -> 14726.4 | CQ87: =(AC87)*BC87 -> 9600 | CR87: =(AD87)*BB87 -> 0 | CS87: =(AE87)*BS87 -> 0 | CT87: =(AF87)*BA87 -> 0 | CU87: =AG87 -> 0 | CV87: =AH87 -> 0 | CW87: =AI87 -> 0 | CX87: =AJ87 -> 25.47 | CY87: =(((S87+R87)*AT87)/100) -> 0 | CZ87: =(((S87+R87)*AU87)/100) -> 0 | DN87: 0 | DO87: 0 | DP87: 1 | DQ87: 1 | DU87: 1009 | DV87: т | DW87: т | DX87: 1000 | EE87: 20678655 | EF87: 2 | EG87: Общестроительные работы | EH87: 0 | EJ87: 1 | EK87: 9001 | EL87: 08-1-1 | EM87: ФЕР-09 | EQ87: 0 | ER87: 9600 | ES87: 9600 | ET87: 0 | EU87: 0 | EV87: 0 | EW87: 0 | EX87: 0 | EZ87: 0 | FQ87: 0 | FR87: =ROUND(IF(AND(BH87=3,BI87=3),P87,0),2) -> 0 | FS87: 0 | FV87: *0,85 | FW87: *0,8 | FX87: 128 | FY87: 83 | GG87: 2 | GH87: 1 | GI87: -2 | GJ87: 0 | GK87: =ROUND(R87*(R12)/100,2) -> 0 | GL87: =ROUND(IF(AND(BH87=3,BI87=3,FS87<>0),P87,0),2) -> 0 | GM87: =O87+X87+Y87 -> 14726.4 | GN87: =ROUND(IF(OR(BI87=0,BI87=1),O87+X87+Y87,0),2) -> 14726.4 | GO87: =ROUND(IF(BI87=2,O87+X87+Y87,0),2) -> 0 | GP87: =ROUND(IF(BI87=4,O87+X87+Y87,0),2) -> 0 | GR87: 0
A88: 17 | B88: 1 | C88: =ROW(SmtRes!A174) -> 174 | D88: =ROW(EtalonRes!A164) -> 164 | E88: 16 | F88: 16-02-005-8 | G88: Прокладка трубопроводов отопления и водоснабжения из стальных электросварных труб диаметром 200 мм | H88: 100 м трубопровода | I88: 1.55 | J88: 0 | O88: =ROUND(CP88,2) -> 36940.47 | P88: =ROUND(CQ88*I88,2) -> 33545.36 | Q88: =ROUND(CR88*I88,2) -> 654.55 | R88: =ROUND(CS88*I88,2) -> 21.56 | S88: =ROUND(CT88*I88,2) -> 2740.56 | T88: =ROUND(CU88*I88,2) -> 0 | U88: =CV88*I88 -> 288.176 | V88: =CW88*I88 -> 1.5965 | W88: =ROUND(CX88*I88,2) -> 0 | X88: =ROUND(CY88,2) -> 3010.71 | Y88: =ROUND(CZ88,2) -> 1823 | AA88: 22723180 | AB88: =ROUND((AC88+AD88+AF88),6) -> 23832.56 | AC88: =ROUND((ES88),6) -> 21642.17 | AD88: =ROUND((((ET88)-(EU88))+AE88),6) -> 422.29 | AE88: =ROUND((EU88),6) -> 13.91 | AF88: =ROUND((EV88),6) -> 1768.1 | AG88: =ROUND((AP88),6) -> 0 | AH88: =(EW88) -> 185.92 | AI88: =(EX88) -> 1.03 | AJ88: =ROUND((AS88),6) -> 0 | AK88: 23832.56 | AL88: 21642.17 | AM88: 422.29 | AN88: 13.91 | AO88: 1768.1 | AP88: 0 | AQ88: 185.92 | AR88: 1.03 | AS88: 0 | AT88: 109 | AU88: 66 | AV88: 1 | AW88: 1 | AZ88: 1 | BA88: 1 | BB88: 1 | BC88: 1 | BH88: 0 | BI88: 1 | BJ88: ФЕР16-02-005-8 пр.№ 253 от 17 ноября 2008 г | BM88: 16001 | BN88: 0 | BP88: 0 | BQ88: 2 | BS88: 1 | BT88: 1 | BU88: 1 | BV88: 1 | BW88: 1 | BX88: 1 | BZ88: 128 | CA88: 83 | CF88: 0 | CG88: 0 | CM88: 0 | CO88: 0 | CP88: =(P88+Q88+S88) -> 36940.47 | CQ88: =(AC88)*BC88 -> 21642.17 | CR88: =(AD88)*BB88 -> 422.29 | CS88: =(AE88)*BS88 -> 13.91 | CT88: =(AF88)*BA88 -> 1768.1 | CU88: =AG88 -> 0 | CV88: =AH88 -> 185.92 | CW88: =AI88 -> 1.03 | CX88: =AJ88 -> 0 | CY88: =(((S88+R88)*AT88)/100) -> 3010.7108 | CZ88: =(((S88+R88)*AU88)/100) -> 1822.9992 | DN88: 0 | DO88: 0 | DP88: 1 | DQ88: 1 | DU88: 1013 | DV88: 100 м трубопровода | DW88: 100 м трубопровода | DX88: 1 | EE88: 20678683 | EF88: 2 | EG88: Общестроительные работы | EH88: 0 | EJ88: 1 | EK88: 16001 | EL88: Трубопроводы внутренние | EM88: ФЕР-16 | EQ88: 0 | ER88: 23832.56 | ES88: 21642.17 | ET88: 422.29 | EU88: 13.91 | EV88: 1768.1 | EW88: 185.92 | EX88: 1.03 | EY88: 0 | EZ88: 0 | FQ88: 0 | FR88: =ROUND(IF(AND(BH88=3,BI88=3),P88,0),2) -> 0 | FS88: 0 | FV88: *0,85 | FW88: *0,8 | FX88: 128 | FY88: 83 | GG88: 2 | GH88: 1 | GI88: -2 | GJ88: 0 | GK88: =ROUND(R88*(R12)/100,2) -> 0 | GL88: =ROUND(IF(AND(BH88=3,BI88=3,FS88<>0),P88,0),2) -> 0 | GM88: =O88+X88+Y88 -> 41774.18 | GN88: =ROUND(IF(OR(BI88=0,BI88=1),O88+X88+Y88,0),2) -> 41774.18 | GO88: =ROUND(IF(BI88=2,O88+X88+Y88,0),2) -> 0 | GP88: =ROUND(IF(BI88=4,O88+X88+Y88,0),2) -> 0 | GR88: 0
A89: 18 | B89: 1 | C89: 170 | E89: 16,1 | F89: 302-1322 | G89: Трубопроводы из стальных электросварных труб с гильзами для отопления и водоснабжения, наружный диаметр 159 мм, толщина стенки 4 мм | H89: м | I89: =I88*J89 -> 155 | J89: 100 | O89: =ROUND(CP89,2) -> 20584 | P89: =ROUND(CQ89*I89,2) -> 20584 | Q89: =ROUND(CR89*I89,2) -> 0 | R89: =ROUND(CS89*I89,2) -> 0 | S89: =ROUND(CT89*I89,2) -> 0 | T89: =ROUND(CU89*I89,2) -> 0 | U89: =CV89*I89 -> 0 | V89: =CW89*I89 -> 0 | W89: =ROUND(CX89*I89,2) -> 44.95 | X89: =ROUND(CY89,2) -> 0 | Y89: =ROUND(CZ89,2) -> 0 | AA89: 22723180 | AB89: =ROUND((AC89+AD89+AF89),6) -> 132.8 | AC89: =ROUND((ES89),6) -> 132.8 | AD89: =ROUND((((ET89)-(EU89))+AE89),6) -> 0 | AE89: =ROUND((EU89),6) -> 0 | AF89: =ROUND((EV89),6) -> 0 | AG89: =ROUND((AP89),6) -> 0 | AH89: =(EW89) -> 0 | AI89: =(EX89) -> 0 | AJ89: =ROUND((AS89),6) -> 0.29 | AK89: 132.8 | AL89: 132.8 | AM89: 0 | AN89: 0 | AO89: 0 | AP89: 0 | AQ89: 0 | AR89: 0 | AS89: 0.29 | AT89: 109 | AU89: 66 | AV89: 1 | AW89: 1 | AZ89: 1 | BA89: 1 | BB89: 1 | BC89: 1 | BH89: 3 | BI89: 1 | BJ89: ФССЦ (2010) ч.3, раздел02, поз.1322 | BM89: 16001 | BN89: 0 | BP89: 0 | BQ89: 2 | BS89: 1 | BT89: 1 | BU89: 1 | BV89: 1 | BW89: 1 | BX89: 1 | BZ89: 128 | CA89: 83 | CF89: 0 | CG89: 0 | CM89: 0 | CO89: 0 | CP89: =(P89+Q89+S89) -> 20584 | CQ89: =(AC89)*BC89 -> 132.8 | CR89: =(AD89)*BB89 -> 0 | CS89: =(AE89)*BS89 -> 0 | CT89: =(AF89)*BA89 -> 0 | CU89: =AG89 -> 0 | CV89: =AH89 -> 0 | CW89: =AI89 -> 0 | CX89: =AJ89 -> 0.29 | CY89: =(((S89+R89)*AT89)/100) -> 0 | CZ89: =(((S89+R89)*AU89)/100) -> 0 | DN89: 0 | DO89: 0 | DP89: 1 | DQ89: 1 | DU89: 1003 | DV89: м | DW89: м | DX89: 1 | EE89: 20678683 | EF89: 2 | EG89: Общестроительные работы | EH89: 0 | EJ89: 1 | EK89: 16001 | EL89: Трубопроводы внутренние | EM89: ФЕР-16 | EQ89: 0 | ER89: 132.8 | ES89: 132.8 | ET89: 0 | EU89: 0 | EV89: 0 | EW89: 0 | EX89: 0 | EZ89: 0 | FQ89: 0 | FR89: =ROUND(IF(AND(BH89=3,BI89=3),P89,0),2) -> 0 | FS89: 0 | FV89: *0,85 | FW89: *0,8 | FX89: 128 | FY89: 83 | GG89: 2 | GH89: 1 | GI89: -2 | GJ89: 0 | GK89: =ROUND(R89*(R12)/100,2) -> 0 | GL89: =ROUND(IF(AND(BH89=3,BI89=3,FS89<>0),P89,0),2) -> 0 | GM89: =O89+X89+Y89 -> 20584 | GN89: =ROUND(IF(OR(BI89=0,BI89=1),O89+X89+Y89,0),2) -> 20584 | GO89: =ROUND(IF(BI89=2,O89+X89+Y89,0),2) -> 0 | GP89: =ROUND(IF(BI89=4,O89+X89+Y89,0),2) -> 0 | GR89: 0
A90: 18 | B90: 1 | C90: 169 | E90: 16,2 | F90: 201-1113 | G90: Конструкции металлические (седло под трубопроводы, хомуты или подвески) | H90: т | I90: =I88*J90 -> 1.829 | J90: 1.18 | O90: =ROUND(CP90,2) -> 17558.4 | P90: =ROUND(CQ90*I90,2) -> 17558.4 | Q90: =ROUND(CR90*I90,2) -> 0 | R90: =ROUND(CS90*I90,2) -> 0 | S90: =ROUND(CT90*I90,2) -> 0 | T90: =ROUND(CU90*I90,2) -> 0 | U90: =CV90*I90 -> 0 | V90: =CW90*I90 -> 0 | W90: =ROUND(CX90*I90,2) -> 46.58 | X90: =ROUND(CY90,2) -> 0 | Y90: =ROUND(CZ90,2) -> 0 | AA90: 22723180 | AB90: =ROUND((AC90+AD90+AF90),6) -> 9600 | AC90: =ROUND((ES90),6) -> 9600 | AD90: =ROUND((((ET90)-(EU90))+AE90),6) -> 0 | AE90: =ROUND((EU90),6) -> 0 | AF90: =ROUND((EV90),6) -> 0 | AG90: =ROUND((AP90),6) -> 0 | AH90: =(EW90) -> 0 | AI90: =(EX90) -> 0 | AJ90: =ROUND((AS90),6) -> 25.47 | AK90: 9600 | AL90: 9600 | AM90: 0 | AN90: 0 | AO90: 0 | AP90: 0 | AQ90: 0 | AR90: 0 | AS90: 25.47 | AT90: 109 | AU90: 66 | AV90: 1 | AW90: 1 | AZ90: 1 | BA90: 1 | BB90: 1 | BC90: 1 | BH90: 3 | BI90: 1 | BJ90: ФССЦ (2010) ч.2, раздел01, поз.1113 | BM90: 9001 | BN90: 0 | BP90: 0 | BQ90: 2 | BS90: 1 | BT90: 1 | BU90: 1 | BV90: 1 | BW90: 1 | BX90: 1 | BZ90: 128 | CA90: 83 | CF90: 0 | CG90: 0 | CM90: 0 | CO90: 0 | CP90: =(P90+Q90+S90) -> 17558.4 | CQ90: =(AC90)*BC90 -> 9600 | CR90: =(AD90)*BB90 -> 0 | CS90: =(AE90)*BS90 -> 0 | CT90: =(AF90)*BA90 -> 0 | CU90: =AG90 -> 0 | CV90: =AH90 -> 0 | CW90: =AI90 -> 0 | CX90: =AJ90 -> 25.47 | CY90: =(((S90+R90)*AT90)/100) -> 0 | CZ90: =(((S90+R90)*AU90)/100) -> 0 | DN90: 0 | DO90: 0 | DP90: 1 | DQ90: 1 | DU90: 1009 | DV90: т | DW90: т | DX90: 1000 | EE90: 20678655 | EF90: 2 | EG90: Общестроительные работы | EH90: 0 | EJ90: 1 | EK90: 9001 | EL90: 08-1-1 | EM90: ФЕР-09 | EQ90: 0 | ER90: 9600 | ES90: 9600 | ET90: 0 | EU90: 0 | EV90: 0 | EW90: 0 | EX90: 0 | EZ90: 0 | FQ90: 0 | FR90: =ROUND(IF(AND(BH90=3,BI90=3),P90,0),2) -> 0 | FS90: 0 | FV90: *0,85 | FW90: *0,8 | FX90: 128 | FY90: 83 | GG90: 2 | GH90: 1 | GI90: -2 | GJ90: 0 | GK90: =ROUND(R90*(R12)/100,2) -> 0 | GL90: =ROUND(IF(AND(BH90=3,BI90=3,FS90<>0),P90,0),2) -> 0 | GM90: =O90+X90+Y90 -> 17558.4 | GN90: =ROUND(IF(OR(BI90=0,BI90=1),O90+X90+Y90,0),2) -> 17558.4 | GO90: =ROUND(IF(BI90=2,O90+X90+Y90,0),2) -> 0 | GP90: =ROUND(IF(BI90=4,O90+X90+Y90,0),2) -> 0 | GR90: 0
A91: 17 | B91: 1 | C91: =ROW(SmtRes!A180) -> 180 | D91: =ROW(EtalonRes!A170) -> 170 | E91: 17 | F91: 16-07-005-3 | G91: Гидравлическое испытание трубопроводов систем отопления, водопровода и горячего водоснабжения диаметром до 200 мм | H91: 100 м трубопровода | I91: 2.95 | J91: 0 | O91: =ROUND(CP91,2) -> 426.09 | P91: =ROUND(CQ91*I91,2) -> 122.75 | Q91: =ROUND(CR91*I91,2) -> 131.3 | R91: =ROUND(CS91*I91,2) -> 0 | S91: =ROUND(CT91*I91,2) -> 172.04 | T91: =ROUND(CU91*I91,2) -> 0 | U91: =CV91*I91 -> 14.7795 | V91: =CW91*I91 -> 0 | W91: =ROUND(CX91*I91,2) -> 0 | X91: =ROUND(CY91,2) -> 187.52 | Y91: =ROUND(CZ91,2) -> 113.55 | AA91: 22723180 | AB91: =ROUND((AC91+AD91+AF91),6) -> 144.44 | AC91: =ROUND((ES91),6) -> 41.61 | AD91: =ROUND((((ET91)-(EU91))+AE91),6) -> 44.51 | AE91: =ROUND((EU91),6) -> 0 | AF91: =ROUND((EV91),6) -> 58.32 | AG91: =ROUND((AP91),6) -> 0 | AH91: =(EW91) -> 5.01 | AI91: =(EX91) -> 0 | AJ91: =ROUND((AS91),6) -> 0 | AK91: 144.44 | AL91: 41.61 | AM91: 44.51 | AN91: 0 | AO91: 58.32 | AP91: 0 | AQ91: 5.01 | AR91: 0 | AS91: 0 | AT91: 109 | AU91: 66 | AV91: 1 | AW91: 1 | AZ91: 1 | BA91: 1 | BB91: 1 | BC91: 1 | BH91: 0 | BI91: 1 | BJ91: ФЕР16-07-005-3 пр.№ 253 от 17 ноября 2008 г | BM91: 16001 | BN91: 0 | BP91: 0 | BQ91: 2 | BS91: 1 | BT91: 1 | BU91: 1 | BV91: 1 | BW91: 1 | BX91: 1 | BZ91: 128 | CA91: 83 | CF91: 0 | CG91: 0 | CM91: 0 | CO91: 0 | CP91: =(P91+Q91+S91) -> 426.09 | CQ91: =(AC91)*BC91 -> 41.61 | CR91: =(AD91)*BB91 -> 44.51 | CS91: =(AE91)*BS91 -> 0 | CT91: =(AF91)*BA91 -> 58.32 | CU91: =AG91 -> 0 | CV91: =AH91 -> 5.01 | CW91: =AI91 -> 0 | CX91: =AJ91 -> 0 | CY91: =(((S91+R91)*AT91)/100) -> 187.5236 | CZ91: =(((S91+R91)*AU91)/100) -> 113.5464 | DN91: 0 | DO91: 0 | DP91: 1 | DQ91: 1 | DU91: 1013 | DV91: 100 м трубопровода | DW91: 100 м трубопровода | DX91: 1 | EE91: 20678683 | EF91: 2 | EG91: Общестроительные работы | EH91: 0 | EJ91: 1 | EK91: 16001 | EL91: Трубопроводы внутренние | EM91: ФЕР-16 | EQ91: 0 | ER91: 144.44 | ES91: 41.61 | ET91: 44.51 | EU91: 0 | EV91: 58.32 | EW91: 5.01 | EX91: 0 | EY91: 0 | EZ91: 0 | FQ91: 0 | FR91: =ROUND(IF(AND(BH91=3,BI91=3),P91,0),2) -> 0 | FS91: 0 | FV91: *0,85 | FW91: *0,8 | FX91: 128 | FY91: 83 | GG91: 2 | GH91: 1 | GI91: -2 | GJ91: 0 | GK91: =ROUND(R91*(R12)/100,2) -> 0 | GL91: =ROUND(IF(AND(BH91=3,BI91=3,FS91<>0),P91,0),2) -> 0 | GM91: =O91+X91+Y91 -> 727.16 | GN91: =ROUND(IF(OR(BI91=0,BI91=1),O91+X91+Y91,0),2) -> 727.16 | GO91: =ROUND(IF(BI91=2,O91+X91+Y91,0),2) -> 0 | GP91: =ROUND(IF(BI91=4,O91+X91+Y91,0),2) -> 0 | GR91: 0
A92: 17 | B92: 1 | C92: =ROW(SmtRes!A193) -> 193 | D92: =ROW(EtalonRes!A178) -> 178 | E92: 18 | F92: 16-05-001-2 | G92: Установка вентилей, задвижек, затворов, клапанов обратных, кранов проходных на трубопроводах из стальных труб диаметром до 50 мм | H92: 1 ШТ. | I92: 34 | J92: 0 | O92: =ROUND(CP92,2) -> 3351.38 | P92: =ROUND(CQ92*I92,2) -> 2742.44 | Q92: =ROUND(CR92*I92,2) -> 155.72 | R92: =ROUND(CS92*I92,2) -> 0 | S92: =ROUND(CT92*I92,2) -> 453.22 | T92: =ROUND(CU92*I92,2) -> 0 | U92: =CV92*I92 -> 49.98 | V92: =CW92*I92 -> 0 | W92: =ROUND(CX92*I92,2) -> 0 | X92: =ROUND(CY92,2) -> 494.01 | Y92: =ROUND(CZ92,2) -> 299.13 | AA92: 22723180 | AB92: =ROUND((AC92+AD92+AF92),6) -> 98.57 | AC92: =ROUND((ES92),6) -> 80.66 | AD92: =ROUND((((ET92)-(EU92))+AE92),6) -> 4.58 | AE92: =ROUND((EU92),6) -> 0 | AF92: =ROUND((EV92),6) -> 13.33 | AG92: =ROUND((AP92),6) -> 0 | AH92: =(EW92) -> 1.47 | AI92: =(EX92) -> 0 | AJ92: =ROUND((AS92),6) -> 0 | AK92: 98.57 | AL92: 80.66 | AM92: 4.58 | AN92: 0 | AO92: 13.33 | AP92: 0 | AQ92: 1.47 | AR92: 0 | AS92: 0 | AT92: 109 | AU92: 66 | AV92: 1 | AW92: 1 | AZ92: 1 | BA92: 1 | BB92: 1 | BC92: 1 | BH92: 0 | BI92: 1 | BJ92: ФЕР16-05-001-2 пр.№ 253 от 17 ноября 2008 г | BM92: 16001 | BN92: 0 | BP92: 0 | BQ92: 2 | BS92: 1 | BT92: 1 | BU92: 1 | BV92: 1 | BW92: 1 | BX92: 1 | BZ92: 128 | CA92: 83 | CF92: 0 | CG92: 0 | CM92: 0 | CO92: 0 | CP92: =(P92+Q92+S92) -> 3351.38 | CQ92: =(AC92)*BC92 -> 80.66 | CR92: =(AD92)*BB92 -> 4.58 | CS92: =(AE92)*BS92 -> 0 | CT92: =(AF92)*BA92 -> 13.33 | CU92: =AG92 -> 0 | CV92: =AH92 -> 1.47 | CW92: =AI92 -> 0 | CX92: =AJ92 -> 0 | CY92: =(((S92+R92)*AT92)/100) -> 494.0098 | CZ92: =(((S92+R92)*AU92)/100) -> 299.1252 | DN92: 0 | DO92: 0 | DP92: 1 | DQ92: 1 | DU92: 1013 | DV92: 1 ШТ. | DW92: 1 ШТ. | DX92: 1 | EE92: 20678683 | EF92: 2 | EG92: Общестроительные работы | EH92: 0 | EJ92: 1 | EK92: 16001 | EL92: Трубопроводы внутренние | EM92: ФЕР-16 | EQ92: 0 | ER92: 98.57 | ES92: 80.66 | ET92: 4.58 | EU92: 0 | EV92: 13.33 | EW92: 1.47 | EX92: 0 | EY92: 0 | EZ92: 0 | FQ92: 0 | FR92: =ROUND(IF(AND(BH92=3,BI92=3),P92,0),2) -> 0 | FS92: 0 | FV92: *0,85 | FW92: *0,8 | FX92: 128 | FY92: 83 | GG92: 2 | GH92: 1 | GI92: -2 | GJ92: 0 | GK92: =ROUND(R92*(R12)/100,2) -> 0 | GL92: =ROUND(IF(AND(BH92=3,BI92=3,FS92<>0),P92,0),2) -> 0 | GM92: =O92+X92+Y92 -> 4144.52 | GN92: =ROUND(IF(OR(BI92=0,BI92=1),O92+X92+Y92,0),2) -> 4144.52 | GO92: =ROUND(IF(BI92=2,O92+X92+Y92,0),2) -> 0 | GP92: =ROUND(IF(BI92=4,O92+X92+Y92,0),2) -> 0 | GR92: 0
A93: 18 | B93: 1 | C93: 188 | E93: 18,1 | F93: 302-1161 | G93: Вентили динамические балансировочные для систем отопления, теплоснабжения, холодоснабжения, давлением 1,0 МПа (10 кгс/см2), диаметром 15 мм | H93: шт. | I93: =I92*J93 -> 1 | J93: 0.029411765 | O93: =ROUND(CP93,2) -> 322.98 | P93: =ROUND(CQ93*I93,2) -> 322.98 | Q93: =ROUND(CR93*I93,2) -> 0 | R93: =ROUND(CS93*I93,2) -> 0 | S93: =ROUND(CT93*I93,2) -> 0 | T93: =ROUND(CU93*I93,2) -> 0 | U93: =CV93*I93 -> 0 | V93: =CW93*I93 -> 0 | W93: =ROUND(CX93*I93,2) -> 0.88 | X93: =ROUND(CY93,2) -> 0 | Y93: =ROUND(CZ93,2) -> 0 | AA93: 22723180 | AB93: =ROUND((AC93+AD93+AF93),6) -> 322.98 | AC93: =ROUND((ES93),6) -> 322.98 | AD93: =ROUND((((ET93)-(EU93))+AE93),6) -> 0 | AE93: =ROUND((EU93),6) -> 0 | AF93: =ROUND((EV93),6) -> 0 | AG93: =ROUND((AP93),6) -> 0 | AH93: =(EW93) -> 0 | AI93: =(EX93) -> 0 | AJ93: =ROUND((AS93),6) -> 0.88 | AK93: 322.98 | AL93: 322.98 | AM93: 0 | AN93: 0 | AO93: 0 | AP93: 0 | AQ93: 0 | AR93: 0 | AS93: 0.88 | AT93: 109 | AU93: 66 | AV93: 1 | AW93: 1 | AZ93: 1 | BA93: 1 | BB93: 1 | BC93: 1 | BH93: 3 | BI93: 1 | BJ93: ФССЦ (2011) 302-1161, пр. №629 от 29 декабря 2011 г. | BM93: 16001 | BN93: 0 | BP93: 0 | BQ93: 2 | BS93: 1 | BT93: 1 | BU93: 1 | BV93: 1 | BW93: 1 | BX93: 1 | BZ93: 128 | CA93: 83 | CF93: 0 | CG93: 0 | CM93: 0 | CO93: 0 | CP93: =(P93+Q93+S93) -> 322.98 | CQ93: =(AC93)*BC93 -> 322.98 | CR93: =(AD93)*BB93 -> 0 | CS93: =(AE93)*BS93 -> 0 | CT93: =(AF93)*BA93 -> 0 | CU93: =AG93 -> 0 | CV93: =AH93 -> 0 | CW93: =AI93 -> 0 | CX93: =AJ93 -> 0.88 | CY93: =(((S93+R93)*AT93)/100) -> 0 | CZ93: =(((S93+R93)*AU93)/100) -> 0 | DN93: 0 | DO93: 0 | DP93: 1 | DQ93: 1 | DU93: 1010 | DV93: шт. | DW93: шт. | DX93: 1 | EE93: 20678683 | EF93: 2 | EG93: Общестроительные работы | EH93: 0 | EJ93: 1 | EK93: 16001 | EL93: Трубопроводы внутренние | EM93: ФЕР-16 | EQ93: 0 | ER93: 322.98 | ES93: 322.98 | ET93: 0 | EU93: 0 | EV93: 0 | EW93: 0 | EX93: 0 | EZ93: 0 | FQ93: 0 | FR93: =ROUND(IF(AND(BH93=3,BI93=3),P93,0),2) -> 0 | FS93: 0 | FV93: *0,85 | FW93: *0,8 | FX93: 128 | FY93: 83 | GG93: 2 | GH93: 1 | GI93: -2 | GJ93: 0 | GK93: =ROUND(R93*(R12)/100,2) -> 0 | GL93: =ROUND(IF(AND(BH93=3,BI93=3,FS93<>0),P93,0),2) -> 0 | GM93: =O93+X93+Y93 -> 322.98 | GN93: =ROUND(IF(OR(BI93=0,BI93=1),O93+X93+Y93,0),2) -> 322.98 | GO93: =ROUND(IF(BI93=2,O93+X93+Y93,0),2) -> 0 | GP93: =ROUND(IF(BI93=4,O93+X93+Y93,0),2) -> 0 | GR93: 0
A94: 18 | B94: 1 | C94: 189 | E94: 18,2 | F94: 302-1162 | G94: Вентили динамические балансировочные для систем отопления, теплоснабжения, холодоснабжения, давлением 1,0 МПа (10 кгс/см2), диаметром 20 мм | H94: шт. | I94: =I92*J94 -> 4 | J94: 0.11764706 | O94: =ROUND(CP94,2) -> 1385.44 | P94: =ROUND(CQ94*I94,2) -> 1385.44 | Q94: =ROUND(CR94*I94,2) -> 0 | R94: =ROUND(CS94*I94,2) -> 0 | S94: =ROUND(CT94*I94,2) -> 0 | T94: =ROUND(CU94*I94,2) -> 0 | U94: =CV94*I94 -> 0 | V94: =CW94*I94 -> 0 | W94: =ROUND(CX94*I94,2) -> 3.8 | X94: =ROUND(CY94,2) -> 0 | Y94: =ROUND(CZ94,2) -> 0 | AA94: 22723180 | AB94: =ROUND((AC94+AD94+AF94),6) -> 346.36 | AC94: =ROUND((ES94),6) -> 346.36 | AD94: =ROUND((((ET94)-(EU94))+AE94),6) -> 0 | AE94: =ROUND((EU94),6) -> 0 | AF94: =ROUND((EV94),6) -> 0 | AG94: =ROUND((AP94),6) -> 0 | AH94: =(EW94) -> 0 | AI94: =(EX94) -> 0 | AJ94: =ROUND((AS94),6) -> 0.95 | AK94: 346.36 | AL94: 346.36 | AM94: 0 | AN94: 0 | AO94: 0 | AP94: 0 | AQ94: 0 | AR94: 0 | AS94: 0.95 | AT94: 109 | AU94: 66 | AV94: 1 | AW94: 1 | AZ94: 1 | BA94: 1 | BB94: 1 | BC94: 1 | BH94: 3 | BI94: 1 | BJ94: ФССЦ (2011) 302-1162, пр. №629 от 29 декабря 2011 г. | BM94: 16001 | BN94: 0 | BP94: 0 | BQ94: 2 | BS94: 1 | BT94: 1 | BU94: 1 | BV94: 1 | BW94: 1 | BX94: 1 | BZ94: 128 | CA94: 83 | CF94: 0 | CG94: 0 | CM94: 0 | CO94: 0 | CP94: =(P94+Q94+S94) -> 1385.44 | CQ94: =(AC94)*BC94 -> 346.36 | CR94: =(AD94)*BB94 -> 0 | CS94: =(AE94)*BS94 -> 0 | CT94: =(AF94)*BA94 -> 0 | CU94: =AG94 -> 0 | CV94: =AH94 -> 0 | CW94: =AI94 -> 0 | CX94: =AJ94 -> 0.95 | CY94: =(((S94+R94)*AT94)/100) -> 0 | CZ94: =(((S94+R94)*AU94)/100) -> 0 | DN94: 0 | DO94: 0 | DP94: 1 | DQ94: 1 | DU94: 1010 | DV94: шт. | DW94: шт. | DX94: 1 | EE94: 20678683 | EF94: 2 | EG94: Общестроительные работы | EH94: 0 | EJ94: 1 | EK94: 16001 | EL94: Трубопроводы внутренние | EM94: ФЕР-16 | EQ94: 0 | ER94: 346.36 | ES94: 346.36 | ET94: 0 | EU94: 0 | EV94: 0 | EW94: 0 | EX94: 0 | EZ94: 0 | FQ94: 0 | FR94: =ROUND(IF(AND(BH94=3,BI94=3),P94,0),2) -> 0 | FS94: 0 | FV94: *0,85 | FW94: *0,8 | FX94: 128 | FY94: 83 | GG94: 2 | GH94: 1 | GI94: -2 | GJ94: 0 | GK94: =ROUND(R94*(R12)/100,2) -> 0 | GL94: =ROUND(IF(AND(BH94=3,BI94=3,FS94<>0),P94,0),2) -> 0 | GM94: =O94+X94+Y94 -> 1385.44 | GN94: =ROUND(IF(OR(BI94=0,BI94=1),O94+X94+Y94,0),2) -> 1385.44 | GO94: =ROUND(IF(BI94=2,O94+X94+Y94,0),2) -> 0 | GP94: =ROUND(IF(BI94=4,O94+X94+Y94,0),2) -> 0 | GR94: 0
A95: 18 | B95: 1 | C95: 190 | E95: 18,3 | F95: 302-1164 | G95: Вентили динамические балансировочные для систем отопления, теплоснабжения, холодоснабжения, давлением 1,0 МПа (10 кгс/см2), диаметром 50 мм | H95: шт. | I95: =I92*J95 -> 12 | J95: 0.35294118 | O95: =ROUND(CP95,2) -> 6311.76 | P95: =ROUND(CQ95*I95,2) -> 6311.76 | Q95: =ROUND(CR95*I95,2) -> 0 | R95: =ROUND(CS95*I95,2) -> 0 | S95: =ROUND(CT95*I95,2) -> 0 | T95: =ROUND(CU95*I95,2) -> 0 | U95: =CV95*I95 -> 0 | V95: =CW95*I95 -> 0 | W95: =ROUND(CX95*I95,2) -> 17.28 | X95: =ROUND(CY95,2) -> 0 | Y95: =ROUND(CZ95,2) -> 0 | AA95: 22723180 | AB95: =ROUND((AC95+AD95+AF95),6) -> 525.98 | AC95: =ROUND((ES95),6) -> 525.98 | AD95: =ROUND((((ET95)-(EU95))+AE95),6) -> 0 | AE95: =ROUND((EU95),6) -> 0 | AF95: =ROUND((EV95),6) -> 0 | AG95: =ROUND((AP95),6) -> 0 | AH95: =(EW95) -> 0 | AI95: =(EX95) -> 0 | AJ95: =ROUND((AS95),6) -> 1.44 | AK95: 525.98 | AL95: 525.98 | AM95: 0 | AN95: 0 | AO95: 0 | AP95: 0 | AQ95: 0 | AR95: 0 | AS95: 1.44 | AT95: 109 | AU95: 66 | AV95: 1 | AW95: 1 | AZ95: 1 | BA95: 1 | BB95: 1 | BC95: 1 | BH95: 3 | BI95: 1 | BJ95: ФССЦ (2011) 302-1164, пр. №629 от 29 декабря 2011 г. | BM95: 16001 | BN95: 0 | BP95: 0 | BQ95: 2 | BS95: 1 | BT95: 1 | BU95: 1 | BV95: 1 | BW95: 1 | BX95: 1 | BZ95: 128 | CA95: 83 | CF95: 0 | CG95: 0 | CM95: 0 | CO95: 0 | CP95: =(P95+Q95+S95) -> 6311.76 | CQ95: =(AC95)*BC95 -> 525.98 | CR95: =(AD95)*BB95 -> 0 | CS95: =(AE95)*BS95 -> 0 | CT95: =(AF95)*BA95 -> 0 | CU95: =AG95 -> 0 | CV95: =AH95 -> 0 | CW95: =AI95 -> 0 | CX95: =AJ95 -> 1.44 | CY95: =(((S95+R95)*AT95)/100) -> 0 | CZ95: =(((S95+R95)*AU95)/100) -> 0 | DN95: 0 | DO95: 0 | DP95: 1 | DQ95: 1 | DU95: 1010 | DV95: шт. | DW95: шт. | DX95: 1 | EE95: 20678683 | EF95: 2 | EG95: Общестроительные работы | EH95: 0 | EJ95: 1 | EK95: 16001 | EL95: Трубопроводы внутренние | EM95: ФЕР-16 | EQ95: 0 | ER95: 525.98 | ES95: 525.98 | ET95: 0 | EU95: 0 | EV95: 0 | EW95: 0 | EX95: 0 | EZ95: 0 | FQ95: 0 | FR95: =ROUND(IF(AND(BH95=3,BI95=3),P95,0),2) -> 0 | FS95: 0 | FV95: *0,85 | FW95: *0,8 | FX95: 128 | FY95: 83 | GG95: 2 | GH95: 1 | GI95: -2 | GJ95: 0 | GK95: =ROUND(R95*(R12)/100,2) -> 0 | GL95: =ROUND(IF(AND(BH95=3,BI95=3,FS95<>0),P95,0),2) -> 0 | GM95: =O95+X95+Y95 -> 6311.76 | GN95: =ROUND(IF(OR(BI95=0,BI95=1),O95+X95+Y95,0),2) -> 6311.76 | GO95: =ROUND(IF(BI95=2,O95+X95+Y95,0),2) -> 0 | GP95: =ROUND(IF(BI95=4,O95+X95+Y95,0),2) -> 0 | GR95: 0
A96: 18 | B96: 1 | C96: 186 | E96: 18,4 | F96: 301-4520 | G96: Клапаны предохранительные пружинные фланцевые без приспособления для принудительного открытия СППК4 (17с14нж), давлением 4,0 МПа (40 кгс/см2), сталь 20Л, диаметром 25 мм | H96: шт. | I96: =I92*J96 -> 1 | J96: 0.029411765 | O96: =ROUND(CP96,2) -> 3071.58 | P96: =ROUND(CQ96*I96,2) -> 3071.58 | Q96: =ROUND(CR96*I96,2) -> 0 | R96: =ROUND(CS96*I96,2) -> 0 | S96: =ROUND(CT96*I96,2) -> 0 | T96: =ROUND(CU96*I96,2) -> 0 | U96: =CV96*I96 -> 0 | V96: =CW96*I96 -> 0 | W96: =ROUND(CX96*I96,2) -> 1.2 | X96: =ROUND(CY96,2) -> 0 | Y96: =ROUND(CZ96,2) -> 0 | AA96: 22723180 | AB96: =ROUND((AC96+AD96+AF96),6) -> 3071.58 | AC96: =ROUND((ES96),6) -> 3071.58 | AD96: =ROUND((((ET96)-(EU96))+AE96),6) -> 0 | AE96: =ROUND((EU96),6) -> 0 | AF96: =ROUND((EV96),6) -> 0 | AG96: =ROUND((AP96),6) -> 0 | AH96: =(EW96) -> 0 | AI96: =(EX96) -> 0 | AJ96: =ROUND((AS96),6) -> 1.2 | AK96: 3071.58 | AL96: 3071.58 | AM96: 0 | AN96: 0 | AO96: 0 | AP96: 0 | AQ96: 0 | AR96: 0 | AS96: 1.2 | AT96: 128 | AU96: 83 | AV96: 1 | AW96: 1 | AZ96: 1 | BA96: 1 | BB96: 1 | BC96: 1 | BH96: 3 | BI96: 1 | BJ96: ФССЦ (2010) 301-4520, пр. №359 от 3 августа 2010 г. | BM96: 500001 | BN96: 0 | BP96: 0 | BQ96: 8 | BS96: 1 | BT96: 1 | BU96: 1 | BV96: 1 | BW96: 1 | BX96: 1 | BZ96: 128 | CA96: 83 | CF96: 0 | CG96: 0 | CM96: 0 | CO96: 0 | CP96: =(P96+Q96+S96) -> 3071.58 | CQ96: =(AC96)*BC96 -> 3071.58 | CR96: =(AD96)*BB96 -> 0 | CS96: =(AE96)*BS96 -> 0 | CT96: =(AF96)*BA96 -> 0 | CU96: =AG96 -> 0 | CV96: =AH96 -> 0 | CW96: =AI96 -> 0 | CX96: =AJ96 -> 1.2 | CY96: =(((S96+R96)*AT96)/100) -> 0 | CZ96: =(((S96+R96)*AU96)/100) -> 0 | DN96: 0 | DO96: 0 | DP96: 1 | DQ96: 1 | DU96: 1010 | DV96: шт. | DW96: шт. | DX96: 1 | EE96: 20678589 | EF96: 8 | EG96: Материалы строительные | EH96: 0 | EJ96: 1 | EK96: 500001 | EL96: Материалы и конструкции ( строительные ) по ценникам и каталогом | EM96: ФССЦст | EQ96: 0 | ER96: 3071.58 | ES96: 3071.58 | ET96: 0 | EU96: 0 | EV96: 0 | EW96: 0 | EX96: 0 | EZ96: 0 | FQ96: 0 | FR96: =ROUND(IF(AND(BH96=3,BI96=3),P96,0),2) -> 0 | FS96: 0 | FX96: 128 | FY96: 83 | GG96: 2 | GH96: 1 | GI96: -2 | GJ96: 0 | GK96: =ROUND(R96*(R12)/100,2) -> 0 | GL96: =ROUND(IF(AND(BH96=3,BI96=3,FS96<>0),P96,0),2) -> 0 | GM96: =O96+X96+Y96 -> 3071.58 | GN96: =ROUND(IF(OR(BI96=0,BI96=1),O96+X96+Y96,0),2) -> 3071.58 | GO96: =ROUND(IF(BI96=2,O96+X96+Y96,0),2) -> 0 | GP96: =ROUND(IF(BI96=4,O96+X96+Y96,0),2) -> 0 | GR96: 0
A97: 18 | B97: 1 | C97: 187 | E97: 18,5 | F97: 302-0042 | G97: Краны со штуцером и пробкой (сливные) 1/2 | H97: шт. | I97: =I92*J97 -> 16 | J97: 0.47058824 | O97: =ROUND(CP97,2) -> 761.76 | P97: =ROUND(CQ97*I97,2) -> 761.76 | Q97: =ROUND(CR97*I97,2) -> 0 | R97: =ROUND(CS97*I97,2) -> 0 | S97: =ROUND(CT97*I97,2) -> 0 | T97: =ROUND(CU97*I97,2) -> 0 | U97: =CV97*I97 -> 0 | V97: =CW97*I97 -> 0 | W97: =ROUND(CX97*I97,2) -> 0.32 | X97: =ROUND(CY97,2) -> 0 | Y97: =ROUND(CZ97,2) -> 0 | AA97: 22723180 | AB97: =ROUND((AC97+AD97+AF97),6) -> 47.61 | AC97: =ROUND((ES97),6) -> 47.61 | AD97: =ROUND((((ET97)-(EU97))+AE97),6) -> 0 | AE97: =ROUND((EU97),6) -> 0 | AF97: =ROUND((EV97),6) -> 0 | AG97: =ROUND((AP97),6) -> 0 | AH97: =(EW97) -> 0 | AI97: =(EX97) -> 0 | AJ97: =ROUND((AS97),6) -> 0.02 | AK97: 47.61 | AL97: 47.61 | AM97: 0 | AN97: 0 | AO97: 0 | AP97: 0 | AQ97: 0 | AR97: 0 | AS97: 0.02 | AT97: 109 | AU97: 66 | AV97: 1 | AW97: 1 | AZ97: 1 | BA97: 1 | BB97: 1 | BC97: 1 | BH97: 3 | BI97: 1 | BJ97: ФССЦ (2010) 302-0042, пр. №359 от 3 августа 2010 г. | BM97: 16001 | BN97: 0 | BP97: 0 | BQ97: 2 | BS97: 1 | BT97: 1 | BU97: 1 | BV97: 1 | BW97: 1 | BX97: 1 | BZ97: 128 | CA97: 83 | CF97: 0 | CG97: 0 | CM97: 0 | CO97: 0 | CP97: =(P97+Q97+S97) -> 761.76 | CQ97: =(AC97)*BC97 -> 47.61 | CR97: =(AD97)*BB97 -> 0 | CS97: =(AE97)*BS97 -> 0 | CT97: =(AF97)*BA97 -> 0 | CU97: =AG97 -> 0 | CV97: =AH97 -> 0 | CW97: =AI97 -> 0 | CX97: =AJ97 -> 0.02 | CY97: =(((S97+R97)*AT97)/100) -> 0 | CZ97: =(((S97+R97)*AU97)/100) -> 0 | DN97: 0 | DO97: 0 | DP97: 1 | DQ97: 1 | DU97: 1010 | DV97: шт. | DW97: шт. | DX97: 1 | EE97: 20678683 | EF97: 2 | EG97: Общестроительные работы | EH97: 0 | EJ97: 1 | EK97: 16001 | EL97: Трубопроводы внутренние | EM97: ФЕР-16 | EQ97: 0 | ER97: 47.61 | ES97: 47.61 | ET97: 0 | EU97: 0 | EV97: 0 | EW97: 0 | EX97: 0 | EZ97: 0 | FQ97: 0 | FR97: =ROUND(IF(AND(BH97=3,BI97=3),P97,0),2) -> 0 | FS97: 0 | FV97: *0,85 | FW97: *0,8 | FX97: 128 | FY97: 83 | GG97: 2 | GH97: 1 | GI97: -2 | GJ97: 0 | GK97: =ROUND(R97*(R12)/100,2) -> 0 | GL97: =ROUND(IF(AND(BH97=3,BI97=3,FS97<>0),P97,0),2) -> 0 | GM97: =O97+X97+Y97 -> 761.76 | GN97: =ROUND(IF(OR(BI97=0,BI97=1),O97+X97+Y97,0),2) -> 761.76 | GO97: =ROUND(IF(BI97=2,O97+X97+Y97,0),2) -> 0 | GP97: =ROUND(IF(BI97=4,O97+X97+Y97,0),2) -> 0 | GR97: 0
A98: 18 | B98: 1 | C98: 191 | E98: 18,6 | F98: 302-9009 | G98: Арматура трубопроводная фланцевая | H98: шт. | I98: =I92*J98 -> 34 | J98: 1 | O98: =ROUND(CP98,2) -> 0 | P98: =ROUND(CQ98*I98,2) -> 0 | Q98: =ROUND(CR98*I98,2) -> 0 | R98: =ROUND(CS98*I98,2) -> 0 | S98: =ROUND(CT98*I98,2) -> 0 | T98: =ROUND(CU98*I98,2) -> 0 | U98: =CV98*I98 -> 0 | V98: =CW98*I98 -> 0 | W98: =ROUND(CX98*I98,2) -> 0 | X98: =ROUND(CY98,2) -> 0 | Y98: =ROUND(CZ98,2) -> 0 | AA98: 22723180 | AB98: =ROUND((AC98+AD98+AF98),6) -> 0 | AC98: =ROUND((ES98),6) -> 0 | AD98: =ROUND((((ET98)-(EU98))+AE98),6) -> 0 | AE98: =ROUND((EU98),6) -> 0 | AF98: =ROUND((EV98),6) -> 0 | AG98: =ROUND((AP98),6) -> 0 | AH98: =(EW98) -> 0 | AI98: =(EX98) -> 0 | AJ98: =ROUND((AS98),6) -> 0 | AK98: 0 | AL98: 0 | AM98: 0 | AN98: 0 | AO98: 0 | AP98: 0 | AQ98: 0 | AR98: 0 | AS98: 0 | AT98: 109 | AU98: 66 | AV98: 1 | AW98: 1 | AZ98: 1 | BA98: 1 | BB98: 1 | BC98: 1 | BH98: 3 | BI98: 1 | BJ98: ФССЦ (2010) ч.3, раздел02, поз.9009 | BM98: 16001 | BN98: 0 | BP98: 0 | BQ98: 2 | BS98: 1 | BT98: 1 | BU98: 1 | BV98: 1 | BW98: 1 | BX98: 1 | BZ98: 128 | CA98: 83 | CF98: 0 | CG98: 0 | CM98: 0 | CO98: 0 | CP98: =(P98+Q98+S98) -> 0 | CQ98: =(AC98)*BC98 -> 0 | CR98: =(AD98)*BB98 -> 0 | CS98: =(AE98)*BS98 -> 0 | CT98: =(AF98)*BA98 -> 0 | CU98: =AG98 -> 0 | CV98: =AH98 -> 0 | CW98: =AI98 -> 0 | CX98: =AJ98 -> 0 | CY98: =(((S98+R98)*AT98)/100) -> 0 | CZ98: =(((S98+R98)*AU98)/100) -> 0 | DN98: 0 | DO98: 0 | DP98: 1 | DQ98: 1 | DU98: 1010 | DV98: шт. | DW98: шт. | DX98: 1 | EE98: 20678683 | EF98: 2 | EG98: Общестроительные работы | EH98: 0 | EJ98: 1 | EK98: 16001 | EL98: Трубопроводы внутренние | EM98: ФЕР-16 | EQ98: 0 | ER98: 0 | ES98: 0 | ET98: 0 | EU98: 0 | EV98: 0 | EW98: 0 | EX98: 0 | EZ98: 0 | FQ98: 0 | FR98: =ROUND(IF(AND(BH98=3,BI98=3),P98,0),2) -> 0 | FS98: 0 | FV98: *0,85 | FW98: *0,8 | FX98: 128 | FY98: 83 | GG98: 2 | GH98: 1 | GI98: -2 | GJ98: 0 | GK98: =ROUND(R98*(R12)/100,2) -> 0 | GL98: =ROUND(IF(AND(BH98=3,BI98=3,FS98<>0),P98,0),2) -> 0 | GM98: =O98+X98+Y98 -> 0 | GN98: =ROUND(IF(OR(BI98=0,BI98=1),O98+X98+Y98,0),2) -> 0 | GO98: =ROUND(IF(BI98=2,O98+X98+Y98,0),2) -> 0 | GP98: =ROUND(IF(BI98=4,O98+X98+Y98,0),2) -> 0 | GR98: 0
A99: 17 | B99: 1 | C99: =ROW(SmtRes!A204) -> 204 | D99: =ROW(EtalonRes!A189) -> 189 | E99: 19 | F99: 16-05-001-3 | G99: Установка вентилей, задвижек, затворов, клапанов обратных, кранов проходных на трубопроводах из стальных труб диаметром до 100 мм | H99: 1 ШТ. | I99: 1 | J99: 0 | O99: =ROUND(CP99,2) -> 170.64 | P99: =ROUND(CQ99*I99,2) -> 135.42 | Q99: =ROUND(CR99*I99,2) -> 8.83 | R99: =ROUND(CS99*I99,2) -> 0.27 | S99: =ROUND(CT99*I99,2) -> 26.39 | T99: =ROUND(CU99*I99,2) -> 0 | U99: =CV99*I99 -> 2.91 | V99: =CW99*I99 -> 0.02 | W99: =ROUND(CX99*I99,2) -> 0 | X99: =ROUND(CY99,2) -> 29.06 | Y99: =ROUND(CZ99,2) -> 17.6 | AA99: 22723180 | AB99: =ROUND((AC99+AD99+AF99),6) -> 170.64 | AC99: =ROUND((ES99),6) -> 135.42 | AD99: =ROUND((((ET99)-(EU99))+AE99),6) -> 8.83 | AE99: =ROUND((EU99),6) -> 0.27 | AF99: =ROUND((EV99),6) -> 26.39 | AG99: =ROUND((AP99),6) -> 0 | AH99: =(EW99) -> 2.91 | AI99: =(EX99) -> 0.02 | AJ99: =ROUND((AS99),6) -> 0 | AK99: 170.64 | AL99: 135.42 | AM99: 8.83 | AN99: 0.27 | AO99: 26.39 | AP99: 0 | AQ99: 2.91 | AR99: 0.02 | AS99: 0 | AT99: 109 | AU99: 66 | AV99: 1 | AW99: 1 | AZ99: 1 | BA99: 1 | BB99: 1 | BC99: 1 | BH99: 0 | BI99: 1 | BJ99: ФЕР16-05-001-3 пр.№ 253 от 17 ноября 2008 г | BM99: 16001 | BN99: 0 | BP99: 0 | BQ99: 2 | BS99: 1 | BT99: 1 | BU99: 1 | BV99: 1 | BW99: 1 | BX99: 1 | BZ99: 128 | CA99: 83 | CF99: 0 | CG99: 0 | CM99: 0 | CO99: 0 | CP99: =(P99+Q99+S99) -> 170.64 | CQ99: =(AC99)*BC99 -> 135.42 | CR99: =(AD99)*BB99 -> 8.83 | CS99: =(AE99)*BS99 -> 0.27 | CT99: =(AF99)*BA99 -> 26.39 | CU99: =AG99 -> 0 | CV99: =AH99 -> 2.91 | CW99: =AI99 -> 0.02 | CX99: =AJ99 -> 0 | CY99: =(((S99+R99)*AT99)/100) -> 29.0594 | CZ99: =(((S99+R99)*AU99)/100) -> 17.5956 | DN99: 0 | DO99: 0 | DP99: 1 | DQ99: 1 | DU99: 1013 | DV99: 1 ШТ. | DW99: 1 ШТ. | DX99: 1 | EE99: 20678683 | EF99: 2 | EG99: Общестроительные работы | EH99: 0 | EJ99: 1 | EK99: 16001 | EL99: Трубопроводы внутренние | EM99: ФЕР-16 | EQ99: 0 | ER99: 170.64 | ES99: 135.42 | ET99: 8.83 | EU99: 0.27 | EV99: 26.39 | EW99: 2.91 | EX99: 0.02 | EY99: 0 | EZ99: 0 | FQ99: 0 | FR99: =ROUND(IF(AND(BH99=3,BI99=3),P99,0),2) -> 0 | FS99: 0 | FV99: *0,85 | FW99: *0,8 | FX99: 128 | FY99: 83 | GG99: 2 | GH99: 1 | GI99: -2 | GJ99: 0 | GK99: =ROUND(R99*(R12)/100,2) -> 0 | GL99: =ROUND(IF(AND(BH99=3,BI99=3,FS99<>0),P99,0),2) -> 0 | GM99: =O99+X99+Y99 -> 217.3 | GN99: =ROUND(IF(OR(BI99=0,BI99=1),O99+X99+Y99,0),2) -> 217.3 | GO99: =ROUND(IF(BI99=2,O99+X99+Y99,0),2) -> 0 | GP99: =ROUND(IF(BI99=4,O99+X99+Y99,0),2) -> 0 | GR99: 0
A100: 18 | B100: 1 | C100: 202 | E100: 19,1 | F100: 302-9009 | G100: Арматура трубопроводная фланцевая | H100: шт. | I100: =I99*J100 -> 1 | J100: 1 | O100: =ROUND(CP100,2) -> 0 | P100: =ROUND(CQ100*I100,2) -> 0 | Q100: =ROUND(CR100*I100,2) -> 0 | R100: =ROUND(CS100*I100,2) -> 0 | S100: =ROUND(CT100*I100,2) -> 0 | T100: =ROUND(CU100*I100,2) -> 0 | U100: =CV100*I100 -> 0 | V100: =CW100*I100 -> 0 | W100: =ROUND(CX100*I100,2) -> 0 | X100: =ROUND(CY100,2) -> 0 | Y100: =ROUND(CZ100,2) -> 0 | AA100: 22723180 | AB100: =ROUND((AC100+AD100+AF100),6) -> 0 | AC100: =ROUND((ES100),6) -> 0 | AD100: =ROUND((((ET100)-(EU100))+AE100),6) -> 0 | AE100: =ROUND((EU100),6) -> 0 | AF100: =ROUND((EV100),6) -> 0 | AG100: =ROUND((AP100),6) -> 0 | AH100: =(EW100) -> 0 | AI100: =(EX100) -> 0 | AJ100: =ROUND((AS100),6) -> 0 | AK100: 0 | AL100: 0 | AM100: 0 | AN100: 0 | AO100: 0 | AP100: 0 | AQ100: 0 | AR100: 0 | AS100: 0 | AT100: 109 | AU100: 66 | AV100: 1 | AW100: 1 | AZ100: 1 | BA100: 1 | BB100: 1 | BC100: 1 | BH100: 3 | BI100: 1 | BJ100: ФССЦ (2010) ч.3, раздел02, поз.9009 | BM100: 16001 | BN100: 0 | BP100: 0 | BQ100: 2 | BS100: 1 | BT100: 1 | BU100: 1 | BV100: 1 | BW100: 1 | BX100: 1 | BZ100: 128 | CA100: 83 | CF100: 0 | CG100: 0 | CM100: 0 | CO100: 0 | CP100: =(P100+Q100+S100) -> 0 | CQ100: =(AC100)*BC100 -> 0 | CR100: =(AD100)*BB100 -> 0 | CS100: =(AE100)*BS100 -> 0 | CT100: =(AF100)*BA100 -> 0 | CU100: =AG100 -> 0 | CV100: =AH100 -> 0 | CW100: =AI100 -> 0 | CX100: =AJ100 -> 0 | CY100: =(((S100+R100)*AT100)/100) -> 0 | CZ100: =(((S100+R100)*AU100)/100) -> 0 | DN100: 0 | DO100: 0 | DP100: 1 | DQ100: 1 | DU100: 1010 | DV100: шт. | DW100: шт. | DX100: 1 | EE100: 20678683 | EF100: 2 | EG100: Общестроительные работы | EH100: 0 | EJ100: 1 | EK100: 16001 | EL100: Трубопроводы внутренние | EM100: ФЕР-16 | EQ100: 0 | ER100: 0 | ES100: 0 | ET100: 0 | EU100: 0 | EV100: 0 | EW100: 0 | EX100: 0 | EZ100: 0 | FQ100: 0 | FR100: =ROUND(IF(AND(BH100=3,BI100=3),P100,0),2) -> 0 | FS100: 0 | FV100: *0,85 | FW100: *0,8 | FX100: 128 | FY100: 83 | GG100: 2 | GH100: 1 | GI100: -2 | GJ100: 0 | GK100: =ROUND(R100*(R12)/100,2) -> 0 | GL100: =ROUND(IF(AND(BH100=3,BI100=3,FS100<>0),P100,0),2) -> 0 | GM100: =O100+X100+Y100 -> 0 | GN100: =ROUND(IF(OR(BI100=0,BI100=1),O100+X100+Y100,0),2) -> 0 | GO100: =ROUND(IF(BI100=2,O100+X100+Y100,0),2) -> 0 | GP100: =ROUND(IF(BI100=4,O100+X100+Y100,0),2) -> 0 | GR100: 0
A101: 17 | B101: 1 | E101: 20 | F101: Цена поставщика | G101: Перепускной клапан Ду 100, РМ 512 (цена=309925/1,18/6,32) | H101: шт. | I101: 1 | J101: 0 | O101: =ROUND(CP101,2) -> 41558.28 | P101: =ROUND(CQ101*I101,2) -> 41558.28 | Q101: =ROUND(CR101*I101,2) -> 0 | R101: =ROUND(CS101*I101,2) -> 0 | S101: =ROUND(CT101*I101,2) -> 0 | T101: =ROUND(CU101*I101,2) -> 0 | U101: =CV101*I101 -> 0 | V101: =CW101*I101 -> 0 | W101: =ROUND(CX101*I101,2) -> 0 | X101: =ROUND(CY101,2) -> 0 | Y101: =ROUND(CZ101,2) -> 0 | AA101: 22723180 | AB101: =ROUND((AC101+AD101+AF101),6) -> 41558.28 | AC101: =ROUND((ES101),6) -> 41558.28 | AD101: =ROUND((((ET101)-(EU101))+AE101),6) -> 0 | AE101: =ROUND((EU101),6) -> 0 | AF101: =ROUND((EV101),6) -> 0 | AG101: =ROUND((AP101),6) -> 0 | AH101: =(EW101) -> 0 | AI101: =(EX101) -> 0 | AJ101: =ROUND((AS101),6) -> 0 | AK101: 41558.28 | AL101: 41558.28 | AM101: 0 | AN101: 0 | AO101: 0 | AP101: 0 | AQ101: 0 | AR101: 0 | AS101: 0 | AT101: 0 | AU101: 0 | AV101: 1 | AW101: 1 | AZ101: 1 | BA101: 1 | BB101: 1 | BC101: 1 | BH101: 3 | BI101: 1 | BM101: 1100 | BN101: 0 | BP101: 0 | BQ101: 8 | BS101: 1 | BT101: 1 | BU101: 1 | BV101: 1 | BW101: 1 | BX101: 1 | BZ101: 0 | CA101: 0 | CF101: 0 | CG101: 0 | CM101: 0 | CO101: 0 | CP101: =(P101+Q101+S101) -> 41558.28 | CQ101: =(AC101)*BC101 -> 41558.28 | CR101: =(AD101)*BB101 -> 0 | CS101: =(AE101)*BS101 -> 0 | CT101: =(AF101)*BA101 -> 0 | CU101: =AG101 -> 0 | CV101: =AH101 -> 0 | CW101: =AI101 -> 0 | CX101: =AJ101 -> 0 | CY101: =(((S101+R101)*AT101)/100) -> 0 | CZ101: =(((S101+R101)*AU101)/100) -> 0 | DN101: 0 | DO101: 0 | DP101: 1 | DQ101: 1 | DU101: 1010 | DV101: шт. | DW101: шт. | DX101: 1 | EE101: 20678837 | EF101: 8 | EG101: Материалы строительные | EH101: 0 | EJ101: 1 | EK101: 1100 | EL101: Материалы, изделия и конструкции | EM101: материалы (03) | EQ101: 0 | ER101: 0 | ES101: 41558.28 | ET101: 0 | EU101: 0 | EV101: 0 | EW101: 0 | EX101: 0 | EY101: 0 | EZ101: 0 | FQ101: 0 | FR101: =ROUND(IF(AND(BH101=3,BI101=3),P101,0),2) -> 0 | FS101: 0 | FX101: 0 | FY101: 0 | GA101: занесена вручную | GG101: 2 | GH101: 0 | GI101: -2 | GJ101: 0 | GK101: =ROUND(R101*(R12)/100,2) -> 0 | GL101: =ROUND(IF(AND(BH101=3,BI101=3,FS101<>0),P101,0),2) -> 0 | GM101: =O101+X101+Y101 -> 41558.28 | GN101: =ROUND(IF(OR(BI101=0,BI101=1),O101+X101+Y101,0),2) -> 41558.28 | GO101: =ROUND(IF(BI101=2,O101+X101+Y101,0),2) -> 0 | GP101: =ROUND(IF(BI101=4,O101+X101+Y101,0),2) -> 0 | GR101: 0
A102: 17 | B102: 1 | C102: =ROW(SmtRes!A218) -> 218 | D102: =ROW(EtalonRes!A199) -> 199 | E102: 21 | F102: м12-14-001-1 | G102: Вентиль латунный запорный теплый низкого давления, диаметр условного прохода 25 мм | H102: 100 шт. | I102: 0.24 | J102: 0 | O102: =ROUND(CP102,2) -> 725.37 | P102: =ROUND(CQ102*I102,2) -> 143.41 | Q102: =ROUND(CR102*I102,2) -> 53.24 | R102: =ROUND(CS102*I102,2) -> 3.24 | S102: =ROUND(CT102*I102,2) -> 528.72 | T102: =ROUND(CU102*I102,2) -> 0 | U102: =CV102*I102 -> 54.96 | V102: =CW102*I102 -> 0.24 | W102: =ROUND(CX102*I102,2) -> 0 | X102: =ROUND(CY102,2) -> 361.73 | Y102: =ROUND(CZ102,2) -> 255.34 | AA102: 22723180 | AB102: =ROUND((AC102+AD102+AF102),6) -> 3022.36 | AC102: =ROUND((ES102),6) -> 597.56 | AD102: =ROUND((((ET102)-(EU102))+AE102),6) -> 221.82 | AE102: =ROUND((EU102),6) -> 13.5 | AF102: =ROUND((EV102),6) -> 2202.98 | AG102: =ROUND((AP102),6) -> 0 | AH102: =(EW102) -> 229 | AI102: =(EX102) -> 1 | AJ102: =ROUND((AS102),6) -> 0 | AK102: 3022.36 | AL102: 597.56 | AM102: 221.82 | AN102: 13.5 | AO102: 2202.98 | AP102: 0 | AQ102: 229 | AR102: 1 | AS102: 0 | AT102: 68 | AU102: 48 | AV102: 1 | AW102: 1 | AZ102: 1 | BA102: 1 | BB102: 1 | BC102: 1 | BH102: 0 | BI102: 2 | BJ102: ФЕРм12-14-001-1 пр.№321 от 4 августа 2009 г | BM102: 112001 | BN102: 0 | BP102: 0 | BQ102: 3 | BS102: 1 | BT102: 1 | BU102: 1 | BV102: 1 | BW102: 1 | BX102: 1 | BZ102: 80 | CA102: 60 | CF102: 0 | CG102: 0 | CM102: 0 | CO102: 0 | CP102: =(P102+Q102+S102) -> 725.37 | CQ102: =(AC102)*BC102 -> 597.56 | CR102: =(AD102)*BB102 -> 221.82 | CS102: =(AE102)*BS102 -> 13.5 | CT102: =(AF102)*BA102 -> 2202.98 | CU102: =AG102 -> 0 | CV102: =AH102 -> 229 | CW102: =AI102 -> 1 | CX102: =AJ102 -> 0 | CY102: =(((S102+R102)*AT102)/100) -> 361.7328 | CZ102: =(((S102+R102)*AU102)/100) -> 255.3408 | DN102: 0 | DO102: 0 | DP102: 1 | DQ102: 1 | DU102: 1010 | DV102: 100 шт. | DW102: 100 шт. | DX102: 100 | EE102: 20678545 | EF102: 3 | EG102: Монтажные работы | EH102: 0 | EJ102: 2 | EK102: 112001 | EL102: Технологические трубопроводы | EM102: мФЕР-12 | EQ102: 0 | ER102: 3022.36 | ES102: 597.56 | ET102: 221.82 | EU102: 13.5 | EV102: 2202.98 | EW102: 229 | EX102: 1 | EY102: 0 | EZ102: 0 | FQ102: 0 | FR102: =ROUND(IF(AND(BH102=3,BI102=3),P102,0),2) -> 0 | FS102: 0 | FV102: *0,85 | FW102: *0,8 | FX102: 80 | FY102: 60 | GG102: 2 | GH102: 1 | GI102: -2 | GJ102: 0 | GK102: =ROUND(R102*(R12)/100,2) -> 0 | GL102: =ROUND(IF(AND(BH102=3,BI102=3,FS102<>0),P102,0),2) -> 0 | GM102: =O102+X102+Y102 -> 1342.44 | GN102: =ROUND(IF(OR(BI102=0,BI102=1),O102+X102+Y102,0),2) -> 0 | GO102: =ROUND(IF(BI102=2,O102+X102+Y102,0),2) -> 1342.44 | GP102: =ROUND(IF(BI102=4,O102+X102+Y102,0),2) -> 0 | GR102: 0
A103: 18 | B103: 1 | C103: 212 | E103: 21,1 | F103: 301-1489 | G103: Воздухоотводчик автоматический с наружным резьбовым присоединением Рр=1,0 МПа, Т max = 120 град С, D = 15 мм | H103: шт. | I103: =I102*J103 -> 7.9999999 | J103: 33.333333 | O103: =ROUND(CP103,2) -> 485.6 | P103: =ROUND(CQ103*I103,2) -> 485.6 | Q103: =ROUND(CR103*I103,2) -> 0 | R103: =ROUND(CS103*I103,2) -> 0 | S103: =ROUND(CT103*I103,2) -> 0 | T103: =ROUND(CU103*I103,2) -> 0 | U103: =CV103*I103 -> 0 | V103: =CW103*I103 -> 0 | W103: =ROUND(CX103*I103,2) -> 0.08 | X103: =ROUND(CY103,2) -> 0 | Y103: =ROUND(CZ103,2) -> 0 | AA103: 22723180 | AB103: =ROUND((AC103+AD103+AF103),6) -> 60.7 | AC103: =ROUND((ES103),6) -> 60.7 | AD103: =ROUND((((ET103)-(EU103))+AE103),6) -> 0 | AE103: =ROUND((EU103),6) -> 0 | AF103: =ROUND((EV103),6) -> 0 | AG103: =ROUND((AP103),6) -> 0 | AH103: =(EW103) -> 0 | AI103: =(EX103) -> 0 | AJ103: =ROUND((AS103),6) -> 0.01 | AK103: 60.7 | AL103: 60.7 | AM103: 0 | AN103: 0 | AO103: 0 | AP103: 0 | AQ103: 0 | AR103: 0 | AS103: 0.01 | AT103: 68 | AU103: 48 | AV103: 1 | AW103: 1 | AZ103: 1 | BA103: 1 | BB103: 1 | BC103: 1 | BH103: 3 | BI103: 2 | BJ103: ФССЦ (2010) ч.3, раздел01, поз.1489 | BM103: 112001 | BN103: 0 | BP103: 0 | BQ103: 3 | BS103: 1 | BT103: 1 | BU103: 1 | BV103: 1 | BW103: 1 | BX103: 1 | BZ103: 80 | CA103: 60 | CF103: 0 | CG103: 0 | CM103: 0 | CO103: 0 | CP103: =(P103+Q103+S103) -> 485.6 | CQ103: =(AC103)*BC103 -> 60.7 | CR103: =(AD103)*BB103 -> 0 | CS103: =(AE103)*BS103 -> 0 | CT103: =(AF103)*BA103 -> 0 | CU103: =AG103 -> 0 | CV103: =AH103 -> 0 | CW103: =AI103 -> 0 | CX103: =AJ103 -> 0.01 | CY103: =(((S103+R103)*AT103)/100) -> 0 | CZ103: =(((S103+R103)*AU103)/100) -> 0 | DN103: 0 | DO103: 0 | DP103: 1 | DQ103: 1 | DU103: 1010 | DV103: шт. | DW103: шт. | DX103: 1 | EE103: 20678545 | EF103: 3 | EG103: Монтажные работы | EH103: 0 | EJ103: 2 | EK103: 112001 | EL103: Технологические трубопроводы | EM103: мФЕР-12 | EQ103: 0 | ER103: 60.7 | ES103: 60.7 | ET103: 0 | EU103: 0 | EV103: 0 | EW103: 0 | EX103: 0 | EZ103: 0 | FQ103: 0 | FR103: =ROUND(IF(AND(BH103=3,BI103=3),P103,0),2) -> 0 | FS103: 0 | FV103: *0,85 | FW103: *0,8 | FX103: 80 | FY103: 60 | GG103: 2 | GH103: 1 | GI103: -2 | GJ103: 0 | GK103: =ROUND(R103*(R12)/100,2) -> 0 | GL103: =ROUND(IF(AND(BH103=3,BI103=3,FS103<>0),P103,0),2) -> 0 | GM103: =O103+X103+Y103 -> 485.6 | GN103: =ROUND(IF(OR(BI103=0,BI103=1),O103+X103+Y103,0),2) -> 0 | GO103: =ROUND(IF(BI103=2,O103+X103+Y103,0),2) -> 485.6 | GP103: =ROUND(IF(BI103=4,O103+X103+Y103,0),2) -> 0 | GR103: 0
A104: 18 | B104: 1 | C104: 213 | E104: 21,2 | F104: 302-2213 | G104: Краны шаровые для теплоснабжения и охлаждения, с резьбовым присоединением, под редуктор или электропривод, давлением 4,0 МПа (40 кгс/см2), серии КШТ 60.100, диаметром 15 мм | H104: шт. | I104: =I102*J104 -> 4.9999999 | J104: 20.833333 | O104: =ROUND(CP104,2) -> 2059.8 | P104: =ROUND(CQ104*I104,2) -> 2059.8 | Q104: =ROUND(CR104*I104,2) -> 0 | R104: =ROUND(CS104*I104,2) -> 0 | S104: =ROUND(CT104*I104,2) -> 0 | T104: =ROUND(CU104*I104,2) -> 0 | U104: =CV104*I104 -> 0 | V104: =CW104*I104 -> 0 | W104: =ROUND(CX104*I104,2) -> 1 | X104: =ROUND(CY104,2) -> 0 | Y104: =ROUND(CZ104,2) -> 0 | AA104: 22723180 | AB104: =ROUND((AC104+AD104+AF104),6) -> 411.96 | AC104: =ROUND((ES104),6) -> 411.96 | AD104: =ROUND((((ET104)-(EU104))+AE104),6) -> 0 | AE104: =ROUND((EU104),6) -> 0 | AF104: =ROUND((EV104),6) -> 0 | AG104: =ROUND((AP104),6) -> 0 | AH104: =(EW104) -> 0 | AI104: =(EX104) -> 0 | AJ104: =ROUND((AS104),6) -> 0.2 | AK104: 411.96 | AL104: 411.96 | AM104: 0 | AN104: 0 | AO104: 0 | AP104: 0 | AQ104: 0 | AR104: 0 | AS104: 0.2 | AT104: 68 | AU104: 48 | AV104: 1 | AW104: 1 | AZ104: 1 | BA104: 1 | BB104: 1 | BC104: 1 | BH104: 3 | BI104: 2 | BJ104: ФССЦ (2011) 302-2213, пр. №629 от 29 декабря 2011 г. | BM104: 112001 | BN104: 0 | BP104: 0 | BQ104: 3 | BS104: 1 | BT104: 1 | BU104: 1 | BV104: 1 | BW104: 1 | BX104: 1 | BZ104: 80 | CA104: 60 | CF104: 0 | CG104: 0 | CM104: 0 | CO104: 0 | CP104: =(P104+Q104+S104) -> 2059.8 | CQ104: =(AC104)*BC104 -> 411.96 | CR104: =(AD104)*BB104 -> 0 | CS104: =(AE104)*BS104 -> 0 | CT104: =(AF104)*BA104 -> 0 | CU104: =AG104 -> 0 | CV104: =AH104 -> 0 | CW104: =AI104 -> 0 | CX104: =AJ104 -> 0.2 | CY104: =(((S104+R104)*AT104)/100) -> 0 | CZ104: =(((S104+R104)*AU104)/100) -> 0 | DN104: 0 | DO104: 0 | DP104: 1 | DQ104: 1 | DU104: 1010 | DV104: шт. | DW104: шт. | DX104: 1 | EE104: 20678545 | EF104: 3 | EG104: Монтажные работы | EH104: 0 | EJ104: 2 | EK104: 112001 | EL104: Технологические трубопроводы | EM104: мФЕР-12 | EQ104: 0 | ER104: 411.96 | ES104: 411.96 | ET104: 0 | EU104: 0 | EV104: 0 | EW104: 0 | EX104: 0 | EZ104: 0 | FQ104: 0 | FR104: =ROUND(IF(AND(BH104=3,BI104=3),P104,0),2) -> 0 | FS104: 0 | FV104: *0,85 | FW104: *0,8 | FX104: 80 | FY104: 60 | GG104: 2 | GH104: 1 | GI104: -2 | GJ104: 0 | GK104: =ROUND(R104*(R12)/100,2) -> 0 | GL104: =ROUND(IF(AND(BH104=3,BI104=3,FS104<>0),P104,0),2) -> 0 | GM104: =O104+X104+Y104 -> 2059.8 | GN104: =ROUND(IF(OR(BI104=0,BI104=1),O104+X104+Y104,0),2) -> 0 | GO104: =ROUND(IF(BI104=2,O104+X104+Y104,0),2) -> 2059.8 | GP104: =ROUND(IF(BI104=4,O104+X104+Y104,0),2) -> 0 | GR104: 0
A105: 18 | B105: 1 | C105: 214 | E105: 21,3 | F105: 302-2214 | G105: Краны шаровые для теплоснабжения и охлаждения, с резьбовым присоединением, под редуктор или электропривод, давлением 4,0 МПа (40 кгс/см2), серии КШТ 60.100, диаметром 20 мм | H105: шт. | I105: =I102*J105 -> 4.0000001 | J105: 16.666667 | O105: =ROUND(CP105,2) -> 1671.2 | P105: =ROUND(CQ105*I105,2) -> 1671.2 | Q105: =ROUND(CR105*I105,2) -> 0 | R105: =ROUND(CS105*I105,2) -> 0 | S105: =ROUND(CT105*I105,2) -> 0 | T105: =ROUND(CU105*I105,2) -> 0 | U105: =CV105*I105 -> 0 | V105: =CW105*I105 -> 0 | W105: =ROUND(CX105*I105,2) -> 0.8 | X105: =ROUND(CY105,2) -> 0 | Y105: =ROUND(CZ105,2) -> 0 | AA105: 22723180 | AB105: =ROUND((AC105+AD105+AF105),6) -> 417.8 | AC105: =ROUND((ES105),6) -> 417.8 | AD105: =ROUND((((ET105)-(EU105))+AE105),6) -> 0 | AE105: =ROUND((EU105),6) -> 0 | AF105: =ROUND((EV105),6) -> 0 | AG105: =ROUND((AP105),6) -> 0 | AH105: =(EW105) -> 0 | AI105: =(EX105) -> 0 | AJ105: =ROUND((AS105),6) -> 0.2 | AK105: 417.8 | AL105: 417.8 | AM105: 0 | AN105: 0 | AO105: 0 | AP105: 0 | AQ105: 0 | AR105: 0 | AS105: 0.2 | AT105: 68 | AU105: 48 | AV105: 1 | AW105: 1 | AZ105: 1 | BA105: 1 | BB105: 1 | BC105: 1 | BH105: 3 | BI105: 2 | BJ105: ФССЦ (2011) 302-2214, пр. №629 от 29 декабря 2011 г. | BM105: 112001 | BN105: 0 | BP105: 0 | BQ105: 3 | BS105: 1 | BT105: 1 | BU105: 1 | BV105: 1 | BW105: 1 | BX105: 1 | BZ105: 80 | CA105: 60 | CF105: 0 | CG105: 0 | CM105: 0 | CO105: 0 | CP105: =(P105+Q105+S105) -> 1671.2 | CQ105: =(AC105)*BC105 -> 417.8 | CR105: =(AD105)*BB105 -> 0 | CS105: =(AE105)*BS105 -> 0 | CT105: =(AF105)*BA105 -> 0 | CU105: =AG105 -> 0 | CV105: =AH105 -> 0 | CW105: =AI105 -> 0 | CX105: =AJ105 -> 0.2 | CY105: =(((S105+R105)*AT105)/100) -> 0 | CZ105: =(((S105+R105)*AU105)/100) -> 0 | DN105: 0 | DO105: 0 | DP105: 1 | DQ105: 1 | DU105: 1010 | DV105: шт. | DW105: шт. | DX105: 1 | EE105: 20678545 | EF105: 3 | EG105: Монтажные работы | EH105: 0 | EJ105: 2 | EK105: 112001 | EL105: Технологические трубопроводы | EM105: мФЕР-12 | EQ105: 0 | ER105: 417.8 | ES105: 417.8 | ET105: 0 | EU105: 0 | EV105: 0 | EW105: 0 | EX105: 0 | EZ105: 0 | FQ105: 0 | FR105: =ROUND(IF(AND(BH105=3,BI105=3),P105,0),2) -> 0 | FS105: 0 | FV105: *0,85 | FW105: *0,8 | FX105: 80 | FY105: 60 | GG105: 2 | GH105: 1 | GI105: -2 | GJ105: 0 | GK105: =ROUND(R105*(R12)/100,2) -> 0 | GL105: =ROUND(IF(AND(BH105=3,BI105=3,FS105<>0),P105,0),2) -> 0 | GM105: =O105+X105+Y105 -> 1671.2 | GN105: =ROUND(IF(OR(BI105=0,BI105=1),O105+X105+Y105,0),2) -> 0 | GO105: =ROUND(IF(BI105=2,O105+X105+Y105,0),2) -> 1671.2 | GP105: =ROUND(IF(BI105=4,O105+X105+Y105,0),2) -> 0 | GR105: 0
A106: 18 | B106: 1 | C106: 215 | E106: 21,4 | F106: 302-2215 | G106: Краны шаровые для теплоснабжения и охлаждения, с резьбовым присоединением, под редуктор или электропривод, давлением 4,0 МПа (40 кгс/см2), серии КШТ 60.100, диаметром 25 мм | H106: шт. | I106: =I102*J106 -> 1.9999999 | J106: 8.333333 | O106: =ROUND(CP106,2) -> 968.64 | P106: =ROUND(CQ106*I106,2) -> 968.64 | Q106: =ROUND(CR106*I106,2) -> 0 | R106: =ROUND(CS106*I106,2) -> 0 | S106: =ROUND(CT106*I106,2) -> 0 | T106: =ROUND(CU106*I106,2) -> 0 | U106: =CV106*I106 -> 0 | V106: =CW106*I106 -> 0 | W106: =ROUND(CX106*I106,2) -> 0.48 | X106: =ROUND(CY106,2) -> 0 | Y106: =ROUND(CZ106,2) -> 0 | AA106: 22723180 | AB106: =ROUND((AC106+AD106+AF106),6) -> 484.32 | AC106: =ROUND((ES106),6) -> 484.32 | AD106: =ROUND((((ET106)-(EU106))+AE106),6) -> 0 | AE106: =ROUND((EU106),6) -> 0 | AF106: =ROUND((EV106),6) -> 0 | AG106: =ROUND((AP106),6) -> 0 | AH106: =(EW106) -> 0 | AI106: =(EX106) -> 0 | AJ106: =ROUND((AS106),6) -> 0.24 | AK106: 484.32 | AL106: 484.32 | AM106: 0 | AN106: 0 | AO106: 0 | AP106: 0 | AQ106: 0 | AR106: 0 | AS106: 0.24 | AT106: 68 | AU106: 48 | AV106: 1 | AW106: 1 | AZ106: 1 | BA106: 1 | BB106: 1 | BC106: 1 | BH106: 3 | BI106: 2 | BJ106: ФССЦ (2011) 302-2215, пр. №629 от 29 декабря 2011 г. | BM106: 112001 | BN106: 0 | BP106: 0 | BQ106: 3 | BS106: 1 | BT106: 1 | BU106: 1 | BV106: 1 | BW106: 1 | BX106: 1 | BZ106: 80 | CA106: 60 | CF106: 0 | CG106: 0 | CM106: 0 | CO106: 0 | CP106: =(P106+Q106+S106) -> 968.64 | CQ106: =(AC106)*BC106 -> 484.32 | CR106: =(AD106)*BB106 -> 0 | CS106: =(AE106)*BS106 -> 0 | CT106: =(AF106)*BA106 -> 0 | CU106: =AG106 -> 0 | CV106: =AH106 -> 0 | CW106: =AI106 -> 0 | CX106: =AJ106 -> 0.24 | CY106: =(((S106+R106)*AT106)/100) -> 0 | CZ106: =(((S106+R106)*AU106)/100) -> 0 | DN106: 0 | DO106: 0 | DP106: 1 | DQ106: 1 | DU106: 1010 | DV106: шт. | DW106: шт. | DX106: 1 | EE106: 20678545 | EF106: 3 | EG106: Монтажные работы | EH106: 0 | EJ106: 2 | EK106: 112001 | EL106: Технологические трубопроводы | EM106: мФЕР-12 | EQ106: 0 | ER106: 484.32 | ES106: 484.32 | ET106: 0 | EU106: 0 | EV106: 0 | EW106: 0 | EX106: 0 | EZ106: 0 | FQ106: 0 | FR106: =ROUND(IF(AND(BH106=3,BI106=3),P106,0),2) -> 0 | FS106: 0 | FV106: *0,85 | FW106: *0,8 | FX106: 80 | FY106: 60 | GG106: 2 | GH106: 1 | GI106: -2 | GJ106: 0 | GK106: =ROUND(R106*(R12)/100,2) -> 0 | GL106: =ROUND(IF(AND(BH106=3,BI106=3,FS106<>0),P106,0),2) -> 0 | GM106: =O106+X106+Y106 -> 968.64 | GN106: =ROUND(IF(OR(BI106=0,BI106=1),O106+X106+Y106,0),2) -> 0 | GO106: =ROUND(IF(BI106=2,O106+X106+Y106,0),2) -> 968.64 | GP106: =ROUND(IF(BI106=4,O106+X106+Y106,0),2) -> 0 | GR106: 0
A107: 17 | B107: 1 | C107: =ROW(SmtRes!A229) -> 229 | D107: =ROW(EtalonRes!A209) -> 209 | E107: 22 | F107: м12-14-001-3 | G107: Вентиль латунный запорный теплый низкого давления, диаметр условного прохода 60 мм | H107: 100 шт. | I107: 0.12 | J107: 0 | O107: =ROUND(CP107,2) -> 863.67 | P107: =ROUND(CQ107*I107,2) -> 263.54 | Q107: =ROUND(CR107*I107,2) -> 84.11 | R107: =ROUND(CS107*I107,2) -> 5.12 | S107: =ROUND(CT107*I107,2) -> 516.02 | T107: =ROUND(CU107*I107,2) -> 0 | U107: =CV107*I107 -> 53.64 | V107: =CW107*I107 -> 0.3792 | W107: =ROUND(CX107*I107,2) -> 0 | X107: =ROUND(CY107,2) -> 354.38 | Y107: =ROUND(CZ107,2) -> 250.15 | AA107: 22723180 | AB107: =ROUND((AC107+AD107+AF107),6) -> 7197.27 | AC107: =ROUND((ES107),6) -> 2196.18 | AD107: =ROUND((((ET107)-(EU107))+AE107),6) -> 700.95 | AE107: =ROUND((EU107),6) -> 42.66 | AF107: =ROUND((EV107),6) -> 4300.14 | AG107: =ROUND((AP107),6) -> 0 | AH107: =(EW107) -> 447 | AI107: =(EX107) -> 3.16 | AJ107: =ROUND((AS107),6) -> 0 | AK107: 7197.27 | AL107: 2196.18 | AM107: 700.95 | AN107: 42.66 | AO107: 4300.14 | AP107: 0 | AQ107: 447 | AR107: 3.16 | AS107: 0 | AT107: 68 | AU107: 48 | AV107: 1 | AW107: 1 | AZ107: 1 | BA107: 1 | BB107: 1 | BC107: 1 | BH107: 0 | BI107: 2 | BJ107: ФЕРм12-14-001-3 пр.№321 от 4 августа 2009 г | BM107: 112001 | BN107: 0 | BP107: 0 | BQ107: 3 | BS107: 1 | BT107: 1 | BU107: 1 | BV107: 1 | BW107: 1 | BX107: 1 | BZ107: 80 | CA107: 60 | CF107: 0 | CG107: 0 | CM107: 0 | CO107: 0 | CP107: =(P107+Q107+S107) -> 863.67 | CQ107: =(AC107)*BC107 -> 2196.18 | CR107: =(AD107)*BB107 -> 700.95 | CS107: =(AE107)*BS107 -> 42.66 | CT107: =(AF107)*BA107 -> 4300.14 | CU107: =AG107 -> 0 | CV107: =AH107 -> 447 | CW107: =AI107 -> 3.16 | CX107: =AJ107 -> 0 | CY107: =(((S107+R107)*AT107)/100) -> 354.3752 | CZ107: =(((S107+R107)*AU107)/100) -> 250.1472 | DN107: 0 | DO107: 0 | DP107: 1 | DQ107: 1 | DU107: 1010 | DV107: 100 шт. | DW107: 100 шт. | DX107: 100 | EE107: 20678545 | EF107: 3 | EG107: Монтажные работы | EH107: 0 | EJ107: 2 | EK107: 112001 | EL107: Технологические трубопроводы | EM107: мФЕР-12 | EQ107: 0 | ER107: 7197.27 | ES107: 2196.18 | ET107: 700.95 | EU107: 42.66 | EV107: 4300.14 | EW107: 447 | EX107: 3.16 | EY107: 0 | EZ107: 0 | FQ107: 0 | FR107: =ROUND(IF(AND(BH107=3,BI107=3),P107,0),2) -> 0 | FS107: 0 | FV107: *0,85 | FW107: *0,8 | FX107: 80 | FY107: 60 | GG107: 2 | GH107: 1 | GI107: -2 | GJ107: 0 | GK107: =ROUND(R107*(R12)/100,2) -> 0 | GL107: =ROUND(IF(AND(BH107=3,BI107=3,FS107<>0),P107,0),2) -> 0 | GM107: =O107+X107+Y107 -> 1468.2 | GN107: =ROUND(IF(OR(BI107=0,BI107=1),O107+X107+Y107,0),2) -> 0 | GO107: =ROUND(IF(BI107=2,O107+X107+Y107,0),2) -> 1468.2 | GP107: =ROUND(IF(BI107=4,O107+X107+Y107,0),2) -> 0 | GR107: 0
A108: 18 | B108: 1 | C108: 226 | E108: 22,1 | F108: 302-2218 | G108: Краны шаровые для теплоснабжения и охлаждения, с резьбовым присоединением, под редуктор или электропривод, давлением 4,0 МПа (40 кгс/см2), серии КШТ 60.100, диаметром 50 мм | H108: шт. | I108: =I107*J108 -> 12 | J108: 100 | O108: =ROUND(CP108,2) -> 10609.08 | P108: =ROUND(CQ108*I108,2) -> 10609.08 | Q108: =ROUND(CR108*I108,2) -> 0 | R108: =ROUND(CS108*I108,2) -> 0 | S108: =ROUND(CT108*I108,2) -> 0 | T108: =ROUND(CU108*I108,2) -> 0 | U108: =CV108*I108 -> 0 | V108: =CW108*I108 -> 0 | W108: =ROUND(CX108*I108,2) -> 5.16 | X108: =ROUND(CY108,2) -> 0 | Y108: =ROUND(CZ108,2) -> 0 | AA108: 22723180 | AB108: =ROUND((AC108+AD108+AF108),6) -> 884.09 | AC108: =ROUND((ES108),6) -> 884.09 | AD108: =ROUND((((ET108)-(EU108))+AE108),6) -> 0 | AE108: =ROUND((EU108),6) -> 0 | AF108: =ROUND((EV108),6) -> 0 | AG108: =ROUND((AP108),6) -> 0 | AH108: =(EW108) -> 0 | AI108: =(EX108) -> 0 | AJ108: =ROUND((AS108),6) -> 0.43 | AK108: 884.09 | AL108: 884.09 | AM108: 0 | AN108: 0 | AO108: 0 | AP108: 0 | AQ108: 0 | AR108: 0 | AS108: 0.43 | AT108: 68 | AU108: 48 | AV108: 1 | AW108: 1 | AZ108: 1 | BA108: 1 | BB108: 1 | BC108: 1 | BH108: 3 | BI108: 2 | BJ108: ФССЦ (2011) 302-2218, пр. №629 от 29 декабря 2011 г. | BM108: 112001 | BN108: 0 | BP108: 0 | BQ108: 3 | BS108: 1 | BT108: 1 | BU108: 1 | BV108: 1 | BW108: 1 | BX108: 1 | BZ108: 80 | CA108: 60 | CF108: 0 | CG108: 0 | CM108: 0 | CO108: 0 | CP108: =(P108+Q108+S108) -> 10609.08 | CQ108: =(AC108)*BC108 -> 884.09 | CR108: =(AD108)*BB108 -> 0 | CS108: =(AE108)*BS108 -> 0 | CT108: =(AF108)*BA108 -> 0 | CU108: =AG108 -> 0 | CV108: =AH108 -> 0 | CW108: =AI108 -> 0 | CX108: =AJ108 -> 0.43 | CY108: =(((S108+R108)*AT108)/100) -> 0 | CZ108: =(((S108+R108)*AU108)/100) -> 0 | DN108: 0 | DO108: 0 | DP108: 1 | DQ108: 1 | DU108: 1010 | DV108: шт. | DW108: шт. | DX108: 1 | EE108: 20678545 | EF108: 3 | EG108: Монтажные работы | EH108: 0 | EJ108: 2 | EK108: 112001 | EL108: Технологические трубопроводы | EM108: мФЕР-12 | EQ108: 0 | ER108: 884.09 | ES108: 884.09 | ET108: 0 | EU108: 0 | EV108: 0 | EW108: 0 | EX108: 0 | EZ108: 0 | FQ108: 0 | FR108: =ROUND(IF(AND(BH108=3,BI108=3),P108,0),2) -> 0 | FS108: 0 | FV108: *0,85 | FW108: *0,8 | FX108: 80 | FY108: 60 | GG108: 2 | GH108: 1 | GI108: -2 | GJ108: 0 | GK108: =ROUND(R108*(R12)/100,2) -> 0 | GL108: =ROUND(IF(AND(BH108=3,BI108=3,FS108<>0),P108,0),2) -> 0 | GM108: =O108+X108+Y108 -> 10609.08 | GN108: =ROUND(IF(OR(BI108=0,BI108=1),O108+X108+Y108,0),2) -> 0 | GO108: =ROUND(IF(BI108=2,O108+X108+Y108,0),2) -> 10609.08 | GP108: =ROUND(IF(BI108=4,O108+X108+Y108,0),2) -> 0 | GR108: 0
A109: 17 | B109: 1 | C109: =ROW(SmtRes!A236) -> 236 | D109: =ROW(EtalonRes!A216) -> 216 | E109: 23 | F109: 16-02-007-6 | G109: Установка фланцевых соединений на стальных трубопроводах диаметром 150 мм | H109: 1 соединение | I109: 11 | J109: 0 | O109: =ROUND(CP109,2) -> 2704.46 | P109: =ROUND(CQ109*I109,2) -> 2291.41 | Q109: =ROUND(CR109*I109,2) -> 145.75 | R109: =ROUND(CS109*I109,2) -> 0 | S109: =ROUND(CT109*I109,2) -> 267.3 | T109: =ROUND(CU109*I109,2) -> 0 | U109: =CV109*I109 -> 26.95 | V109: =CW109*I109 -> 0 | W109: =ROUND(CX109*I109,2) -> 0 | X109: =ROUND(CY109,2) -> 291.36 | Y109: =ROUND(CZ109,2) -> 176.42 | AA109: 22723180 | AB109: =ROUND((AC109+AD109+AF109),6) -> 245.86 | AC109: =ROUND((ES109),6) -> 208.31 | AD109: =ROUND((((ET109)-(EU109))+AE109),6) -> 13.25 | AE109: =ROUND((EU109),6) -> 0 | AF109: =ROUND((EV109),6) -> 24.3 | AG109: =ROUND((AP109),6) -> 0 | AH109: =(EW109) -> 2.45 | AI109: =(EX109) -> 0 | AJ109: =ROUND((AS109),6) -> 0 | AK109: 245.86 | AL109: 208.31 | AM109: 13.25 | AN109: 0 | AO109: 24.3 | AP109: 0 | AQ109: 2.45 | AR109: 0 | AS109: 0 | AT109: 109 | AU109: 66 | AV109: 1 | AW109: 1 | AZ109: 1 | BA109: 1 | BB109: 1 | BC109: 1 | BH109: 0 | BI109: 1 | BJ109: ФЕР16-02-007-6 пр.№ 253 от 17 ноября 2008 г | BM109: 16001 | BN109: 0 | BP109: 0 | BQ109: 2 | BS109: 1 | BT109: 1 | BU109: 1 | BV109: 1 | BW109: 1 | BX109: 1 | BZ109: 128 | CA109: 83 | CF109: 0 | CG109: 0 | CM109: 0 | CO109: 0 | CP109: =(P109+Q109+S109) -> 2704.46 | CQ109: =(AC109)*BC109 -> 208.31 | CR109: =(AD109)*BB109 -> 13.25 | CS109: =(AE109)*BS109 -> 0 | CT109: =(AF109)*BA109 -> 24.3 | CU109: =AG109 -> 0 | CV109: =AH109 -> 2.45 | CW109: =AI109 -> 0 | CX109: =AJ109 -> 0 | CY109: =(((S109+R109)*AT109)/100) -> 291.357 | CZ109: =(((S109+R109)*AU109)/100) -> 176.418 | DN109: 0 | DO109: 0 | DP109: 1 | DQ109: 1 | DU109: 1013 | DV109: 1 соединение | DW109: 1 соединение | DX109: 1 | EE109: 20678683 | EF109: 2 | EG109: Общестроительные работы | EH109: 0 | EJ109: 1 | EK109: 16001 | EL109: Трубопроводы внутренние | EM109: ФЕР-16 | EQ109: 0 | ER109: 245.86 | ES109: 208.31 | ET109: 13.25 | EU109: 0 | EV109: 24.3 | EW109: 2.45 | EX109: 0 | EY109: 0 | EZ109: 0 | FQ109: 0 | FR109: =ROUND(IF(AND(BH109=3,BI109=3),P109,0),2) -> 0 | FS109: 0 | FV109: *0,85 | FW109: *0,8 | FX109: 128 | FY109: 83 | GG109: 2 | GH109: 1 | GI109: -2 | GJ109: 0 | GK109: =ROUND(R109*(R12)/100,2) -> 0 | GL109: =ROUND(IF(AND(BH109=3,BI109=3,FS109<>0),P109,0),2) -> 0 | GM109: =O109+X109+Y109 -> 3172.24 | GN109: =ROUND(IF(OR(BI109=0,BI109=1),O109+X109+Y109,0),2) -> 3172.24 | GO109: =ROUND(IF(BI109=2,O109+X109+Y109,0),2) -> 0 | GP109: =ROUND(IF(BI109=4,O109+X109+Y109,0),2) -> 0 | GR109: 0
A110: 18 | B110: 1 | C110: 235 | E110: 23,1 | F110: 507-1266 | G110: Фланцы стальные плоские приварные из стали 12Х18Н9Т, давлением 0,1 и 0,25 МПа (1 и 2,5 кгс/см2), диаметром 150 мм | H110: шт. | I110: =I109*J110 -> 22 | J110: 2 | O110: =ROUND(CP110,2) -> 13945.14 | P110: =ROUND(CQ110*I110,2) -> 13945.14 | Q110: =ROUND(CR110*I110,2) -> 0 | R110: =ROUND(CS110*I110,2) -> 0 | S110: =ROUND(CT110*I110,2) -> 0 | T110: =ROUND(CU110*I110,2) -> 0 | U110: =CV110*I110 -> 0 | V110: =CW110*I110 -> 0 | W110: =ROUND(CX110*I110,2) -> 2.64 | X110: =ROUND(CY110,2) -> 0 | Y110: =ROUND(CZ110,2) -> 0 | AA110: 22723180 | AB110: =ROUND((AC110+AD110+AF110),6) -> 633.87 | AC110: =ROUND((ES110),6) -> 633.87 | AD110: =ROUND((((ET110)-(EU110))+AE110),6) -> 0 | AE110: =ROUND((EU110),6) -> 0 | AF110: =ROUND((EV110),6) -> 0 | AG110: =ROUND((AP110),6) -> 0 | AH110: =(EW110) -> 0 | AI110: =(EX110) -> 0 | AJ110: =ROUND((AS110),6) -> 0.12 | AK110: 633.87 | AL110: 633.87 | AM110: 0 | AN110: 0 | AO110: 0 | AP110: 0 | AQ110: 0 | AR110: 0 | AS110: 0.12 | AT110: 128 | AU110: 83 | AV110: 1 | AW110: 1 | AZ110: 1 | BA110: 1 | BB110: 1 | BC110: 1 | BH110: 3 | BI110: 2 | BJ110: ФССЦ (2010) ч.5, раздел07, поз.1266 | BM110: 500002 | BN110: 0 | BP110: 0 | BQ110: 12 | BS110: 1 | BT110: 1 | BU110: 1 | BV110: 1 | BW110: 1 | BX110: 1 | BZ110: 128 | CA110: 83 | CF110: 0 | CG110: 0 | CM110: 0 | CO110: 0 | CP110: =(P110+Q110+S110) -> 13945.14 | CQ110: =(AC110)*BC110 -> 633.87 | CR110: =(AD110)*BB110 -> 0 | CS110: =(AE110)*BS110 -> 0 | CT110: =(AF110)*BA110 -> 0 | CU110: =AG110 -> 0 | CV110: =AH110 -> 0 | CW110: =AI110 -> 0 | CX110: =AJ110 -> 0.12 | CY110: =(((S110+R110)*AT110)/100) -> 0 | CZ110: =(((S110+R110)*AU110)/100) -> 0 | DN110: 0 | DO110: 0 | DP110: 1 | DQ110: 1 | DU110: 1010 | DV110: шт. | DW110: шт. | DX110: 1 | EE110: 20678590 | EF110: 12 | EG110: Материалы монтажные | EH110: 0 | EJ110: 2 | EK110: 500002 | EL110: Материалы и конструкции ( монтажные ) по ценникам и каталогам | EM110: ФССЦм | EQ110: 0 | ER110: 633.87 | ES110: 633.87 | ET110: 0 | EU110: 0 | EV110: 0 | EW110: 0 | EX110: 0 | EZ110: 0 | FQ110: 0 | FR110: =ROUND(IF(AND(BH110=3,BI110=3),P110,0),2) -> 0 | FS110: 0 | FX110: 128 | FY110: 83 | GG110: 2 | GH110: 1 | GI110: -2 | GJ110: 0 | GK110: =ROUND(R110*(R12)/100,2) -> 0 | GL110: =ROUND(IF(AND(BH110=3,BI110=3,FS110<>0),P110,0),2) -> 0 | GM110: =O110+X110+Y110 -> 13945.14 | GN110: =ROUND(IF(OR(BI110=0,BI110=1),O110+X110+Y110,0),2) -> 0 | GO110: =ROUND(IF(BI110=2,O110+X110+Y110,0),2) -> 13945.14 | GP110: =ROUND(IF(BI110=4,O110+X110+Y110,0),2) -> 0 | GR110: 0
A111: 17 | B111: 1 | C111: =ROW(SmtRes!A250) -> 250 | D111: =ROW(EtalonRes!A227) -> 227 | E111: 24 | F111: 16-05-001-5 | G111: Установка вентилей, задвижек, затворов, клапанов обратных, кранов проходных на трубопроводах из стальных труб диаметром до 150 мм | H111: 1 ШТ. | I111: 8 | J111: 0 | O111: =ROUND(CP111,2) -> 2530.8 | P111: =ROUND(CQ111*I111,2) -> 1920.88 | Q111: =ROUND(CR111*I111,2) -> 122.32 | R111: =ROUND(CS111*I111,2) -> 4.32 | S111: =ROUND(CT111*I111,2) -> 487.6 | T111: =ROUND(CU111*I111,2) -> 0 | U111: =CV111*I111 -> 53.76 | V111: =CW111*I111 -> 0.32 | W111: =ROUND(CX111*I111,2) -> 0 | X111: =ROUND(CY111,2) -> 536.19 | Y111: =ROUND(CZ111,2) -> 324.67 | AA111: 22723180 | AB111: =ROUND((AC111+AD111+AF111),6) -> 316.35 | AC111: =ROUND((ES111),6) -> 240.11 | AD111: =ROUND((((ET111)-(EU111))+AE111),6) -> 15.29 | AE111: =ROUND((EU111),6) -> 0.54 | AF111: =ROUND((EV111),6) -> 60.95 | AG111: =ROUND((AP111),6) -> 0 | AH111: =(EW111) -> 6.72 | AI111: =(EX111) -> 0.04 | AJ111: =ROUND((AS111),6) -> 0 | AK111: 316.35 | AL111: 240.11 | AM111: 15.29 | AN111: 0.54 | AO111: 60.95 | AP111: 0 | AQ111: 6.72 | AR111: 0.04 | AS111: 0 | AT111: 109 | AU111: 66 | AV111: 1 | AW111: 1 | AZ111: 1 | BA111: 1 | BB111: 1 | BC111: 1 | BH111: 0 | BI111: 1 | BJ111: ФЕР16-05-001-5 пр.№ 253 от 17 ноября 2008 г | BM111: 16001 | BN111: 0 | BP111: 0 | BQ111: 2 | BS111: 1 | BT111: 1 | BU111: 1 | BV111: 1 | BW111: 1 | BX111: 1 | BZ111: 128 | CA111: 83 | CF111: 0 | CG111: 0 | CM111: 0 | CO111: 0 | CP111: =(P111+Q111+S111) -> 2530.8 | CQ111: =(AC111)*BC111 -> 240.11 | CR111: =(AD111)*BB111 -> 15.29 | CS111: =(AE111)*BS111 -> 0.54 | CT111: =(AF111)*BA111 -> 60.95 | CU111: =AG111 -> 0 | CV111: =AH111 -> 6.72 | CW111: =AI111 -> 0.04 | CX111: =AJ111 -> 0 | CY111: =(((S111+R111)*AT111)/100) -> 536.1928 | CZ111: =(((S111+R111)*AU111)/100) -> 324.6672 | DN111: 0 | DO111: 0 | DP111: 1 | DQ111: 1 | DU111: 1013 | DV111: 1 ШТ. | DW111: 1 ШТ. | DX111: 1 | EE111: 20678683 | EF111: 2 | EG111: Общестроительные работы | EH111: 0 | EJ111: 1 | EK111: 16001 | EL111: Трубопроводы внутренние | EM111: ФЕР-16 | EQ111: 0 | ER111: 316.35 | ES111: 240.11 | ET111: 15.29 | EU111: 0.54 | EV111: 60.95 | EW111: 6.72 | EX111: 0.04 | EY111: 0 | EZ111: 0 | FQ111: 0 | FR111: =ROUND(IF(AND(BH111=3,BI111=3),P111,0),2) -> 0 | FS111: 0 | FV111: *0,85 | FW111: *0,8 | FX111: 128 | FY111: 83 | GG111: 2 | GH111: 1 | GI111: -2 | GJ111: 0 | GK111: =ROUND(R111*(R12)/100,2) -> 0 | GL111: =ROUND(IF(AND(BH111=3,BI111=3,FS111<>0),P111,0),2) -> 0 | GM111: =O111+X111+Y111 -> 3391.66 | GN111: =ROUND(IF(OR(BI111=0,BI111=1),O111+X111+Y111,0),2) -> 3391.66 | GO111: =ROUND(IF(BI111=2,O111+X111+Y111,0),2) -> 0 | GP111: =ROUND(IF(BI111=4,O111+X111+Y111,0),2) -> 0 | GR111: 0
A112: 18 | B112: 1 | C112: 246 | E112: 24,1 | F112: 301-6603 | G112: Затвор дисковый поворотный межфланцевый чугунный, диаметром 150 мм | H112: шт. | I112: =I111*J112 -> 6 | J112: 0.75 | O112: =ROUND(CP112,2) -> 6583.8 | P112: =ROUND(CQ112*I112,2) -> 6583.8 | Q112: =ROUND(CR112*I112,2) -> 0 | R112: =ROUND(CS112*I112,2) -> 0 | S112: =ROUND(CT112*I112,2) -> 0 | T112: =ROUND(CU112*I112,2) -> 0 | U112: =CV112*I112 -> 0 | V112: =CW112*I112 -> 0 | W112: =ROUND(CX112*I112,2) -> 22.5 | X112: =ROUND(CY112,2) -> 0 | Y112: =ROUND(CZ112,2) -> 0 | AA112: 22723180 | AB112: =ROUND((AC112+AD112+AF112),6) -> 1097.3 | AC112: =ROUND((ES112),6) -> 1097.3 | AD112: =ROUND((((ET112)-(EU112))+AE112),6) -> 0 | AE112: =ROUND((EU112),6) -> 0 | AF112: =ROUND((EV112),6) -> 0 | AG112: =ROUND((AP112),6) -> 0 | AH112: =(EW112) -> 0 | AI112: =(EX112) -> 0 | AJ112: =ROUND((AS112),6) -> 3.75 | AK112: 1097.3 | AL112: 1097.3 | AM112: 0 | AN112: 0 | AO112: 0 | AP112: 0 | AQ112: 0 | AR112: 0 | AS112: 3.75 | AT112: 109 | AU112: 66 | AV112: 1 | AW112: 1 | AZ112: 1 | BA112: 1 | BB112: 1 | BC112: 1 | BH112: 3 | BI112: 1 | BJ112: ФССЦ (2011) 301-6603 пр. №535 от 11 ноября 2011 г. | BM112: 16001 | BN112: 0 | BP112: 0 | BQ112: 2 | BS112: 1 | BT112: 1 | BU112: 1 | BV112: 1 | BW112: 1 | BX112: 1 | BZ112: 128 | CA112: 83 | CF112: 0 | CG112: 0 | CM112: 0 | CO112: 0 | CP112: =(P112+Q112+S112) -> 6583.8 | CQ112: =(AC112)*BC112 -> 1097.3 | CR112: =(AD112)*BB112 -> 0 | CS112: =(AE112)*BS112 -> 0 | CT112: =(AF112)*BA112 -> 0 | CU112: =AG112 -> 0 | CV112: =AH112 -> 0 | CW112: =AI112 -> 0 | CX112: =AJ112 -> 3.75 | CY112: =(((S112+R112)*AT112)/100) -> 0 | CZ112: =(((S112+R112)*AU112)/100) -> 0 | DN112: 0 | DO112: 0 | DP112: 1 | DQ112: 1 | DU112: 1010 | DV112: шт. | DW112: шт. | DX112: 1 | EE112: 20678683 | EF112: 2 | EG112: Общестроительные работы | EH112: 0 | EJ112: 1 | EK112: 16001 | EL112: Трубопроводы внутренние | EM112: ФЕР-16 | EQ112: 0 | ER112: 1097.3 | ES112: 1097.3 | ET112: 0 | EU112: 0 | EV112: 0 | EW112: 0 | EX112: 0 | EZ112: 0 | FQ112: 0 | FR112: =ROUND(IF(AND(BH112=3,BI112=3),P112,0),2) -> 0 | FS112: 0 | FV112: *0,85 | FW112: *0,8 | FX112: 128 | FY112: 83 | GG112: 2 | GH112: 1 | GI112: -2 | GJ112: 0 | GK112: =ROUND(R112*(R12)/100,2) -> 0 | GL112: =ROUND(IF(AND(BH112=3,BI112=3,FS112<>0),P112,0),2) -> 0 | GM112: =O112+X112+Y112 -> 6583.8 | GN112: =ROUND(IF(OR(BI112=0,BI112=1),O112+X112+Y112,0),2) -> 6583.8 | GO112: =ROUND(IF(BI112=2,O112+X112+Y112,0),2) -> 0 | GP112: =ROUND(IF(BI112=4,O112+X112+Y112,0),2) -> 0 | GR112: 0
A113: 18 | B113: 1 | C113: 248 | E113: 24,2 | F113: 301-7381 | G113: Клапан обратный межфланцевый двухстворчатый CV-16 диаметром 150 мм | H113: шт. | I113: =I111*J113 -> 1 | J113: 0.125 | O113: =ROUND(CP113,2) -> 1229.26 | P113: =ROUND(CQ113*I113,2) -> 1229.26 | Q113: =ROUND(CR113*I113,2) -> 0 | R113: =ROUND(CS113*I113,2) -> 0 | S113: =ROUND(CT113*I113,2) -> 0 | T113: =ROUND(CU113*I113,2) -> 0 | U113: =CV113*I113 -> 0 | V113: =CW113*I113 -> 0 | W113: =ROUND(CX113*I113,2) -> 0.48 | X113: =ROUND(CY113,2) -> 0 | Y113: =ROUND(CZ113,2) -> 0 | AA113: 22723180 | AB113: =ROUND((AC113+AD113+AF113),6) -> 1229.26 | AC113: =ROUND((ES113),6) -> 1229.26 | AD113: =ROUND((((ET113)-(EU113))+AE113),6) -> 0 | AE113: =ROUND((EU113),6) -> 0 | AF113: =ROUND((EV113),6) -> 0 | AG113: =ROUND((AP113),6) -> 0 | AH113: =(EW113) -> 0 | AI113: =(EX113) -> 0 | AJ113: =ROUND((AS113),6) -> 0.48 | AK113: 1229.26 | AL113: 1229.26 | AM113: 0 | AN113: 0 | AO113: 0 | AP113: 0 | AQ113: 0 | AR113: 0 | AS113: 0.48 | AT113: 109 | AU113: 66 | AV113: 1 | AW113: 1 | AZ113: 1 | BA113: 1 | BB113: 1 | BC113: 1 | BH113: 3 | BI113: 1 | BJ113: ФССЦ (2012) 301-7381, пр. №260 от 29 июня 2012 г. | BM113: 16001 | BN113: 0 | BP113: 0 | BQ113: 2 | BS113: 1 | BT113: 1 | BU113: 1 | BV113: 1 | BW113: 1 | BX113: 1 | BZ113: 128 | CA113: 83 | CF113: 0 | CG113: 0 | CM113: 0 | CO113: 0 | CP113: =(P113+Q113+S113) -> 1229.26 | CQ113: =(AC113)*BC113 -> 1229.26 | CR113: =(AD113)*BB113 -> 0 | CS113: =(AE113)*BS113 -> 0 | CT113: =(AF113)*BA113 -> 0 | CU113: =AG113 -> 0 | CV113: =AH113 -> 0 | CW113: =AI113 -> 0 | CX113: =AJ113 -> 0.48 | CY113: =(((S113+R113)*AT113)/100) -> 0 | CZ113: =(((S113+R113)*AU113)/100) -> 0 | DN113: 0 | DO113: 0 | DP113: 1 | DQ113: 1 | DU113: 1010 | DV113: шт. | DW113: шт. | DX113: 1 | EE113: 20678683 | EF113: 2 | EG113: Общестроительные работы | EH113: 0 | EJ113: 1 | EK113: 16001 | EL113: Трубопроводы внутренние | EM113: ФЕР-16 | EQ113: 0 | ER113: 1229.26 | ES113: 1229.26 | ET113: 0 | EU113: 0 | EV113: 0 | EW113: 0 | EX113: 0 | EZ113: 0 | FQ113: 0 | FR113: =ROUND(IF(AND(BH113=3,BI113=3),P113,0),2) -> 0 | FS113: 0 | FV113: *0,85 | FW113: *0,8 | FX113: 128 | FY113: 83 | GG113: 2 | GH113: 1 | GI113: -2 | GJ113: 0 | GK113: =ROUND(R113*(R12)/100,2) -> 0 | GL113: =ROUND(IF(AND(BH113=3,BI113=3,FS113<>0),P113,0),2) -> 0 | GM113: =O113+X113+Y113 -> 1229.26 | GN113: =ROUND(IF(OR(BI113=0,BI113=1),O113+X113+Y113,0),2) -> 1229.26 | GO113: =ROUND(IF(BI113=2,O113+X113+Y113,0),2) -> 0 | GP113: =ROUND(IF(BI113=4,O113+X113+Y113,0),2) -> 0 | GR113: 0
A114: 18 | B114: 1 | C114: 247 | E114: 24,3 | F114: 301-6954 | G114: Фильтры фланцевые V821М чугунные сетчатые, с магнитной вставкой и сливной пробкой, с фланцевым присоединением, давлением 1,6 МПа (16 кгс/см2), диаметром 150 мм | H114: шт. | I114: =I111*J114 -> 1 | J114: 0.125 | O114: =ROUND(CP114,2) -> 5142.29 | P114: =ROUND(CQ114*I114,2) -> 5142.29 | Q114: =ROUND(CR114*I114,2) -> 0 | R114: =ROUND(CS114*I114,2) -> 0 | S114: =ROUND(CT114*I114,2) -> 0 | T114: =ROUND(CU114*I114,2) -> 0 | U114: =CV114*I114 -> 0 | V114: =CW114*I114 -> 0 | W114: =ROUND(CX114*I114,2) -> 18.08 | X114: =ROUND(CY114,2) -> 0 | Y114: =ROUND(CZ114,2) -> 0 | AA114: 22723180 | AB114: =ROUND((AC114+AD114+AF114),6) -> 5142.29 | AC114: =ROUND((ES114),6) -> 5142.29 | AD114: =ROUND((((ET114)-(EU114))+AE114),6) -> 0 | AE114: =ROUND((EU114),6) -> 0 | AF114: =ROUND((EV114),6) -> 0 | AG114: =ROUND((AP114),6) -> 0 | AH114: =(EW114) -> 0 | AI114: =(EX114) -> 0 | AJ114: =ROUND((AS114),6) -> 18.08 | AK114: 5142.29 | AL114: 5142.29 | AM114: 0 | AN114: 0 | AO114: 0 | AP114: 0 | AQ114: 0 | AR114: 0 | AS114: 18.08 | AT114: 128 | AU114: 83 | AV114: 1 | AW114: 1 | AZ114: 1 | BA114: 1 | BB114: 1 | BC114: 1 | BH114: 3 | BI114: 1 | BJ114: ФССЦ (2011) 301-6954, пр. №629 от 29 декабря 2011 г. | BM114: 500001 | BN114: 0 | BP114: 0 | BQ114: 8 | BS114: 1 | BT114: 1 | BU114: 1 | BV114: 1 | BW114: 1 | BX114: 1 | BZ114: 128 | CA114: 83 | CF114: 0 | CG114: 0 | CM114: 0 | CO114: 0 | CP114: =(P114+Q114+S114) -> 5142.29 | CQ114: =(AC114)*BC114 -> 5142.29 | CR114: =(AD114)*BB114 -> 0 | CS114: =(AE114)*BS114 -> 0 | CT114: =(AF114)*BA114 -> 0 | CU114: =AG114 -> 0 | CV114: =AH114 -> 0 | CW114: =AI114 -> 0 | CX114: =AJ114 -> 18.08 | CY114: =(((S114+R114)*AT114)/100) -> 0 | CZ114: =(((S114+R114)*AU114)/100) -> 0 | DN114: 0 | DO114: 0 | DP114: 1 | DQ114: 1 | DU114: 1010 | DV114: шт. | DW114: шт. | DX114: 1 | EE114: 20678589 | EF114: 8 | EG114: Материалы строительные | EH114: 0 | EJ114: 1 | EK114: 500001 | EL114: Материалы и конструкции ( строительные ) по ценникам и каталогом | EM114: ФССЦст | EQ114: 0 | ER114: 5142.29 | ES114: 5142.29 | ET114: 0 | EU114: 0 | EV114: 0 | EW114: 0 | EX114: 0 | EZ114: 0 | FQ114: 0 | FR114: =ROUND(IF(AND(BH114=3,BI114=3),P114,0),2) -> 0 | FS114: 0 | FX114: 128 | FY114: 83 | GG114: 2 | GH114: 1 | GI114: -2 | GJ114: 0 | GK114: =ROUND(R114*(R12)/100,2) -> 0 | GL114: =ROUND(IF(AND(BH114=3,BI114=3,FS114<>0),P114,0),2) -> 0 | GM114: =O114+X114+Y114 -> 5142.29 | GN114: =ROUND(IF(OR(BI114=0,BI114=1),O114+X114+Y114,0),2) -> 5142.29 | GO114: =ROUND(IF(BI114=2,O114+X114+Y114,0),2) -> 0 | GP114: =ROUND(IF(BI114=4,O114+X114+Y114,0),2) -> 0 | GR114: 0
A115: 18 | B115: 1 | C115: 245 | E115: 24,4 | F115: 301-3028 | G115: Компенсатор резиновый антивибрационный диаметром 150 мм | H115: шт. | I115: =I111*J115 -> 4 | J115: 0.5 | O115: =ROUND(CP115,2) -> 4130.8 | P115: =ROUND(CQ115*I115,2) -> 4130.8 | Q115: =ROUND(CR115*I115,2) -> 0 | R115: =ROUND(CS115*I115,2) -> 0 | S115: =ROUND(CT115*I115,2) -> 0 | T115: =ROUND(CU115*I115,2) -> 0 | U115: =CV115*I115 -> 0 | V115: =CW115*I115 -> 0 | W115: =ROUND(CX115*I115,2) -> 8.08 | X115: =ROUND(CY115,2) -> 0 | Y115: =ROUND(CZ115,2) -> 0 | AA115: 22723180 | AB115: =ROUND((AC115+AD115+AF115),6) -> 1032.7 | AC115: =ROUND((ES115),6) -> 1032.7 | AD115: =ROUND((((ET115)-(EU115))+AE115),6) -> 0 | AE115: =ROUND((EU115),6) -> 0 | AF115: =ROUND((EV115),6) -> 0 | AG115: =ROUND((AP115),6) -> 0 | AH115: =(EW115) -> 0 | AI115: =(EX115) -> 0 | AJ115: =ROUND((AS115),6) -> 2.02 | AK115: 1032.7 | AL115: 1032.7 | AM115: 0 | AN115: 0 | AO115: 0 | AP115: 0 | AQ115: 0 | AR115: 0 | AS115: 2.02 | AT115: 109 | AU115: 66 | AV115: 1 | AW115: 1 | AZ115: 1 | BA115: 1 | BB115: 1 | BC115: 1 | BH115: 3 | BI115: 1 | BJ115: ФССЦ (2010) ч.3, раздел01, поз.3028 | BM115: 16001 | BN115: 0 | BP115: 0 | BQ115: 2 | BS115: 1 | BT115: 1 | BU115: 1 | BV115: 1 | BW115: 1 | BX115: 1 | BZ115: 128 | CA115: 83 | CF115: 0 | CG115: 0 | CM115: 0 | CO115: 0 | CP115: =(P115+Q115+S115) -> 4130.8 | CQ115: =(AC115)*BC115 -> 1032.7 | CR115: =(AD115)*BB115 -> 0 | CS115: =(AE115)*BS115 -> 0 | CT115: =(AF115)*BA115 -> 0 | CU115: =AG115 -> 0 | CV115: =AH115 -> 0 | CW115: =AI115 -> 0 | CX115: =AJ115 -> 2.02 | CY115: =(((S115+R115)*AT115)/100) -> 0 | CZ115: =(((S115+R115)*AU115)/100) -> 0 | DN115: 0 | DO115: 0 | DP115: 1 | DQ115: 1 | DU115: 1010 | DV115: шт. | DW115: шт. | DX115: 1 | EE115: 20678683 | EF115: 2 | EG115: Общестроительные работы | EH115: 0 | EJ115: 1 | EK115: 16001 | EL115: Трубопроводы внутренние | EM115: ФЕР-16 | EQ115: 0 | ER115: 1032.7 | ES115: 1032.7 | ET115: 0 | EU115: 0 | EV115: 0 | EW115: 0 | EX115: 0 | EZ115: 0 | FQ115: 0 | FR115: =ROUND(IF(AND(BH115=3,BI115=3),P115,0),2) -> 0 | FS115: 0 | FV115: *0,85 | FW115: *0,8 | FX115: 128 | FY115: 83 | GG115: 2 | GH115: 1 | GI115: -2 | GJ115: 0 | GK115: =ROUND(R115*(R12)/100,2) -> 0 | GL115: =ROUND(IF(AND(BH115=3,BI115=3,FS115<>0),P115,0),2) -> 0 | GM115: =O115+X115+Y115 -> 4130.8 | GN115: =ROUND(IF(OR(BI115=0,BI115=1),O115+X115+Y115,0),2) -> 4130.8 | GO115: =ROUND(IF(BI115=2,O115+X115+Y115,0),2) -> 0 | GP115: =ROUND(IF(BI115=4,O115+X115+Y115,0),2) -> 0 | GR115: 0
A116: 17 | B116: 1 | C116: =ROW(SmtRes!A264) -> 264 | D116: =ROW(EtalonRes!A241) -> 241 | E116: 25 | F116: 22-02-008-6 | G116: Нанесение нормальной антикоррозионной изоляции из полимерных липких лент на стальные трубопроводы диаметром 200 мм | H116: 1 км трубопровода | I116: 0.155 | J116: 0 | O116: =ROUND(CP116,2) -> 8671.2 | P116: =ROUND(CQ116*I116,2) -> 4634.78 | Q116: =ROUND(CR116*I116,2) -> 3960.16 | R116: =ROUND(CS116*I116,2) -> 297.85 | S116: =ROUND(CT116*I116,2) -> 76.26 | T116: =ROUND(CU116*I116,2) -> 0 | U116: =CV116*I116 -> 7.58105 | V116: =CW116*I116 -> 21.1544 | W116: =ROUND(CX116*I116,2) -> 0 | X116: =ROUND(CY116,2) -> 415.26 | Y116: =ROUND(CZ116,2) -> 265.62 | AA116: 22723180 | AB116: =ROUND((AC116+AD116+AF116),6) -> 55943.3 | AC116: =ROUND((ES116),6) -> 29901.83 | AD116: =ROUND((((ET116)-(EU116))+AE116),6) -> 25549.44 | AE116: =ROUND((EU116),6) -> 1921.64 | AF116: =ROUND((EV116),6) -> 492.03 | AG116: =ROUND((AP116),6) -> 0 | AH116: =(EW116) -> 48.91 | AI116: =(EX116) -> 136.48 | AJ116: =ROUND((AS116),6) -> 0 | AK116: 55943.3 | AL116: 29901.83 | AM116: 25549.44 | AN116: 1921.64 | AO116: 492.03 | AP116: 0 | AQ116: 48.91 | AR116: 136.48 | AS116: 0 | AT116: 111 | AU116: 71 | AV116: 1 | AW116: 1 | AZ116: 1 | BA116: 1 | BB116: 1 | BC116: 1 | BH116: 0 | BI116: 1 | BJ116: ФЕР22-02-008-6 пр.№ 253 от 17 ноября 2008 г | BM116: 22001 | BN116: 0 | BP116: 0 | BQ116: 2 | BS116: 1 | BT116: 1 | BU116: 1 | BV116: 1 | BW116: 1 | BX116: 1 | BZ116: 130 | CA116: 89 | CF116: 0 | CG116: 0 | CM116: 0 | CO116: 0 | CP116: =(P116+Q116+S116) -> 8671.2 | CQ116: =(AC116)*BC116 -> 29901.83 | CR116: =(AD116)*BB116 -> 25549.44 | CS116: =(AE116)*BS116 -> 1921.64 | CT116: =(AF116)*BA116 -> 492.03 | CU116: =AG116 -> 0 | CV116: =AH116 -> 48.91 | CW116: =AI116 -> 136.48 | CX116: =AJ116 -> 0 | CY116: =(((S116+R116)*AT116)/100) -> 415.2621 | CZ116: =(((S116+R116)*AU116)/100) -> 265.6181 | DN116: 0 | DO116: 0 | DP116: 1 | DQ116: 1 | DU116: 1013 | DV116: 1 км трубопровода | DW116: 1 км трубопровода | DX116: 1 | EE116: 20678689 | EF116: 2 | EG116: Общестроительные работы | EH116: 0 | EJ116: 1 | EK116: 22001 | EL116: Водопровод - наружные сети | EM116: ФЕР-22 | EQ116: 0 | ER116: 55943.3 | ES116: 29901.83 | ET116: 25549.44 | EU116: 1921.64 | EV116: 492.03 | EW116: 48.91 | EX116: 136.48 | EY116: 0 | EZ116: 0 | FQ116: 0 | FR116: =ROUND(IF(AND(BH116=3,BI116=3),P116,0),2) -> 0 | FS116: 0 | FV116: *0,85 | FW116: *0,8 | FX116: 130 | FY116: 89 | GG116: 2 | GH116: 1 | GI116: -2 | GJ116: 0 | GK116: =ROUND(R116*(R12)/100,2) -> 0 | GL116: =ROUND(IF(AND(BH116=3,BI116=3,FS116<>0),P116,0),2) -> 0 | GM116: =O116+X116+Y116 -> 9352.08 | GN116: =ROUND(IF(OR(BI116=0,BI116=1),O116+X116+Y116,0),2) -> 9352.08 | GO116: =ROUND(IF(BI116=2,O116+X116+Y116,0),2) -> 0 | GP116: =ROUND(IF(BI116=4,O116+X116+Y116,0),2) -> 0 | GR116: 0
A117: 18 | B117: 1 | C117: 262 | E117: 25,1 | F117: 101-2737 | G117: Материал рулонный гидроизоляционный | H117: м2 | I117: =I116*J117 -> 134.85 | J117: 870 | O117: =ROUND(CP117,2) -> 14108.01 | P117: =ROUND(CQ117*I117,2) -> 14108.01 | Q117: =ROUND(CR117*I117,2) -> 0 | R117: =ROUND(CS117*I117,2) -> 0 | S117: =ROUND(CT117*I117,2) -> 0 | T117: =ROUND(CU117*I117,2) -> 0 | U117: =CV117*I117 -> 0 | V117: =CW117*I117 -> 0 | W117: =ROUND(CX117*I117,2) -> 90.35 | X117: =ROUND(CY117,2) -> 0 | Y117: =ROUND(CZ117,2) -> 0 | AA117: 22723180 | AB117: =ROUND((AC117+AD117+AF117),6) -> 104.62 | AC117: =ROUND((ES117),6) -> 104.62 | AD117: =ROUND((((ET117)-(EU117))+AE117),6) -> 0 | AE117: =ROUND((EU117),6) -> 0 | AF117: =ROUND((EV117),6) -> 0 | AG117: =ROUND((AP117),6) -> 0 | AH117: =(EW117) -> 0 | AI117: =(EX117) -> 0 | AJ117: =ROUND((AS117),6) -> 0.67 | AK117: 104.62 | AL117: 104.62 | AM117: 0 | AN117: 0 | AO117: 0 | AP117: 0 | AQ117: 0 | AR117: 0 | AS117: 0.67 | AT117: 111 | AU117: 71 | AV117: 1 | AW117: 1 | AZ117: 1 | BA117: 1 | BB117: 1 | BC117: 1 | BH117: 3 | BI117: 1 | BJ117: ФССЦ (2010) ч.1, раздел01, поз.2737 | BM117: 22001 | BN117: 0 | BP117: 0 | BQ117: 2 | BS117: 1 | BT117: 1 | BU117: 1 | BV117: 1 | BW117: 1 | BX117: 1 | BZ117: 130 | CA117: 89 | CF117: 0 | CG117: 0 | CM117: 0 | CO117: 0 | CP117: =(P117+Q117+S117) -> 14108.01 | CQ117: =(AC117)*BC117 -> 104.62 | CR117: =(AD117)*BB117 -> 0 | CS117: =(AE117)*BS117 -> 0 | CT117: =(AF117)*BA117 -> 0 | CU117: =AG117 -> 0 | CV117: =AH117 -> 0 | CW117: =AI117 -> 0 | CX117: =AJ117 -> 0.67 | CY117: =(((S117+R117)*AT117)/100) -> 0 | CZ117: =(((S117+R117)*AU117)/100) -> 0 | DN117: 0 | DO117: 0 | DP117: 1 | DQ117: 1 | DU117: 1005 | DV117: м2 | DW117: м2 | DX117: 1 | EE117: 20678689 | EF117: 2 | EG117: Общестроительные работы | EH117: 0 | EJ117: 1 | EK117: 22001 | EL117: Водопровод - наружные сети | EM117: ФЕР-22 | EQ117: 0 | ER117: 104.62 | ES117: 104.62 | ET117: 0 | EU117: 0 | EV117: 0 | EW117: 0 | EX117: 0 | EZ117: 0 | FQ117: 0 | FR117: =ROUND(IF(AND(BH117=3,BI117=3),P117,0),2) -> 0 | FS117: 0 | FV117: *0,85 | FW117: *0,8 | FX117: 130 | FY117: 89 | GG117: 2 | GH117: 1 | GI117: -2 | GJ117: 0 | GK117: =ROUND(R117*(R12)/100,2) -> 0 | GL117: =ROUND(IF(AND(BH117=3,BI117=3,FS117<>0),P117,0),2) -> 0 | GM117: =O117+X117+Y117 -> 14108.01 | GN117: =ROUND(IF(OR(BI117=0,BI117=1),O117+X117+Y117,0),2) -> 14108.01 | GO117: =ROUND(IF(BI117=2,O117+X117+Y117,0),2) -> 0 | GP117: =ROUND(IF(BI117=4,O117+X117+Y117,0),2) -> 0 | GR117: 0
A118: 17 | B118: 1 | C118: =ROW(SmtRes!A278) -> 278 | D118: =ROW(EtalonRes!A255) -> 255 | E118: 26 | F118: 22-02-008-5 | G118: Нанесение нормальной антикоррозионной изоляции из полимерных липких лент на стальные трубопроводы диаметром 150 мм | H118: 1 км трубопровода | I118: 0.13 | J118: 0 | O118: =ROUND(CP118,2) -> 4989.15 | P118: =ROUND(CQ118*I118,2) -> 2823.67 | Q118: =ROUND(CR118*I118,2) -> 2109.27 | R118: =ROUND(CS118*I118,2) -> 161.71 | S118: =ROUND(CT118*I118,2) -> 56.21 | T118: =ROUND(CU118*I118,2) -> 0 | U118: =CV118*I118 -> 5.5874 | V118: =CW118*I118 -> 11.4608 | W118: =ROUND(CX118*I118,2) -> 0 | X118: =ROUND(CY118,2) -> 241.89 | Y118: =ROUND(CZ118,2) -> 154.72 | AA118: 22723180 | AB118: =ROUND((AC118+AD118+AF118),6) -> 38378.06 | AC118: =ROUND((ES118),6) -> 21720.51 | AD118: =ROUND((((ET118)-(EU118))+AE118),6) -> 16225.17 | AE118: =ROUND((EU118),6) -> 1243.94 | AF118: =ROUND((EV118),6) -> 432.38 | AG118: =ROUND((AP118),6) -> 0 | AH118: =(EW118) -> 42.98 | AI118: =(EX118) -> 88.16 | AJ118: =ROUND((AS118),6) -> 0 | AK118: 38378.06 | AL118: 21720.51 | AM118: 16225.17 | AN118: 1243.94 | AO118: 432.38 | AP118: 0 | AQ118: 42.98 | AR118: 88.16 | AS118: 0 | AT118: 111 | AU118: 71 | AV118: 1 | AW118: 1 | AZ118: 1 | BA118: 1 | BB118: 1 | BC118: 1 | BH118: 0 | BI118: 1 | BJ118: ФЕР22-02-008-5 пр.№ 253 от 17 ноября 2008 г | BM118: 22001 | BN118: 0 | BP118: 0 | BQ118: 2 | BS118: 1 | BT118: 1 | BU118: 1 | BV118: 1 | BW118: 1 | BX118: 1 | BZ118: 130 | CA118: 89 | CF118: 0 | CG118: 0 | CM118: 0 | CO118: 0 | CP118: =(P118+Q118+S118) -> 4989.15 | CQ118: =(AC118)*BC118 -> 21720.51 | CR118: =(AD118)*BB118 -> 16225.17 | CS118: =(AE118)*BS118 -> 1243.94 | CT118: =(AF118)*BA118 -> 432.38 | CU118: =AG118 -> 0 | CV118: =AH118 -> 42.98 | CW118: =AI118 -> 88.16 | CX118: =AJ118 -> 0 | CY118: =(((S118+R118)*AT118)/100) -> 241.8912 | CZ118: =(((S118+R118)*AU118)/100) -> 154.7232 | DN118: 0 | DO118: 0 | DP118: 1 | DQ118: 1 | DU118: 1013 | DV118: 1 км трубопровода | DW118: 1 км трубопровода | DX118: 1 | EE118: 20678689 | EF118: 2 | EG118: Общестроительные работы | EH118: 0 | EJ118: 1 | EK118: 22001 | EL118: Водопровод - наружные сети | EM118: ФЕР-22 | EQ118: 0 | ER118: 38378.06 | ES118: 21720.51 | ET118: 16225.17 | EU118: 1243.94 | EV118: 432.38 | EW118: 42.98 | EX118: 88.16 | EY118: 0 | EZ118: 0 | FQ118: 0 | FR118: =ROUND(IF(AND(BH118=3,BI118=3),P118,0),2) -> 0 | FS118: 0 | FV118: *0,85 | FW118: *0,8 | FX118: 130 | FY118: 89 | GG118: 2 | GH118: 1 | GI118: -2 | GJ118: 0 | GK118: =ROUND(R118*(R12)/100,2) -> 0 | GL118: =ROUND(IF(AND(BH118=3,BI118=3,FS118<>0),P118,0),2) -> 0 | GM118: =O118+X118+Y118 -> 5385.76 | GN118: =ROUND(IF(OR(BI118=0,BI118=1),O118+X118+Y118,0),2) -> 5385.76 | GO118: =ROUND(IF(BI118=2,O118+X118+Y118,0),2) -> 0 | GP118: =ROUND(IF(BI118=4,O118+X118+Y118,0),2) -> 0 | GR118: 0
A119: 18 | B119: 1 | C119: 276 | E119: 26,1 | F119: 101-2737 | G119: Материал рулонный гидроизоляционный | H119: м2 | I119: =I118*J119 -> 80.6 | J119: 620 | O119: =ROUND(CP119,2) -> 8432.37 | P119: =ROUND(CQ119*I119,2) -> 8432.37 | Q119: =ROUND(CR119*I119,2) -> 0 | R119: =ROUND(CS119*I119,2) -> 0 | S119: =ROUND(CT119*I119,2) -> 0 | T119: =ROUND(CU119*I119,2) -> 0 | U119: =CV119*I119 -> 0 | V119: =CW119*I119 -> 0 | W119: =ROUND(CX119*I119,2) -> 54 | X119: =ROUND(CY119,2) -> 0 | Y119: =ROUND(CZ119,2) -> 0 | AA119: 22723180 | AB119: =ROUND((AC119+AD119+AF119),6) -> 104.62 | AC119: =ROUND((ES119),6) -> 104.62 | AD119: =ROUND((((ET119)-(EU119))+AE119),6) -> 0 | AE119: =ROUND((EU119),6) -> 0 | AF119: =ROUND((EV119),6) -> 0 | AG119: =ROUND((AP119),6) -> 0 | AH119: =(EW119) -> 0 | AI119: =(EX119) -> 0 | AJ119: =ROUND((AS119),6) -> 0.67 | AK119: 104.62 | AL119: 104.62 | AM119: 0 | AN119: 0 | AO119: 0 | AP119: 0 | AQ119: 0 | AR119: 0 | AS119: 0.67 | AT119: 111 | AU119: 71 | AV119: 1 | AW119: 1 | AZ119: 1 | BA119: 1 | BB119: 1 | BC119: 1 | BH119: 3 | BI119: 1 | BJ119: ФССЦ (2010) ч.1, раздел01, поз.2737 | BM119: 22001 | BN119: 0 | BP119: 0 | BQ119: 2 | BS119: 1 | BT119: 1 | BU119: 1 | BV119: 1 | BW119: 1 | BX119: 1 | BZ119: 130 | CA119: 89 | CF119: 0 | CG119: 0 | CM119: 0 | CO119: 0 | CP119: =(P119+Q119+S119) -> 8432.37 | CQ119: =(AC119)*BC119 -> 104.62 | CR119: =(AD119)*BB119 -> 0 | CS119: =(AE119)*BS119 -> 0 | CT119: =(AF119)*BA119 -> 0 | CU119: =AG119 -> 0 | CV119: =AH119 -> 0 | CW119: =AI119 -> 0 | CX119: =AJ119 -> 0.67 | CY119: =(((S119+R119)*AT119)/100) -> 0 | CZ119: =(((S119+R119)*AU119)/100) -> 0 | DN119: 0 | DO119: 0 | DP119: 1 | DQ119: 1 | DU119: 1005 | DV119: м2 | DW119: м2 | DX119: 1 | EE119: 20678689 | EF119: 2 | EG119: Общестроительные работы | EH119: 0 | EJ119: 1 | EK119: 22001 | EL119: Водопровод - наружные сети | EM119: ФЕР-22 | EQ119: 0 | ER119: 104.62 | ES119: 104.62 | ET119: 0 | EU119: 0 | EV119: 0 | EW119: 0 | EX119: 0 | EZ119: 0 | FQ119: 0 | FR119: =ROUND(IF(AND(BH119=3,BI119=3),P119,0),2) -> 0 | FS119: 0 | FV119: *0,85 | FW119: *0,8 | FX119: 130 | FY119: 89 | GG119: 2 | GH119: 1 | GI119: -2 | GJ119: 0 | GK119: =ROUND(R119*(R12)/100,2) -> 0 | GL119: =ROUND(IF(AND(BH119=3,BI119=3,FS119<>0),P119,0),2) -> 0 | GM119: =O119+X119+Y119 -> 8432.37 | GN119: =ROUND(IF(OR(BI119=0,BI119=1),O119+X119+Y119,0),2) -> 8432.37 | GO119: =ROUND(IF(BI119=2,O119+X119+Y119,0),2) -> 0 | GP119: =ROUND(IF(BI119=4,O119+X119+Y119,0),2) -> 0 | GR119: 0
